Workbook

Sheet Смета 12 гр. по ФЕР
A1: =Source!B1 -> Smeta.RU (495) 974-1589 | I1: Приложение 1 к форме 6
B4: СМЕТА
B6: =IF(Source!G20<>"Новая локальная смета", Source!G20, "")
B8: =IF(Source!G12<>"Новый объект", Source!G12, "") -> на ремонт помещений учебных аудиторий №3, №8, №11, №12, №13 3-го этажа корпуса "К" НИЯУ МИФИ по адресу: г. Москва, Каширское шоссе, д.31, стр.46 | AD8: =IF(Source!G12<>"Новый объект", Source!G12, "") -> на ремонт помещений учебных аудиторий №3, №8, №11, №12, №13 3-го этажа корпуса "К" НИЯУ МИФИ по адресу: г. Москва, Каширское шоссе, д.31, стр.46
A10: =CONCATENATE("Основание: ", Source!J20) -> Основание:
G13: базовая цена | I13: текущая цена
C14: Сметная стоимость | G14: =SUM(O25:O595)/1000 -> 266.72236 | I14: =(Source!F345/1000) -> 2153.7521 | K14: тыс. руб.
C15: Строительные работы | G15: =SUM(W25:W595)/1000 -> 175.75459 | I15: =(Source!F332)/1000 -> 1179.6632 | K15: тыс. руб.
C16: Монтажные работы | G16: =SUM(X25:X595)/1000 -> 88.19514 | I16: =(Source!F333)/1000 -> 591.78932 | K16: тыс. руб.
C17: Оборудование | G17: =SUM(Y25:Y595)/1000 -> 0 | I17: =(Source!F324)/1000 -> 0 | K17: тыс. руб.
C18: Прочие работы | G18: =SUM(Z25:Z595)/1000 -> 2.77263 | I18: =(Source!F334+Source!F335)/1000 -> 53.76112 | K18: тыс. руб.
C19: Нормативная трудоемкость | G19: =I19 -> 1776.3495 | I19: =(Source!F337+Source!F338) -> 1776.3495 | K19: чел. -ч.
C20: Средства на оплату труда | G20: =SUM(R25:R595)/1000 -> 16.50658 | I20: =(Source!F330+ Source!F329)/1000 -> 127.90888 | K20: тыс. руб.
A22: Составлена в ценах III квартал 2018 года
A23: № п/п | B23: Шифр расценки и коды ресурсов | C23: Наименование работ и затрат | D23: Ед. изм. | E23: Кол-во единиц | F23: Цена на ед. изм. | G23: Попра-вочные коэфф. | H23: Стоимость в ценах 2001г. | I23: Пункт коэфф. пересчета | J23: Коэфф. пересчета | K23: Стоимость в текущих ценах | L23: ЗТР всего чел.-час
A24: 1 | B24: 2 | C24: 3 | D24: 4 | E24: 5 | F24: 6 | G24: 7 | H24: 8 | I24: 9 | J24: 10 | K24: 11 | L24: 12
A26: =CONCATENATE("Раздел: ",IF(Source!G24<>"Новый раздел", Source!G24, "")) -> Раздел: 1 Общестроительные работы
A27: =Source!E28 -> 1 | B27: =Source!F28 -> 57-3-1 | C27: =Source!G28 -> Разборка плинтусов деревянных и из пластмассовых материалов | D27: =Source!H28 -> 100 м | E27: =Source!I28 -> 1.2546 | F27: =Source!AL28+Source!AM28+Source!AO28 -> 29.41 | I27: =Source!BO28 | S27: =ROUND((Source!FX28/100)*((ROUND(Source!AF28*Source!I28, 2)+ROUND(Source!AE28*Source!I28, 2))), 2) -> 29.52 | T27: =Source!X28 -> 198.06 | U27: =ROUND((Source!FY28/100)*((ROUND(Source!AF28*Source!I28, 2)+ROUND(Source!AE28*Source!I28, 2))), 2) -> 25.09 | V27: =Source!Y28 -> 168.35
C28: ="Объем: "&Source!I28&"=125,46/"&"100" -> Объем: 1,2546=125,46/100
C29: Зарплата | F29: =Source!AO28 -> 29.41 | G29: =Source!DG28 | H29: =ROUND(Source!AF28*Source!I28, 2) -> 36.9 | J29: =IF(Source!BA28<> 0, Source!BA28, 1) -> 6.71 | K29: =Source!S28 -> 247.58 | R29: =H29 -> 36.9
C30: НР от ФОТ | D30: % | E30: =Source!BZ28 -> 80 | H30: =SUM(S27:S32) -> 29.52 | J30: =Source!AT28 -> 80 | K30: =SUM(T27:T32) -> 198.06
C31: СП от ФОТ | D31: % | E31: =Source!CA28 -> 68 | H31: =SUM(U27:U32) -> 25.09 | J31: =Source!AU28 -> 68 | K31: =SUM(V27:V32) -> 168.35
C32: Затраты труда | D32: чел-ч | E32: =Source!AQ28 -> 3.77 | G32: =Source!DI28 | L32: =Source!U28 -> 4.729842
G33: =H29+H30+H31 -> 91.51 | J33: =K29+K30+K31 -> 613.99 | L33: =Source!U28 -> 4.729842 | O33: =G33 -> 91.51 | P33: =J33 -> 613.99 | Q33: =L33 -> 4.729842 | W33: =IF(Source!BI28<=1,H29+H30+H31, 0) -> 91.51 | X33: =IF(Source!BI28=2,H29+H30+H31, 0) -> 0 | Y33: =IF(Source!BI28=3,H29+H30+H31, 0) -> 0 | Z33: =IF(Source!BI28=4,H29+H30+H31, 0) -> 0
A34: =Source!E29 -> 2 | B34: =Source!F29 -> 57-2-1 | C34: =Source!G29 -> Разборка покрытий полов из линолеума и релина | D34: =Source!H29 -> 100 м2 | E34: =Source!I29 -> 2.098 | F34: =Source!AL29+Source!AM29+Source!AO29 -> 92.9 | I34: =Source!BO29 | S34: =ROUND((Source!FX29/100)*((ROUND(Source!AF29*Source!I29, 2)+ROUND(Source!AE29*Source!I29, 2))), 2) -> 152.06 | T34: =Source!X29 -> 1020.34 | U34: =ROUND((Source!FY29/100)*((ROUND(Source!AF29*Source!I29, 2)+ROUND(Source!AE29*Source!I29, 2))), 2) -> 129.25 | V34: =Source!Y29 -> 867.29
C35: ="Объем: "&Source!I29&"=209,8/"&"100" -> Объем: 2,098=209,8/100
C36: Зарплата | F36: =Source!AO29 -> 88.84 | G36: =Source!DG29 | H36: =ROUND(Source!AF29*Source!I29, 2) -> 186.39 | J36: =IF(Source!BA29<> 0, Source!BA29, 1) -> 6.71 | K36: =Source!S29 -> 1250.65 | R36: =H36 -> 186.39
C37: Эксплуатация машин | F37: =Source!AM29 -> 4.06 | G37: =Source!DE29 | H37: =ROUND(Source!AD29*Source!I29, 2) -> 8.52 | J37: =IF(Source!BB29<> 0, Source!BB29, 1) -> 6.71 | K37: =Source!Q29 -> 57.15
C38: в т.ч. зарплата машинистов | F38: =Source!AN29 -> 1.76 | G38: =Source!DF29 | H38: =ROUND(Source!AE29*Source!I29, 2) -> 3.69 | J38: =IF(Source!BS29<> 0, Source!BS29, 1) -> 6.71 | K38: =Source!R29 -> 24.78 | R38: =H38 -> 3.69
C39: НР от ФОТ | D39: % | E39: =Source!BZ29 -> 80 | H39: =SUM(S34:S41) -> 152.06 | J39: =Source!AT29 -> 80 | K39: =SUM(T34:T41) -> 1020.34
C40: СП от ФОТ | D40: % | E40: =Source!CA29 -> 68 | H40: =SUM(U34:U41) -> 129.25 | J40: =Source!AU29 -> 68 | K40: =SUM(V34:V41) -> 867.29
C41: Затраты труда | D41: чел-ч | E41: =Source!AQ29 -> 11.39 | G41: =Source!DI29 | L41: =Source!U29 -> 23.89622
G42: =H36+H37+H39+H40 -> 476.22 | J42: =K36+K37+K39+K40 -> 3195.43 | L42: =Source!U29 -> 23.89622 | O42: =G42 -> 476.22 | P42: =J42 -> 3195.43 | Q42: =L42 -> 23.89622 | W42: =IF(Source!BI29<=1,H36+H37+H39+H40, 0) -> 476.22 | X42: =IF(Source!BI29=2,H36+H37+H39+H40, 0) -> 0 | Y42: =IF(Source!BI29=3,H36+H37+H39+H40, 0) -> 0 | Z42: =IF(Source!BI29=4,H36+H37+H39+H40, 0) -> 0
A43: =Source!E30 -> 3 | B43: =Source!F30 -> 57-1-3 прим. | C43: =Source!G30 -> Разборка оснований покрытия полов простильных полов (фальшпол деревянный) | D43: =Source!H30 -> 100 м2 | E43: =Source!I30 -> 0.5 | F43: =Source!AL30+Source!AM30+Source!AO30 -> 136.03 | I43: =Source!BO30 | S43: =ROUND((Source!FX30/100)*((ROUND(Source!AF30*Source!I30, 2)+ROUND(Source!AE30*Source!I30, 2))), 2) -> 54.42 | T43: =Source!X30 -> 365.1 | U43: =ROUND((Source!FY30/100)*((ROUND(Source!AF30*Source!I30, 2)+ROUND(Source!AE30*Source!I30, 2))), 2) -> 46.25 | V43: =Source!Y30 -> 310.34
C44: ="Объем: "&Source!I30&"=50/"&"100" -> Объем: 0,5=50/100
C45: Зарплата | F45: =Source!AO30 -> 136.03 | G45: =Source!DG30 | H45: =ROUND(Source!AF30*Source!I30, 2) -> 68.02 | J45: =IF(Source!BA30<> 0, Source!BA30, 1) -> 6.71 | K45: =Source!S30 -> 456.38 | R45: =H45 -> 68.02
C46: НР от ФОТ | D46: % | E46: =Source!BZ30 -> 80 | H46: =SUM(S43:S48) -> 54.42 | J46: =Source!AT30 -> 80 | K46: =SUM(T43:T48) -> 365.1
C47: СП от ФОТ | D47: % | E47: =Source!CA30 -> 68 | H47: =SUM(U43:U48) -> 46.25 | J47: =Source!AU30 -> 68 | K47: =SUM(V43:V48) -> 310.34
C48: Затраты труда | D48: чел-ч | E48: =Source!AQ30 -> 17.44 | G48: =Source!DI30 | L48: =Source!U30 -> 8.72
G49: =H45+H46+H47 -> 168.69 | J49: =K45+K46+K47 -> 1131.82 | L49: =Source!U30 -> 8.72 | O49: =G49 -> 168.69 | P49: =J49 -> 1131.82 | Q49: =L49 -> 8.72 | W49: =IF(Source!BI30<=1,H45+H46+H47, 0) -> 168.69 | X49: =IF(Source!BI30=2,H45+H46+H47, 0) -> 0 | Y49: =IF(Source!BI30=3,H45+H46+H47, 0) -> 0 | Z49: =IF(Source!BI30=4,H45+H46+H47, 0) -> 0
A50: =Source!E31 -> 4 | B50: =Source!F31 -> 65-33-1 | C50: =Source!G31 -> Смена жалюзийных решеток | D50: =Source!H31 -> 100 ШТ | E50: =Source!I31 -> 0.09 | F50: =Source!AL31+Source!AM31+Source!AO31 -> 430.86 | I50: =Source!BO31 | S50: =ROUND((Source!FX31/100)*((ROUND(Source!AF31*Source!I31, 2)+ROUND(Source!AE31*Source!I31, 2))), 2) -> 36.53 | T50: =Source!X31 -> 245.16 | U50: =ROUND((Source!FY31/100)*((ROUND(Source!AF31*Source!I31, 2)+ROUND(Source!AE31*Source!I31, 2))), 2) -> 21.28 | V50: =Source!Y31 -> 142.81
C51: ="Объем: "&Source!I31&"=9/"&"100" -> Объем: 0,09=9/100
C52: Зарплата | F52: =Source!AO31 -> 394 | G52: =Source!DG31 | H52: =ROUND(Source!AF31*Source!I31, 2) -> 35.46 | J52: =IF(Source!BA31<> 0, Source!BA31, 1) -> 6.71 | K52: =Source!S31 -> 237.94 | R52: =H52 -> 35.46
C53: Эксплуатация машин | F53: =Source!AM31 -> 0.31 | G53: =Source!DE31 | H53: =ROUND(Source!AD31*Source!I31, 2) -> 0.03 | J53: =IF(Source!BB31<> 0, Source!BB31, 1) -> 6.71 | K53: =Source!Q31 -> 0.19
C54: в т.ч. зарплата машинистов | F54: =Source!AN31 -> 0.14 | G54: =Source!DF31 | H54: =ROUND(Source!AE31*Source!I31, 2) -> 0.01 | J54: =IF(Source!BS31<> 0, Source!BS31, 1) -> 6.71 | K54: =Source!R31 -> 0.08 | R54: =H54 -> 0.01
C55: Материальные ресурсы | F55: =Source!AL31 -> 36.55 | G55: =Source!DD31 | H55: =ROUND(Source!AC31*Source!I31, 2) -> 3.29 | J55: =IF(Source!BC31<> 0, Source!BC31, 1) -> 6.71 | K55: =Source!P31 -> 22.07
C56: НР от ФОТ | D56: % | E56: =Source!BZ31 -> 103 | H56: =SUM(S50:S59) -> 36.53 | J56: =Source!AT31 -> 103 | K56: =SUM(T50:T59) -> 245.16
C57: СП от ФОТ | D57: % | E57: =Source!CA31 -> 60 | H57: =SUM(U50:U59) -> 21.28 | J57: =Source!AU31 -> 60 | K57: =SUM(V50:V59) -> 142.81
C58: Затраты труда | D58: чел-ч | E58: =Source!AQ31 -> 46.19 | G58: =Source!DI31 | L58: =Source!U31 -> 4.1571
A59: =Source!E32 -> 4,1 | B59: =Source!F32 -> 19.2.03.07-0028 | C59: =Source!G32 -> Решетки пластиковые вентиляционные прим. (согласно тех.заданию) | D59: =Source!H32 -> шт. | E59: =Source!I32 -> 9 | F59: =Source!AL32+Source!AM32+Source!AO32 -> 956.29 | H59: =ROUND(Source!AC32*Source!I32, 2)+ROUND(Source!AD32*Source!I32, 2)+ROUND(Source!AF32*Source!I32, 2) -> 8606.61 | J59: =IF(Source!BC32<> 0, Source!BC32, 1) -> 6.71 | K59: =Source!O32 -> 57750.35 | S59: =ROUND((Source!FX32/100)*((ROUND(Source!AF32*Source!I32, 2)+ROUND(Source!AE32*Source!I32, 2))), 2) -> 0 | T59: =Source!X32 -> 0 | U59: =ROUND((Source!FY32/100)*((ROUND(Source!AF32*Source!I32, 2)+ROUND(Source!AE32*Source!I32, 2))), 2) -> 0 | V59: =Source!Y32 -> 0 | W59: =IF(Source!BI32<=1,H59, 0) -> 8606.61 | X59: =IF(Source!BI32=2,H59, 0) -> 0 | Y59: =IF(Source!BI32=3,H59, 0) -> 0 | Z59: =IF(Source!BI32=4,H59, 0) -> 0
G60: =H52+H53+H55+H56+H57+SUM(H59:H59) -> 8703.2 | J60: =K52+K53+K55+K56+K57+SUM(K59:K59) -> 58398.52 | L60: =Source!U31 -> 4.1571 | O60: =G60 -> 8703.2 | P60: =J60 -> 58398.52 | Q60: =L60 -> 4.1571 | W60: =IF(Source!BI31<=1,H52+H53+H55+H56+H57, 0) -> 96.59 | X60: =IF(Source!BI31=2,H52+H53+H55+H56+H57, 0) -> 0 | Y60: =IF(Source!BI31=3,H52+H53+H55+H56+H57, 0) -> 0 | Z60: =IF(Source!BI31=4,H52+H53+H55+H56+H57, 0) -> 0
A61: =Source!E33 -> 5 | B61: =Source!F33 -> 46-02-009-02 | C61: =Source!G33 -> Отбивка штукатурки с поверхностей стен | D61: =Source!H33 -> 100 м2 | E61: =Source!I33 -> 1.111 | F61: =Source!AL33+Source!AM33+Source!AO33 -> 178 | I61: =Source!BO33 | S61: =ROUND((Source!FX33/100)*((ROUND(Source!AF33*Source!I33, 2)+ROUND(Source!AE33*Source!I33, 2))), 2) -> 195.78 | T61: =Source!X33 -> 1313.69 | U61: =ROUND((Source!FY33/100)*((ROUND(Source!AF33*Source!I33, 2)+ROUND(Source!AE33*Source!I33, 2))), 2) -> 117.67 | V61: =Source!Y33 -> 796.18
C62: ="Объем: "&Source!I33&"=111,1/"&"100" -> Объем: 1,111=111,1/100
C63: Зарплата | F63: =Source!AO33 -> 178 | G63: =Source!DG33 | H63: =ROUND(Source!AF33*Source!I33, 2) -> 197.76 | J63: =IF(Source!BA33<> 0, Source!BA33, 1) -> 6.71 | K63: =Source!S33 -> 1326.96 | R63: =H63 -> 197.76
C64: НР от ФОТ | D64: % | E64: =Source!BZ33 -> 110 | F64: =CONCATENATE(" )", Source!DL33, Source!FT33, "=", Source!FX33) -> )*0,9=99 | H64: =SUM(S61:S66) -> 195.78 | J64: =Source!AT33 -> 99 | K64: =SUM(T61:T66) -> 1313.69
C65: СП от ФОТ | D65: % | E65: =Source!CA33 -> 70 | F65: =CONCATENATE(" )", Source!DM33, Source!FU33, "=", Source!FY33) -> )*0,85=59,5 | H65: =SUM(U61:U66) -> 117.67 | J65: =Source!AU33 -> 60 | K65: =SUM(V61:V66) -> 796.18
C66: Затраты труда | D66: чел-ч | E66: =Source!AQ33 -> 22.82 | G66: =Source!DI33 | L66: =Source!U33 -> 25.35302
G67: =H63+H64+H65 -> 511.21 | J67: =K63+K64+K65 -> 3436.83 | L67: =Source!U33 -> 25.35302 | O67: =G67 -> 511.21 | P67: =J67 -> 3436.83 | Q67: =L67 -> 25.35302 | W67: =IF(Source!BI33<=1,H63+H64+H65, 0) -> 511.21 | X67: =IF(Source!BI33=2,H63+H64+H65, 0) -> 0 | Y67: =IF(Source!BI33=3,H63+H64+H65, 0) -> 0 | Z67: =IF(Source!BI33=4,H63+H64+H65, 0) -> 0
A68: =Source!E34 -> 6 | B68: =Source!F34 -> 57-10-3 | C68: =Source!G34 -> Заделка выбоин в полах цементных площадью до 1,0 м2 | D68: =Source!H34 -> 100 мест | E68: =Source!I34 -> 0.3 | F68: =Source!AL34+Source!AM34+Source!AO34 -> 1106.88 | I68: =Source!BO34 | S68: =ROUND((Source!FX34/100)*((ROUND(Source!AF34*Source!I34, 2)+ROUND(Source!AE34*Source!I34, 2))), 2) -> 254.32 | T68: =Source!X34 -> 1706.51 | U68: =ROUND((Source!FY34/100)*((ROUND(Source!AF34*Source!I34, 2)+ROUND(Source!AE34*Source!I34, 2))), 2) -> 216.17 | V68: =Source!Y34 -> 1450.54
C69: ="Объем: "&Source!I34&"=30/"&"100" -> Объем: 0,3=30/100
C70: Зарплата | F70: =Source!AO34 -> 1059.68 | G70: =Source!DG34 | H70: =ROUND(Source!AF34*Source!I34, 2) -> 317.9 | J70: =IF(Source!BA34<> 0, Source!BA34, 1) -> 6.71 | K70: =Source!S34 -> 2133.14 | R70: =H70 -> 317.9
C71: Эксплуатация машин | F71: =Source!AM34 -> 46.96 | G71: =Source!DE34 | H71: =ROUND(Source!AD34*Source!I34, 2) -> 14.09 | J71: =IF(Source!BB34<> 0, Source!BB34, 1) -> 6.71 | K71: =Source!Q34 -> 94.53
C72: Материальные ресурсы | F72: =Source!AL34 -> 0.24 | G72: =Source!DD34 | H72: =ROUND(Source!AC34*Source!I34, 2) -> 0.07 | J72: =IF(Source!BC34<> 0, Source!BC34, 1) -> 6.71 | K72: =Source!P34 -> 0.48
C73: НР от ФОТ | D73: % | E73: =Source!BZ34 -> 80 | H73: =SUM(S68:S77) -> 254.32 | J73: =Source!AT34 -> 80 | K73: =SUM(T68:T77) -> 1706.51
C74: СП от ФОТ | D74: % | E74: =Source!CA34 -> 68 | H74: =SUM(U68:U77) -> 216.17 | J74: =Source!AU34 -> 68 | K74: =SUM(V68:V77) -> 1450.54
C75: Затраты труда | D75: чел-ч | E75: =Source!AQ34 -> 124.23 | G75: =Source!DI34 | L75: =Source!U34 -> 37.269
A76: =Source!E35 -> 6,1 | B76: =Source!F35 -> 04.3.01.09 | C76: =Source!G35 -> Раствор готовый кладочный тяжелый цементный | D76: =Source!H35 -> м3 | E76: =Source!I35 -> 0.642 | F76: =Source!AL35+Source!AM35+Source!AO35 -> 0 | H76: =ROUND(Source!AC35*Source!I35, 2)+ROUND(Source!AD35*Source!I35, 2)+ROUND(Source!AF35*Source!I35, 2) -> 0 | J76: =IF(Source!BC35<> 0, Source!BC35, 1) -> 6.71 | K76: =Source!O35 -> 0 | S76: =ROUND((Source!FX35/100)*((ROUND(Source!AF35*Source!I35, 2)+ROUND(Source!AE35*Source!I35, 2))), 2) -> 0 | T76: =Source!X35 -> 0 | U76: =ROUND((Source!FY35/100)*((ROUND(Source!AF35*Source!I35, 2)+ROUND(Source!AE35*Source!I35, 2))), 2) -> 0 | V76: =Source!Y35 -> 0 | W76: =IF(Source!BI35<=1,H76, 0) -> 0 | X76: =IF(Source!BI35=2,H76, 0) -> 0 | Y76: =IF(Source!BI35=3,H76, 0) -> 0 | Z76: =IF(Source!BI35=4,H76, 0) -> 0
A77: =Source!E36 -> 6,2 | B77: =Source!F36 -> 04.3.02.13-0103 | C77: =Source!G36 -> Смесь сухая цементно-песчаная "БИРСС 11" (марка М150), бездобавочная | D77: =Source!H36 -> т | E77: =Source!I36 -> 1.392935 | F77: =Source!AL36+Source!AM36+Source!AO36 -> 728.14 | H77: =ROUND(Source!AC36*Source!I36, 2)+ROUND(Source!AD36*Source!I36, 2)+ROUND(Source!AF36*Source!I36, 2) -> 1014.25 | J77: =IF(Source!BC36<> 0, Source!BC36, 1) -> 6.71 | K77: =Source!O36 -> 6805.63 | S77: =ROUND((Source!FX36/100)*((ROUND(Source!AF36*Source!I36, 2)+ROUND(Source!AE36*Source!I36, 2))), 2) -> 0 | T77: =Source!X36 -> 0 | U77: =ROUND((Source!FY36/100)*((ROUND(Source!AF36*Source!I36, 2)+ROUND(Source!AE36*Source!I36, 2))), 2) -> 0 | V77: =Source!Y36 -> 0 | W77: =IF(Source!BI36<=1,H77, 0) -> 1014.25 | X77: =IF(Source!BI36=2,H77, 0) -> 0 | Y77: =IF(Source!BI36=3,H77, 0) -> 0 | Z77: =IF(Source!BI36=4,H77, 0) -> 0
G78: =H70+H71+H72+H73+H74+SUM(H76:H77) -> 1816.8 | J78: =K70+K71+K72+K73+K74+SUM(K76:K77) -> 12190.83 | L78: =Source!U34 -> 37.269 | O78: =G78 -> 1816.8 | P78: =J78 -> 12190.83 | Q78: =L78 -> 37.269 | W78: =IF(Source!BI34<=1,H70+H71+H72+H73+H74, 0) -> 802.55 | X78: =IF(Source!BI34=2,H70+H71+H72+H73+H74, 0) -> 0 | Y78: =IF(Source!BI34=3,H70+H71+H72+H73+H74, 0) -> 0 | Z78: =IF(Source!BI34=4,H70+H71+H72+H73+H74, 0) -> 0
A79: =Source!E37 -> 7 | B79: =Source!F37 -> 11-01-011-08 | C79: =Source!G37 -> Устройство стяжек из выравнивающей смеси типа "Ветонит" 5000, толщиной 5 мм | D79: =Source!H37 -> 100 м2 | E79: =Source!I37 -> 2.098 | F79: =Source!AL37+Source!AM37+Source!AO37 -> 11028.89 | I79: =Source!BO37 | S79: =ROUND((Source!FX37/100)*((ROUND(Source!AF37*Source!I37, 2)+ROUND(Source!AE37*Source!I37, 2))), 2) -> 863.94 | T79: =Source!X37 -> 5812.76 | U79: =ROUND((Source!FY37/100)*((ROUND(Source!AF37*Source!I37, 2)+ROUND(Source!AE37*Source!I37, 2))), 2) -> 497.52 | V79: =Source!Y37 -> 3351.5
C80: ="Объем: "&Source!I37&"=209,8/"&"100" -> Объем: 2,098=209,8/100
C81: Зарплата | F81: =Source!AO37 -> 321.33 | G81: =Source!DG37 -> )*1,15 | H81: =ROUND(Source!AF37*Source!I37, 2) -> 775.27 | J81: =IF(Source!BA37<> 0, Source!BA37, 1) -> 6.71 | K81: =Source!S37 -> 5202.09 | R81: =H81 -> 775.27
C82: Эксплуатация машин | F82: =Source!AM37 -> 6.23 | G82: =Source!DE37 -> )*1,25 | H82: =ROUND(Source!AD37*Source!I37, 2) -> 16.34 | J82: =IF(Source!BB37<> 0, Source!BB37, 1) -> 6.71 | K82: =Source!Q37 -> 109.66
C83: в т.ч. зарплата машинистов | F83: =Source!AN37 -> 1.97 | G83: =Source!DF37 -> )*1,25 | H83: =ROUND(Source!AE37*Source!I37, 2) -> 5.16 | J83: =IF(Source!BS37<> 0, Source!BS37, 1) -> 6.71 | K83: =Source!R37 -> 34.63 | R83: =H83 -> 5.16
C84: Материальные ресурсы | F84: =Source!AL37 -> 10701.33 | G84: =Source!DD37 | H84: =ROUND(Source!AC37*Source!I37, 2) -> 22451.39 | J84: =IF(Source!BC37<> 0, Source!BC37, 1) -> 6.71 | K84: =Source!P37 -> 150648.83
C85: НР от ФОТ | D85: % | E85: =Source!BZ37 -> 123 | F85: =CONCATENATE(" )", Source!DL37, Source!FT37, "=", Source!FX37) -> )*0,9=110,7 | H85: =SUM(S79:S87) -> 863.94 | J85: =Source!AT37 -> 111 | K85: =SUM(T79:T87) -> 5812.76
C86: СП от ФОТ | D86: % | E86: =Source!CA37 -> 75 | F86: =CONCATENATE(" )", Source!DM37, Source!FU37, "=", Source!FY37) -> )*0,85=63,75 | H86: =SUM(U79:U87) -> 497.52 | J86: =Source!AU37 -> 64 | K86: =SUM(V79:V87) -> 3351.5
C87: Затраты труда | D87: чел-ч | E87: =Source!AQ37 -> 37.67 | G87: =Source!DI37 -> )*1,15 | L87: =Source!U37 -> 90.886409
G88: =H81+H82+H84+H85+H86 -> 24604.46 | J88: =K81+K82+K84+K85+K86 -> 165124.84 | L88: =Source!U37 -> 90.886409 | O88: =G88 -> 24604.46 | P88: =J88 -> 165124.84 | Q88: =L88 -> 90.886409 | W88: =IF(Source!BI37<=1,H81+H82+H84+H85+H86, 0) -> 24604.46 | X88: =IF(Source!BI37=2,H81+H82+H84+H85+H86, 0) -> 0 | Y88: =IF(Source!BI37=3,H81+H82+H84+H85+H86, 0) -> 0 | Z88: =IF(Source!BI37=4,H81+H82+H84+H85+H86, 0) -> 0
A89: =Source!E38 -> 8 | B89: =Source!F38 -> 11-01-011-10 | C89: =Source!G38 -> Устройство стяжек на каждый последующий слой толщиной 1 мм добавлять к расценке 11-01-011-08 | D89: =Source!H38 -> 100 м2 | E89: =Source!I38 -> 2.098 | F89: =Source!AL38+Source!AM38+Source!AO38 -> 2070.6 | I89: =Source!BO38 | S89: =ROUND((Source!FX38/100)*((ROUND(Source!AF38*Source!I38, 2)+ROUND(Source!AE38*Source!I38, 2))), 2) -> 280.71 | T89: =Source!X38 -> 1888.73 | U89: =ROUND((Source!FY38/100)*((ROUND(Source!AF38*Source!I38, 2)+ROUND(Source!AE38*Source!I38, 2))), 2) -> 161.66 | V89: =Source!Y38 -> 1089
C90: ="Объем: "&Source!I38&"=209,8/"&"100" -> Объем: 2,098=209,8/100
C91: Зарплата | F91: =Source!AO38 -> 20.64 | G91: =Source!DG38 -> )*1,15*5 | H91: =ROUND(Source!AF38*Source!I38, 2) -> 248.99 | J91: =IF(Source!BA38<> 0, Source!BA38, 1) -> 6.71 | K91: =Source!S38 -> 1670.73 | R91: =H91 -> 248.99
C92: Эксплуатация машин | F92: =Source!AM38 -> 1.21 | G92: =Source!DE38 -> )*1,25*5 | H92: =ROUND(Source!AD38*Source!I38, 2) -> 15.88 | J92: =IF(Source!BB38<> 0, Source!BB38, 1) -> 6.71 | K92: =Source!Q38 -> 106.57
C93: в т.ч. зарплата машинистов | F93: =Source!AN38 -> 0.35 | G93: =Source!DF38 -> )*1,25*5 | H93: =ROUND(Source!AE38*Source!I38, 2) -> 4.59 | J93: =IF(Source!BS38<> 0, Source!BS38, 1) -> 6.71 | K93: =Source!R38 -> 30.83 | R93: =H93 -> 4.59
C94: Материальные ресурсы | F94: =Source!AL38 -> 2048.75 | G94: =Source!DD38 -> *5 | H94: =ROUND(Source!AC38*Source!I38, 2) -> 21491.39 | J94: =IF(Source!BC38<> 0, Source!BC38, 1) -> 6.71 | K94: =Source!P38 -> 144207.21
C95: НР от ФОТ | D95: % | E95: =Source!BZ38 -> 123 | F95: =CONCATENATE(" )", Source!DL38, Source!FT38, "=", Source!FX38) -> )*0,9=110,7 | H95: =SUM(S89:S97) -> 280.71 | J95: =Source!AT38 -> 111 | K95: =SUM(T89:T97) -> 1888.73
C96: СП от ФОТ | D96: % | E96: =Source!CA38 -> 75 | F96: =CONCATENATE(" )", Source!DM38, Source!FU38, "=", Source!FY38) -> )*0,85=63,75 | H96: =SUM(U89:U97) -> 161.66 | J96: =Source!AU38 -> 64 | K96: =SUM(V89:V97) -> 1089
C97: Затраты труда | D97: чел-ч | E97: =Source!AQ38 -> 2.42 | G97: =Source!DI38 -> )*1,15*5 | L97: =Source!U38 -> 29.19367
G98: =H91+H92+H94+H95+H96 -> 22198.63 | J98: =K91+K92+K94+K95+K96 -> 148962.24 | L98: =Source!U38 -> 29.19367 | O98: =G98 -> 22198.63 | P98: =J98 -> 148962.24 | Q98: =L98 -> 29.19367 | W98: =IF(Source!BI38<=1,H91+H92+H94+H95+H96, 0) -> 22198.63 | X98: =IF(Source!BI38=2,H91+H92+H94+H95+H96, 0) -> 0 | Y98: =IF(Source!BI38=3,H91+H92+H94+H95+H96, 0) -> 0 | Z98: =IF(Source!BI38=4,H91+H92+H94+H95+H96, 0) -> 0
A99: =Source!E39 -> 9 | B99: =Source!F39 -> 15-07-003-02 | C99: =Source!G39 -> Грунтование водно-дисперсионной грунтовкой поверхностей пористых (камень, кирпич, бетон и т д) | D99: =Source!H39 -> 100 м2 | E99: =Source!I39 -> 2.098 | F99: =Source!AL39+Source!AM39+Source!AO39 -> 268.3 | I99: =Source!BO39 | S99: =ROUND((Source!FX39/100)*((ROUND(Source!AF39*Source!I39, 2)+ROUND(Source!AE39*Source!I39, 2))), 2) -> 78.67 | T99: =Source!X39 -> 530.67 | U99: =ROUND((Source!FY39/100)*((ROUND(Source!AF39*Source!I39, 2)+ROUND(Source!AE39*Source!I39, 2))), 2) -> 38.92 | V99: =Source!Y39 -> 262.54
C100: ="Объем: "&Source!I39&"=209,8/"&"100" -> Объем: 2,098=209,8/100
C101: Зарплата | F101: =Source!AO39 -> 33.87 | G101: =Source!DG39 -> )*1,15 | H101: =ROUND(Source!AF39*Source!I39, 2) -> 81.72 | J101: =IF(Source!BA39<> 0, Source!BA39, 1) -> 6.71 | K101: =Source!S39 -> 548.32 | R101: =H101 -> 81.72
C102: Эксплуатация машин | F102: =Source!AM39 -> 22.14 | G102: =Source!DE39 -> )*1,25 | H102: =ROUND(Source!AD39*Source!I39, 2) -> 58.07 | J102: =IF(Source!BB39<> 0, Source!BB39, 1) -> 6.71 | K102: =Source!Q39 -> 389.67
C103: в т.ч. зарплата машинистов | F103: =Source!AN39 -> 0.58 | G103: =Source!DF39 -> )*1,25 | H103: =ROUND(Source!AE39*Source!I39, 2) -> 1.53 | J103: =IF(Source!BS39<> 0, Source!BS39, 1) -> 6.71 | K103: =Source!R39 -> 10.28 | R103: =H103 -> 1.53
C104: Материальные ресурсы | F104: =Source!AL39 -> 212.29 | G104: =Source!DD39 | H104: =ROUND(Source!AC39*Source!I39, 2) -> 445.38 | J104: =IF(Source!BC39<> 0, Source!BC39, 1) -> 6.71 | K104: =Source!P39 -> 2988.53
C105: НР от ФОТ | D105: % | E105: =Source!BZ39 -> 105 | F105: =CONCATENATE(" )", Source!DL39, Source!FT39, "=", Source!FX39) -> )*0,9=94,5 | H105: =SUM(S99:S107) -> 78.67 | J105: =Source!AT39 -> 95 | K105: =SUM(T99:T107) -> 530.67
C106: СП от ФОТ | D106: % | E106: =Source!CA39 -> 55 | F106: =CONCATENATE(" )", Source!DM39, Source!FU39, "=", Source!FY39) -> )*0,85=46,75 | H106: =SUM(U99:U107) -> 38.92 | J106: =Source!AU39 -> 47 | K106: =SUM(V99:V107) -> 262.54
C107: Затраты труда | D107: чел-ч | E107: =Source!AQ39 -> 3.69 | G107: =Source!DI39 -> )*1,15 | L107: =Source!U39 -> 8.902863
G108: =H101+H102+H104+H105+H106 -> 702.76 | J108: =K101+K102+K104+K105+K106 -> 4719.73 | L108: =Source!U39 -> 8.902863 | O108: =G108 -> 702.76 | P108: =J108 -> 4719.73 | Q108: =L108 -> 8.902863 | W108: =IF(Source!BI39<=1,H101+H102+H104+H105+H106, 0) -> 702.76 | X108: =IF(Source!BI39=2,H101+H102+H104+H105+H106, 0) -> 0 | Y108: =IF(Source!BI39=3,H101+H102+H104+H105+H106, 0) -> 0 | Z108: =IF(Source!BI39=4,H101+H102+H104+H105+H106, 0) -> 0
A109: =Source!E40 -> 10 | B109: =Source!F40 -> 11-01-036-01 | C109: =Source!G40 -> Устройство покрытий из линолеума на клее | D109: =Source!H40 -> 100 м2 | E109: =Source!I40 -> 2.098 | F109: =Source!AL40+Source!AM40+Source!AO40 -> 397.05 | I109: =Source!BO40 | S109: =ROUND((Source!FX40/100)*((ROUND(Source!AF40*Source!I40, 2)+ROUND(Source!AE40*Source!I40, 2))), 2) -> 842.76 | T109: =Source!X40 -> 5670.25 | U109: =ROUND((Source!FY40/100)*((ROUND(Source!AF40*Source!I40, 2)+ROUND(Source!AE40*Source!I40, 2))), 2) -> 485.33 | V109: =Source!Y40 -> 3269.33
...

Sheet Source
A1: 0 | B1: Smeta.RU (495) 974-1589 | D1: _PS_ | F1: 0 | G1: 0 | H1: 0 | I1: Smeta.RU | J1: НИЯУ МИФИ Доп. раб. место MCCS-0027251 | K1: 0 | L1: 27251 | M1: 10 | N1: 10 | O1: 1 | P1: 0 | Q1: 8
A12: 1 | B12: 405 | C12: 0 | D12: =ROW(A347) -> 347 | E12: 0 | F12: Новый объект_(Копия)_(Копия)_(Копия) | G12: на ремонт помещений учебных аудиторий №3, №8, №11, №12, №13 3-го этажа корпуса "К" НИЯУ МИФИ по адресу: г. Москва, Каширское шоссе, д.31, стр.46 | I12: 0 | K12: 0 | O12: 0 | P12: 0 | Q12: 0 | R12: 0 | V12: 0 | BH12: Сметные нормы списания | BI12: Коды ценников | BJ12: 1 | BK12: 1 | BL12: 0 | BM12: 0 | BN12: 1 | BO12: 0 | BP12: 2 | BQ12: 2 | BR12: 1 | BS12: 1 | BT12: 0 | BU12: 0 | BV12: 0 | BW12: 0 | BX12: 0 | BY12: ФЕР-2017 | BZ12: ТР для Версии 10: Центральные регионы (с учетом п-ма 2536-ИП/12/ГС от 22.03.2017 г | CA12: ФЕР-2017 | CB12: ФЕР-2017 | CC12: ФЕР-2017 | CD12: ФЕР-2017 | CE12: Поправки для ГСН 2017 от 31.03.2017 г | CF12: 0 | CG12: 0 | CH12: 524296 | CK12: 4 | EC12: 0
A15: 15 | B15: 1
A18: 52 | B18: =B347 -> 405 | C18: =C347 -> 1 | D18: =D347 -> 12 | E18: =E347 -> 0 | F18: =F347 -> Новый объект_(Копия)_(Копия)_(Копия) | G18: =G347 -> на ремонт помещений учебных аудиторий №3, №8, №11, №12, №13 3-го этажа корпуса "К" НИЯУ МИФИ по адресу: г. Москва, Каширское шоссе, д.31, стр.46 | O18: =O347 -> 1633479.4 | P18: =P347 -> 1496233.9 | Q18: =Q347 -> 11496.05 | R18: =R347 -> 2159.36 | S18: =S347 -> 125749.52 | T18: =T347 -> 0 | U18: =U347 -> 1749.5782 | V18: =V347 -> 26.771322 | ... GX18: =GX347 -> 0
A20: 3 | B20: 1 | D20: =ROW(A315) -> 315 | F20: Новая локальная смета | G20: Новая локальная смета | I20: 0 | K20: 0 | V20: 0 | BX20: 0 | CF20: 0 | CG20: 0
A22: 52 | B22: =B315 -> 1 | C22: =C315 -> 3 | D22: =D315 -> 20 | E22: =E315 -> 0 | F22: =F315 -> Новая локальная смета | G22: =G315 -> Новая локальная смета | O22: =O315 -> 1633479.4 | P22: =P315 -> 1496233.9 | Q22: =Q315 -> 11496.05 | R22: =R315 -> 2159.36 | S22: =S315 -> 125749.52 | T22: =T315 -> 0 | U22: =U315 -> 1749.5782 | V22: =V315 -> 26.771322 | ... GX22: =GX315 -> 0
A24: 4 | B24: 1 | D24: =ROW(A89) -> 89 | F24: Новый раздел | G24: 1 Общестроительные работы | I24: 0 | K24: 0 | V24: 0 | BX24: 0 | CJ24: 0
A26: 52 | B26: =B89 -> 1 | C26: =C89 -> 4 | D26: =D89 -> 24 | E26: =E89 -> 0 | F26: =F89 -> Новый раздел | G26: =G89 -> 1 Общестроительные работы | O26: =O89 -> 877709.7 | P26: =P89 -> 807203.22 | Q26: =Q89 -> 8227.81 | R26: =R89 -> 1776.73 | S26: =S89 -> 62278.67 | T26: =T89 -> 0 | U26: =U89 -> 1058.9987 | V26: =V89 -> 22.235388 | ... GX26: =GX89 -> 0
A28: 17 | B28: 1 | C28: =ROW(SmtRes!A1) -> 1 | D28: =ROW(EtalonRes!A2) -> 2 | E28: 1 | F28: 57-3-1 | G28: Разборка плинтусов деревянных и из пластмассовых материалов | H28: 100 м | I28: =ROUND(125.46/100,9) -> 1.2546 | J28: 0 | O28: =ROUND(CP28,2) -> 247.58 | P28: =ROUND(CQ28*I28,2) -> 0 | Q28: =ROUND(CR28*I28,2) -> 0 | R28: =ROUND(CS28*I28,2) -> 0 | S28: =ROUND(CT28*I28,2) -> 247.58 | T28: =ROUND(CU28*I28,2) -> 0 | U28: =CV28*I28 -> 4.729842 | V28: =CW28*I28 -> 0 | W28: =ROUND(CX28*I28,2) -> 0 | X28: =ROUND(CY28,2) -> 198.06 | Y28: =ROUND(CZ28,2) -> 168.35 | AA28: 16802145 | AB28: =ROUND((AC28+AD28+AF28),2) -> 29.41 | AC28: =ROUND((ES28),2) -> 0 | AD28: =ROUND((((ET28)-(EU28))+AE28),2) -> 0 | AE28: =ROUND((EU28),2) -> 0 | AF28: =ROUND((EV28),2) -> 29.41 | AG28: =ROUND((AP28),2) -> 0 | AH28: =(EW28) -> 3.77 | AI28: =(EX28) -> 0 | AJ28: =(AS28) -> 0 | AK28: 29.41 | AL28: 0 | AM28: 0 | AN28: 0 | AO28: 29.41 | AP28: 0 | AQ28: 3.77 | AR28: 0 | AS28: 0 | AT28: 80 | AU28: 68 | AV28: 1 | AW28: 1 | AZ28: 6.71 | BA28: 6.71 | BB28: 6.71 | BC28: 6.71 | BH28: 0 | BI28: 1 | BJ28: ФЕРр-2001, 57-3-1, приказ Минстроя России №1039/пр от 30.12.2016г. | BM28: 57001 | BN28: 0 | BP28: 0 | BQ28: 6 | BR28: 0 | BS28: 6.71 | BT28: 1 | BU28: 1 | BV28: 1 | BW28: 1 | BX28: 1 | BZ28: 80 | CA28: 68 | CE28: 0 | CF28: 0 | CG28: 0 | CM28: 0 | CO28: 0 | CP28: =(P28+Q28+S28) -> 247.58 | CQ28: =AC28*BC28 -> 0 | CR28: =AD28*BB28 -> 0 | CS28: =AE28*BS28 -> 0 | CT28: =AF28*BA28 -> 197.3411 | CU28: =AG28 -> 0 | CV28: =AH28 -> 3.77 | CW28: =AI28 -> 0 | CX28: =AJ28 -> 0 | CY28: =(((S28+R28)*AT28)/100) -> 198.064 | CZ28: =(((S28+R28)*AU28)/100) -> 168.3544 | DN28: 0 | DO28: 0 | DP28: 1 | DQ28: 1 | DU28: 1003 | DV28: 100 м | DW28: 100 м | DX28: 100 | EE28: 16510566 | EF28: 6 | EG28: Ремонтно-строительные работы | EH28: 0 | EJ28: 1 | EK28: 57001 | EL28: Полы | EM28: рФЕР-57 | EQ28: 131072 | ER28: 29.41 | ES28: 0 | ET28: 0 | EU28: 0 | EV28: 29.41 | EW28: 3.77 | EX28: 0 | EY28: 0 | FQ28: 0 | FR28: =ROUND(IF(AND(BH28=3,BI28=3),P28,0),2) -> 0 | FS28: 0 | FX28: 80 | FY28: 68 | GD28: 0 | GF28: -1389370821 | GG28: 1 | GH28: 1 | GI28: 4 | GJ28: 0 | GK28: =ROUND(R28*(R12)/100,2) -> 0 | GL28: =ROUND(IF(AND(BH28=3,BI28=3,FS28<>0),P28,0),2) -> 0 | GM28: =ROUND(O28+X28+Y28+GK28,2)+GX28 -> 613.99 | GN28: =IF(OR(BI28=0,BI28=1),ROUND(O28+X28+Y28+GK28,2),0) -> 613.99 | GO28: =IF(BI28=2,ROUND(O28+X28+Y28+GK28,2),0) -> 0 | GP28: =IF(BI28=4,ROUND(O28+X28+Y28+GK28,2)+GX28,0) -> 0 | GR28: 0 | GS28: 3 | GT28: 0 | GV28: =ROUND((GT28),2) -> 0 | GW28: 1 | GX28: =ROUND(HC28*I28,2) -> 0 | HA28: 0 | HB28: 0 | HC28: =GV28*GW28 -> 0 | IK28: 0
A29: 17 | B29: 1 | C29: =ROW(SmtRes!A4) -> 4 | D29: =ROW(EtalonRes!A6) -> 6 | E29: 2 | F29: 57-2-1 | G29: Разборка покрытий полов из линолеума и релина | H29: 100 м2 | I29: =ROUND(209.8/100,9) -> 2.098 | J29: 0 | O29: =ROUND(CP29,2) -> 1307.8 | P29: =ROUND(CQ29*I29,2) -> 0 | Q29: =ROUND(CR29*I29,2) -> 57.15 | R29: =ROUND(CS29*I29,2) -> 24.78 | S29: =ROUND(CT29*I29,2) -> 1250.65 | T29: =ROUND(CU29*I29,2) -> 0 | U29: =CV29*I29 -> 23.89622 | V29: =CW29*I29 -> 0.27274 | W29: =ROUND(CX29*I29,2) -> 0 | X29: =ROUND(CY29,2) -> 1020.34 | Y29: =ROUND(CZ29,2) -> 867.29 | AA29: 16802145 | AB29: =ROUND((AC29+AD29+AF29),2) -> 92.9 | AC29: =ROUND((ES29),2) -> 0 | AD29: =ROUND((((ET29)-(EU29))+AE29),2) -> 4.06 | AE29: =ROUND((EU29),2) -> 1.76 | AF29: =ROUND((EV29),2) -> 88.84 | AG29: =ROUND((AP29),2) -> 0 | AH29: =(EW29) -> 11.39 | AI29: =(EX29) -> 0.13 | AJ29: =(AS29) -> 0 | AK29: 92.9 | AL29: 0 | AM29: 4.06 | AN29: 1.76 | AO29: 88.84 | AP29: 0 | AQ29: 11.39 | AR29: 0.13 | AS29: 0 | AT29: 80 | AU29: 68 | AV29: 1 | AW29: 1 | AZ29: 6.71 | BA29: 6.71 | BB29: 6.71 | BC29: 6.71 | BH29: 0 | BI29: 1 | BJ29: ФЕРр-2001, 57-2-1, приказ Минстроя России №1039/пр от 30.12.2016г. | BM29: 57001 | BN29: 0 | BP29: 0 | BQ29: 6 | BR29: 0 | BS29: 6.71 | BT29: 1 | BU29: 1 | BV29: 1 | BW29: 1 | BX29: 1 | BZ29: 80 | CA29: 68 | CE29: 0 | CF29: 0 | CG29: 0 | CM29: 0 | CO29: 0 | CP29: =(P29+Q29+S29) -> 1307.8 | CQ29: =AC29*BC29 -> 0 | CR29: =AD29*BB29 -> 27.2426 | CS29: =AE29*BS29 -> 11.8096 | CT29: =AF29*BA29 -> 596.1164 | CU29: =AG29 -> 0 | CV29: =AH29 -> 11.39 | CW29: =AI29 -> 0.13 | CX29: =AJ29 -> 0 | CY29: =(((S29+R29)*AT29)/100) -> 1020.344 | CZ29: =(((S29+R29)*AU29)/100) -> 867.2924 | DN29: 0 | DO29: 0 | DP29: 1 | DQ29: 1 | DU29: 1005 | DV29: 100 м2 | DW29: 100 м2 | DX29: 100 | EE29: 16510566 | EF29: 6 | EG29: Ремонтно-строительные работы | EH29: 0 | EJ29: 1 | EK29: 57001 | EL29: Полы | EM29: рФЕР-57 | EQ29: 131072 | ER29: 92.9 | ES29: 0 | ET29: 4.06 | EU29: 1.76 | EV29: 88.84 | EW29: 11.39 | EX29: 0.13 | EY29: 0 | FQ29: 0 | FR29: =ROUND(IF(AND(BH29=3,BI29=3),P29,0),2) -> 0 | FS29: 0 | FX29: 80 | FY29: 68 | GD29: 0 | GF29: 537707280 | GG29: 1 | GH29: 1 | GI29: 4 | GJ29: 0 | GK29: =ROUND(R29*(R12)/100,2) -> 0 | GL29: =ROUND(IF(AND(BH29=3,BI29=3,FS29<>0),P29,0),2) -> 0 | GM29: =ROUND(O29+X29+Y29+GK29,2)+GX29 -> 3195.43 | GN29: =IF(OR(BI29=0,BI29=1),ROUND(O29+X29+Y29+GK29,2),0) -> 3195.43 | GO29: =IF(BI29=2,ROUND(O29+X29+Y29+GK29,2),0) -> 0 | GP29: =IF(BI29=4,ROUND(O29+X29+Y29+GK29,2)+GX29,0) -> 0 | GR29: 0 | GS29: 3 | GT29: 0 | GV29: =ROUND((GT29),2) -> 0 | GW29: 1 | GX29: =ROUND(HC29*I29,2) -> 0 | HA29: 0 | HB29: 0 | HC29: =GV29*GW29 -> 0 | IK29: 0
A30: 17 | B30: 1 | C30: =ROW(SmtRes!A5) -> 5 | D30: =ROW(EtalonRes!A8) -> 8 | E30: 3 | F30: 57-1-3 прим. | G30: Разборка оснований покрытия полов простильных полов (фальшпол деревянный) | H30: 100 м2 | I30: =ROUND(50/100,9) -> 0.5 | J30: 0 | O30: =ROUND(CP30,2) -> 456.38 | P30: =ROUND(CQ30*I30,2) -> 0 | Q30: =ROUND(CR30*I30,2) -> 0 | R30: =ROUND(CS30*I30,2) -> 0 | S30: =ROUND(CT30*I30,2) -> 456.38 | T30: =ROUND(CU30*I30,2) -> 0 | U30: =CV30*I30 -> 8.72 | V30: =CW30*I30 -> 0 | W30: =ROUND(CX30*I30,2) -> 0 | X30: =ROUND(CY30,2) -> 365.1 | Y30: =ROUND(CZ30,2) -> 310.34 | AA30: 16802145 | AB30: =ROUND((AC30+AD30+AF30),2) -> 136.03 | AC30: =ROUND((ES30),2) -> 0 | AD30: =ROUND((((ET30)-(EU30))+AE30),2) -> 0 | AE30: =ROUND((EU30),2) -> 0 | AF30: =ROUND((EV30),2) -> 136.03 | AG30: =ROUND((AP30),2) -> 0 | AH30: =(EW30) -> 17.44 | AI30: =(EX30) -> 0 | AJ30: =(AS30) -> 0 | AK30: 136.03 | AL30: 0 | AM30: 0 | AN30: 0 | AO30: 136.03 | AP30: 0 | AQ30: 17.44 | AR30: 0 | AS30: 0 | AT30: 80 | AU30: 68 | AV30: 1 | AW30: 1 | AZ30: 6.71 | BA30: 6.71 | BB30: 6.71 | BC30: 6.71 | BH30: 0 | BI30: 1 | BJ30: ФЕРр-2001, 57-1-3, приказ Минстроя России №1039/пр от 30.12.2016г. | BM30: 57001 | BN30: 0 | BP30: 0 | BQ30: 6 | BR30: 0 | BS30: 6.71 | BT30: 1 | BU30: 1 | BV30: 1 | BW30: 1 | BX30: 1 | BZ30: 80 | CA30: 68 | CE30: 0 | CF30: 0 | CG30: 0 | CM30: 0 | CO30: 0 | CP30: =(P30+Q30+S30) -> 456.38 | CQ30: =AC30*BC30 -> 0 | CR30: =AD30*BB30 -> 0 | CS30: =AE30*BS30 -> 0 | CT30: =AF30*BA30 -> 912.7613 | CU30: =AG30 -> 0 | CV30: =AH30 -> 17.44 | CW30: =AI30 -> 0 | CX30: =AJ30 -> 0 | CY30: =(((S30+R30)*AT30)/100) -> 365.104 | CZ30: =(((S30+R30)*AU30)/100) -> 310.3384 | DN30: 0 | DO30: 0 | DP30: 1 | DQ30: 1 | DU30: 1005 | DV30: 100 м2 | DW30: 100 м2 | DX30: 100 | EE30: 16510566 | EF30: 6 | EG30: Ремонтно-строительные работы | EH30: 0 | EJ30: 1 | EK30: 57001 | EL30: Полы | EM30: рФЕР-57 | EQ30: 131072 | ER30: 136.03 | ES30: 0 | ET30: 0 | EU30: 0 | EV30: 136.03 | EW30: 17.44 | EX30: 0 | EY30: 0 | FQ30: 0 | FR30: =ROUND(IF(AND(BH30=3,BI30=3),P30,0),2) -> 0 | FS30: 0 | FX30: 80 | FY30: 68 | GD30: 0 | GF30: 99861082 | GG30: 1 | GH30: 1 | GI30: 4 | GJ30: 0 | GK30: =ROUND(R30*(R12)/100,2) -> 0 | GL30: =ROUND(IF(AND(BH30=3,BI30=3,FS30<>0),P30,0),2) -> 0 | GM30: =ROUND(O30+X30+Y30+GK30,2)+GX30 -> 1131.82 | GN30: =IF(OR(BI30=0,BI30=1),ROUND(O30+X30+Y30+GK30,2),0) -> 1131.82 | GO30: =IF(BI30=2,ROUND(O30+X30+Y30+GK30,2),0) -> 0 | GP30: =IF(BI30=4,ROUND(O30+X30+Y30+GK30,2)+GX30,0) -> 0 | GR30: 0 | GS30: 3 | GT30: 0 | GV30: =ROUND((GT30),2) -> 0 | GW30: 1 | GX30: =ROUND(HC30*I30,2) -> 0 | HA30: 0 | HB30: 0 | HC30: =GV30*GW30 -> 0 | IK30: 0
A31: 17 | B31: 1 | C31: =ROW(SmtRes!A11) -> 11 | D31: =ROW(EtalonRes!A15) -> 15 | E31: 4 | F31: 65-33-1 | G31: Смена жалюзийных решеток | H31: 100 ШТ | I31: =ROUND(9/100,9) -> 0.09 | J31: 0 | O31: =ROUND(CP31,2) -> 260.2 | P31: =ROUND(CQ31*I31,2) -> 22.07 | Q31: =ROUND(CR31*I31,2) -> 0.19 | R31: =ROUND(CS31*I31,2) -> 0.08 | S31: =ROUND(CT31*I31,2) -> 237.94 | T31: =ROUND(CU31*I31,2) -> 0 | U31: =CV31*I31 -> 4.1571 | V31: =CW31*I31 -> 0.0009 | W31: =ROUND(CX31*I31,2) -> 0 | X31: =ROUND(CY31,2) -> 245.16 | Y31: =ROUND(CZ31,2) -> 142.81 | AA31: 16802145 | AB31: =ROUND((AC31+AD31+AF31),2) -> 430.86 | AC31: =ROUND((ES31),2) -> 36.55 | AD31: =ROUND((((ET31)-(EU31))+AE31),2) -> 0.31 | AE31: =ROUND((EU31),2) -> 0.14 | AF31: =ROUND((EV31),2) -> 394 | AG31: =ROUND((AP31),2) -> 0 | AH31: =(EW31) -> 46.19 | AI31: =(EX31) -> 0.01 | AJ31: =(AS31) -> 0 | AK31: 430.86 | AL31: 36.55 | AM31: 0.31 | AN31: 0.14 | AO31: 394 | AP31: 0 | AQ31: 46.19 | AR31: 0.01 | AS31: 0 | AT31: 103 | AU31: 60 | AV31: 1 | AW31: 1 | AZ31: 6.71 | BA31: 6.71 | BB31: 6.71 | BC31: 6.71 | BH31: 0 | BI31: 1 | BJ31: ФЕР-2001, 65-33-1, приказ Минстроя России №1039/пр от 30.12.2016г. | BM31: 65010 | BN31: 0 | BP31: 0 | BQ31: 6 | BR31: 0 | BS31: 6.71 | BT31: 1 | BU31: 1 | BV31: 1 | BW31: 1 | BX31: 1 | BZ31: 103 | CA31: 60 | CE31: 0 | CF31: 0 | CG31: 0 | CM31: 0 | CO31: 0 | CP31: =(P31+Q31+S31) -> 260.2 | CQ31: =AC31*BC31 -> 245.2505 | CR31: =AD31*BB31 -> 2.0801 | CS31: =AE31*BS31 -> 0.9394 | CT31: =AF31*BA31 -> 2643.74 | CU31: =AG31 -> 0 | CV31: =AH31 -> 46.19 | CW31: =AI31 -> 0.01 | CX31: =AJ31 -> 0 | CY31: =(((S31+R31)*AT31)/100) -> 245.1606 | CZ31: =(((S31+R31)*AU31)/100) -> 142.812 | DN31: 0 | DO31: 0 | DP31: 1 | DQ31: 1 | DU31: 1013 | DV31: 100 ШТ | DW31: 100 ШТ | DX31: 1 | EE31: 16510589 | EF31: 6 | EG31: Ремонтно-строительные работы | EH31: 0 | EJ31: 1 | EK31: 65010 | EL31: Внтуренниие с/техработы: смена труб | EM31: рФЕР-65 | EQ31: 131072 | ER31: 430.86 | ES31: 36.55 | ET31: 0.31 | EU31: 0.14 | EV31: 394 | EW31: 46.19 | EX31: 0.01 | EY31: 0 | FQ31: 0 | FR31: =ROUND(IF(AND(BH31=3,BI31=3),P31,0),2) -> 0 | FS31: 0 | FX31: 103 | FY31: 60 | GD31: 0 | GF31: -2051527918 | GG31: 1 | GH31: 1 | GI31: 4 | GJ31: 0 | GK31: =ROUND(R31*(R12)/100,2) -> 0 | GL31: =ROUND(IF(AND(BH31=3,BI31=3,FS31<>0),P31,0),2) -> 0 | GM31: =ROUND(O31+X31+Y31+GK31,2)+GX31 -> 648.17 | GN31: =IF(OR(BI31=0,BI31=1),ROUND(O31+X31+Y31+GK31,2),0) -> 648.17 | GO31: =IF(BI31=2,ROUND(O31+X31+Y31+GK31,2),0) -> 0 | GP31: =IF(BI31=4,ROUND(O31+X31+Y31+GK31,2)+GX31,0) -> 0 | GR31: 0 | GS31: 0 | GT31: 0 | GV31: =ROUND((GT31),2) -> 0 | GW31: 1 | GX31: =ROUND(HC31*I31,2) -> 0 | HA31: 0 | HB31: 0 | HC31: =GV31*GW31 -> 0 | IK31: 0
A32: 18 | B32: 1 | C32: 11 | E32: 4,1 | F32: 19.2.03.07-0028 | G32: Решетки пластиковые вентиляционные прим. (согласно тех.заданию) | H32: шт. | I32: =I31*J32 -> 9 | J32: 100 | O32: =ROUND(CP32,2) -> 57750.35 | P32: =ROUND(CQ32*I32,2) -> 57750.35 | Q32: =ROUND(CR32*I32,2) -> 0 | R32: =ROUND(CS32*I32,2) -> 0 | S32: =ROUND(CT32*I32,2) -> 0 | T32: =ROUND(CU32*I32,2) -> 0 | U32: =CV32*I32 -> 0 | V32: =CW32*I32 -> 0 | W32: =ROUND(CX32*I32,2) -> 0 | X32: =ROUND(CY32,2) -> 0 | Y32: =ROUND(CZ32,2) -> 0 | AA32: 16802145 | AB32: =ROUND((AC32+AD32+AF32),2) -> 956.29 | AC32: =ROUND((ES32),2) -> 956.29 | AD32: =ROUND((((ET32)-(EU32))+AE32),2) -> 0 | AE32: =ROUND((EU32),2) -> 0 | AF32: =ROUND((EV32),2) -> 0 | AG32: =ROUND((AP32),2) -> 0 | AH32: =(EW32) -> 0 | AI32: =(EX32) -> 0 | AJ32: =(AS32) -> 0 | AK32: 956.29 | AL32: 956.29 | AM32: 0 | AN32: 0 | AO32: 0 | AP32: 0 | AQ32: 0 | AR32: 0 | AS32: 0 | AT32: 103 | AU32: 60 | AV32: 1 | AW32: 1 | AZ32: 6.71 | BA32: 1 | BB32: 1 | BC32: 6.71 | BH32: 3 | BI32: 1 | BJ32: ФССЦ-2001, 19.2.03.07-0028, приказ Минстроя России №1039/пр от 30.12.2016г. | BM32: 65010 | BN32: 0 | BP32: 0 | BQ32: 6 | BR32: 0 | BS32: 1 | BT32: 1 | BU32: 1 | BV32: 1 | BW32: 1 | BX32: 1 | BZ32: 103 | CA32: 60 | CE32: 0 | CF32: 0 | CG32: 0 | CM32: 0 | CO32: 0 | CP32: =(P32+Q32+S32) -> 57750.35 | CQ32: =AC32*BC32 -> 6416.7059 | CR32: =AD32*BB32 -> 0 | CS32: =AE32*BS32 -> 0 | CT32: =AF32*BA32 -> 0 | CU32: =AG32 -> 0 | CV32: =AH32 -> 0 | CW32: =AI32 -> 0 | CX32: =AJ32 -> 0 | CY32: =(((S32+R32)*AT32)/100) -> 0 | CZ32: =(((S32+R32)*AU32)/100) -> 0 | DN32: 0 | DO32: 0 | DP32: 1 | DQ32: 1 | DU32: 1010 | DV32: шт. | DW32: шт. | DX32: 1 | EE32: 16510589 | EF32: 6 | EG32: Ремонтно-строительные работы | EH32: 0 | EJ32: 1 | EK32: 65010 | EL32: Внтуренниие с/техработы: смена труб | EM32: рФЕР-65 | EQ32: 0 | ER32: 956.29 | ES32: 956.29 | ET32: 0 | EU32: 0 | EV32: 0 | EW32: 0 | EX32: 0 | FQ32: 0 | FR32: =ROUND(IF(AND(BH32=3,BI32=3),P32,0),2) -> 0 | FS32: 0 | FX32: 103 | FY32: 60 | GD32: 0 | GF32: -1882068334 | GG32: 1 | GH32: 1 | GI32: 4 | GJ32: 0 | GK32: =ROUND(R32*(R12)/100,2) -> 0 | GL32: =ROUND(IF(AND(BH32=3,BI32=3,FS32<>0),P32,0),2) -> 0 | GM32: =ROUND(O32+X32+Y32+GK32,2)+GX32 -> 57750.35 | GN32: =IF(OR(BI32=0,BI32=1),ROUND(O32+X32+Y32+GK32,2),0) -> 57750.35 | GO32: =IF(BI32=2,ROUND(O32+X32+Y32+GK32,2),0) -> 0 | GP32: =IF(BI32=4,ROUND(O32+X32+Y32+GK32,2)+GX32,0) -> 0 | GR32: 0 | GS32: 3 | GT32: 0 | GV32: =ROUND((GT32),2) -> 0 | GW32: 1 | GX32: =ROUND(HC32*I32,2) -> 0 | HA32: 0 | HB32: 0 | HC32: =GV32*GW32 -> 0 | IK32: 0
A33: 17 | B33: 1 | C33: =ROW(SmtRes!A12) -> 12 | D33: =ROW(EtalonRes!A16) -> 16 | E33: 5 | F33: 46-02-009-02 | G33: Отбивка штукатурки с поверхностей стен | H33: 100 м2 | I33: =ROUND(111.1/100,9) -> 1.111 | J33: 0 | O33: =ROUND(CP33,2) -> 1326.96 | P33: =ROUND(CQ33*I33,2) -> 0 | Q33: =ROUND(CR33*I33,2) -> 0 | R33: =ROUND(CS33*I33,2) -> 0 | S33: =ROUND(CT33*I33,2) -> 1326.96 | T33: =ROUND(CU33*I33,2) -> 0 | U33: =CV33*I33 -> 25.35302 | V33: =CW33*I33 -> 0 | W33: =ROUND(CX33*I33,2) -> 0 | X33: =ROUND(CY33,2) -> 1313.69 | Y33: =ROUND(CZ33,2) -> 796.18 | AA33: 16802145 | AB33: =ROUND((AC33+AD33+AF33),2) -> 178 | AC33: =ROUND((ES33),2) -> 0 | AD33: =ROUND((((ET33)-(EU33))+AE33),2) -> 0 | AE33: =ROUND((EU33),2) -> 0 | AF33: =ROUND((EV33),2) -> 178 | AG33: =ROUND((AP33),2) -> 0 | AH33: =(EW33) -> 22.82 | AI33: =(EX33) -> 0 | AJ33: =(AS33) -> 0 | AK33: 178 | AL33: 0 | AM33: 0 | AN33: 0 | AO33: 178 | AP33: 0 | AQ33: 22.82 | AR33: 0 | AS33: 0 | AT33: 99 | AU33: 60 | AV33: 1 | AW33: 1 | AZ33: 6.71 | BA33: 6.71 | BB33: 6.71 | BC33: 6.71 | BH33: 0 | BI33: 1 | BJ33: ФЕР-2001, 46-02-009-02, приказ Минстроя России №1039/пр от 30.12.2016г. | BM33: 46001 | BN33: 0 | BP33: 0 | BQ33: 2 | BR33: 0 | BS33: 6.71 | BT33: 1 | BU33: 1 | BV33: 1 | BW33: 1 | BX33: 1 | BZ33: 110 | CA33: 70 | CE33: 0 | CF33: 0 | CG33: 0 | CM33: 0 | CO33: 0 | CP33: =(P33+Q33+S33) -> 1326.96 | CQ33: =AC33*BC33 -> 0 | CR33: =AD33*BB33 -> 0 | CS33: =AE33*BS33 -> 0 | CT33: =AF33*BA33 -> 1194.38 | CU33: =AG33 -> 0 | CV33: =AH33 -> 22.82 | CW33: =AI33 -> 0 | CX33: =AJ33 -> 0 | CY33: =(((S33+R33)*AT33)/100) -> 1313.6904 | CZ33: =(((S33+R33)*AU33)/100) -> 796.176 | DN33: 0 | DO33: 0 | DP33: 1 | DQ33: 1 | DU33: 1005 | DV33: 100 м2 | DW33: 100 м2 | DX33: 100 | EE33: 16510555 | EF33: 2 | EG33: Общестроительные работы | EH33: 0 | EJ33: 1 | EK33: 46001 | EL33: Реконструкция зданий и сооружений | EM33: ФЕР-46 | EQ33: 131072 | ER33: 178 | ES33: 0 | ET33: 0 | EU33: 0 | EV33: 178 | EW33: 22.82 | EX33: 0 | EY33: 0 | FQ33: 0 | FR33: =ROUND(IF(AND(BH33=3,BI33=3),P33,0),2) -> 0 | FS33: 0 | FT33: *0,9 | FU33: *0,85 | FX33: 99 | FY33: 59.5 | GD33: 0 | GF33: 232532105 | GG33: 1 | GH33: 1 | GI33: 4 | GJ33: 0 | GK33: =ROUND(R33*(R12)/100,2) -> 0 | GL33: =ROUND(IF(AND(BH33=3,BI33=3,FS33<>0),P33,0),2) -> 0 | GM33: =ROUND(O33+X33+Y33+GK33,2)+GX33 -> 3436.83 | GN33: =IF(OR(BI33=0,BI33=1),ROUND(O33+X33+Y33+GK33,2),0) -> 3436.83 | GO33: =IF(BI33=2,ROUND(O33+X33+Y33+GK33,2),0) -> 0 | GP33: =IF(BI33=4,ROUND(O33+X33+Y33+GK33,2)+GX33,0) -> 0 | GR33: 0 | GS33: 0 | GT33: 0 | GV33: =ROUND((GT33),2) -> 0 | GW33: 1 | GX33: =ROUND(HC33*I33,2) -> 0 | HA33: 0 | HB33: 0 | HC33: =GV33*GW33 -> 0 | IK33: 0
A34: 17 | B34: 1 | C34: =ROW(SmtRes!A18) -> 18 | D34: =ROW(EtalonRes!A23) -> 23 | E34: 6 | F34: 57-10-3 | G34: Заделка выбоин в полах цементных площадью до 1,0 м2 | H34: 100 мест | I34: =ROUND(30/100,9) -> 0.3 | J34: 0 | O34: =ROUND(CP34,2) -> 2228.15 | P34: =ROUND(CQ34*I34,2) -> 0.48 | Q34: =ROUND(CR34*I34,2) -> 94.53 | R34: =ROUND(CS34*I34,2) -> 0 | S34: =ROUND(CT34*I34,2) -> 2133.14 | T34: =ROUND(CU34*I34,2) -> 0 | U34: =CV34*I34 -> 37.269 | V34: =CW34*I34 -> 0 | W34: =ROUND(CX34*I34,2) -> 0 | X34: =ROUND(CY34,2) -> 1706.51 | Y34: =ROUND(CZ34,2) -> 1450.54 | AA34: 16802145 | AB34: =ROUND((AC34+AD34+AF34),2) -> 1106.88 | AC34: =ROUND((ES34),2) -> 0.24 | AD34: =ROUND((((ET34)-(EU34))+AE34),2) -> 46.96 | AE34: =ROUND((EU34),2) -> 0 | AF34: =ROUND((EV34),2) -> 1059.68 | AG34: =ROUND((AP34),2) -> 0 | AH34: =(EW34) -> 124.23 | AI34: =(EX34) -> 0 | AJ34: =(AS34) -> 0 | AK34: 1106.88 | AL34: 0.24 | AM34: 46.96 | AN34: 0 | AO34: 1059.68 | AP34: 0 | AQ34: 124.23 | AR34: 0 | AS34: 0 | AT34: 80 | AU34: 68 | AV34: 1 | AW34: 1 | AZ34: 6.71 | BA34: 6.71 | BB34: 6.71 | BC34: 6.71 | BH34: 0 | BI34: 1 | BJ34: ФЕР-2001, 57-10-3, приказ Минстроя России №1039/пр от 30.12.2016г. | BM34: 57001 | BN34: 0 | BP34: 0 | BQ34: 6 | BR34: 0 | BS34: 6.71 | BT34: 1 | BU34: 1 | BV34: 1 | BW34: 1 | BX34: 1 | BZ34: 80 | CA34: 68 | CE34: 0 | CF34: 0 | CG34: 0 | CM34: 0 | CO34: 0 | CP34: =(P34+Q34+S34) -> 2228.15 | CQ34: =AC34*BC34 -> 1.6104 | CR34: =AD34*BB34 -> 315.1016 | CS34: =AE34*BS34 -> 0 | CT34: =AF34*BA34 -> 7110.4528 | CU34: =AG34 -> 0 | CV34: =AH34 -> 124.23 | CW34: =AI34 -> 0 | CX34: =AJ34 -> 0 | CY34: =(((S34+R34)*AT34)/100) -> 1706.512 | CZ34: =(((S34+R34)*AU34)/100) -> 1450.5352 | DN34: 0 | DO34: 0 | DP34: 1 | DQ34: 1 | DU34: 1013 | DV34: 100 мест | DW34: 100 мест | DX34: 1 | EE34: 16510566 | EF34: 6 | EG34: Ремонтно-строительные работы | EH34: 0 | EJ34: 1 | EK34: 57001 | EL34: Полы | EM34: рФЕР-57 | EQ34: 131072 | ER34: 1106.88 | ES34: 0.24 | ET34: 46.96 | EU34: 0 | EV34: 1059.68 | EW34: 124.23 | EX34: 0 | EY34: 0 | FQ34: 0 | FR34: =ROUND(IF(AND(BH34=3,BI34=3),P34,0),2) -> 0 | FS34: 0 | FX34: 80 | FY34: 68 | GD34: 0 | GF34: 424324215 | GG34: 1 | GH34: 1 | GI34: 4 | GJ34: 0 | GK34: =ROUND(R34*(R12)/100,2) -> 0 | GL34: =ROUND(IF(AND(BH34=3,BI34=3,FS34<>0),P34,0),2) -> 0 | GM34: =ROUND(O34+X34+Y34+GK34,2)+GX34 -> 5385.2 | GN34: =IF(OR(BI34=0,BI34=1),ROUND(O34+X34+Y34+GK34,2),0) -> 5385.2 | GO34: =IF(BI34=2,ROUND(O34+X34+Y34+GK34,2),0) -> 0 | GP34: =IF(BI34=4,ROUND(O34+X34+Y34+GK34,2)+GX34,0) -> 0 | GR34: 0 | GS34: 0 | GT34: 0 | GV34: =ROUND((GT34),2) -> 0 | GW34: 1 | GX34: =ROUND(HC34*I34,2) -> 0 | HA34: 0 | HB34: 0 | HC34: =GV34*GW34 -> 0 | IK34: 0
A35: 18 | B35: 1 | C35: 17 | E35: 6,1 | F35: 04.3.01.09 | G35: Раствор готовый кладочный тяжелый цементный | H35: м3 | I35: =I34*J35 -> 0.642 | J35: 2.14 | O35: =ROUND(CP35,2) -> 0 | P35: =ROUND(CQ35*I35,2) -> 0 | Q35: =ROUND(CR35*I35,2) -> 0 | R35: =ROUND(CS35*I35,2) -> 0 | S35: =ROUND(CT35*I35,2) -> 0 | T35: =ROUND(CU35*I35,2) -> 0 | U35: =CV35*I35 -> 0 | V35: =CW35*I35 -> 0 | W35: =ROUND(CX35*I35,2) -> 0 | X35: =ROUND(CY35,2) -> 0 | Y35: =ROUND(CZ35,2) -> 0 | AA35: 16802145 | AB35: =ROUND((AC35+AD35+AF35),2) -> 0 | AC35: =ROUND((ES35),2) -> 0 | AD35: =ROUND((((ET35)-(EU35))+AE35),2) -> 0 | AE35: =ROUND((EU35),2) -> 0 | AF35: =ROUND((EV35),2) -> 0 | AG35: =ROUND((AP35),2) -> 0 | AH35: =(EW35) -> 0 | AI35: =(EX35) -> 0 | AJ35: =(AS35) -> 0 | AK35: 0 | AL35: 0 | AM35: 0 | AN35: 0 | AO35: 0 | AP35: 0 | AQ35: 0 | AR35: 0 | AS35: 0 | AT35: 80 | AU35: 68 | AV35: 1 | AW35: 1 | AZ35: 6.71 | BA35: 1 | BB35: 1 | BC35: 6.71 | BH35: 3 | BI35: 1 | BM35: 57001 | BN35: 0 | BP35: 0 | BQ35: 6 | BR35: 0 | BS35: 1 | BT35: 1 | BU35: 1 | BV35: 1 | BW35: 1 | BX35: 1 | BZ35: 80 | CA35: 68 | CE35: 0 | CF35: 0 | CG35: 0 | CM35: 0 | CO35: 0 | CP35: =(P35+Q35+S35) -> 0 | CQ35: =AC35*BC35 -> 0 | CR35: =AD35*BB35 -> 0 | CS35: =AE35*BS35 -> 0 | CT35: =AF35*BA35 -> 0 | CU35: =AG35 -> 0 | CV35: =AH35 -> 0 | CW35: =AI35 -> 0 | CX35: =AJ35 -> 0 | CY35: =(((S35+R35)*AT35)/100) -> 0 | CZ35: =(((S35+R35)*AU35)/100) -> 0 | DN35: 0 | DO35: 0 | DP35: 1 | DQ35: 1 | DU35: 1007 | DV35: м3 | DW35: м3 | DX35: 1 | EE35: 16510566 | EF35: 6 | EG35: Ремонтно-строительные работы | EH35: 0 | EJ35: 1 | EK35: 57001 | EL35: Полы | EM35: рФЕР-57 | EQ35: 0 | ER35: 0 | ES35: 0 | ET35: 0 | EU35: 0 | EV35: 0 | EW35: 0 | EX35: 0 | FQ35: 0 | FR35: =ROUND(IF(AND(BH35=3,BI35=3),P35,0),2) -> 0 | FS35: 0 | FX35: 80 | FY35: 68 | GD35: 0 | GF35: -2113302258 | GG35: 1 | GH35: 1 | GI35: 4 | GJ35: 0 | GK35: =ROUND(R35*(R12)/100,2) -> 0 | GL35: =ROUND(IF(AND(BH35=3,BI35=3,FS35<>0),P35,0),2) -> 0 | GM35: =ROUND(O35+X35+Y35+GK35,2)+GX35 -> 0 | GN35: =IF(OR(BI35=0,BI35=1),ROUND(O35+X35+Y35+GK35,2),0) -> 0 | GO35: =IF(BI35=2,ROUND(O35+X35+Y35+GK35,2),0) -> 0 | GP35: =IF(BI35=4,ROUND(O35+X35+Y35+GK35,2)+GX35,0) -> 0 | GR35: 0 | GS35: 3 | GT35: 0 | GV35: =ROUND((GT35),2) -> 0 | GW35: 1 | GX35: =ROUND(HC35*I35,2) -> 0 | HA35: 0 | HB35: 0 | HC35: =GV35*GW35 -> 0 | IK35: 0
A36: 18 | B36: 1 | C36: 18 | E36: 6,2 | F36: 04.3.02.13-0103 | G36: Смесь сухая цементно-песчаная "БИРСС 11" (марка М150), бездобавочная | H36: т | I36: =I34*J36 -> 1.392935 | J36: 4.6431167 | O36: =ROUND(CP36,2) -> 6805.63 | P36: =ROUND(CQ36*I36,2) -> 6805.63 | Q36: =ROUND(CR36*I36,2) -> 0 | R36: =ROUND(CS36*I36,2) -> 0 | S36: =ROUND(CT36*I36,2) -> 0 | T36: =ROUND(CU36*I36,2) -> 0 | U36: =CV36*I36 -> 0 | V36: =CW36*I36 -> 0 | W36: =ROUND(CX36*I36,2) -> 0 | X36: =ROUND(CY36,2) -> 0 | Y36: =ROUND(CZ36,2) -> 0 | AA36: 16802145 | AB36: =ROUND((AC36+AD36+AF36),2) -> 728.14 | AC36: =ROUND((ES36),2) -> 728.14 | AD36: =ROUND((((ET36)-(EU36))+AE36),2) -> 0 | AE36: =ROUND((EU36),2) -> 0 | AF36: =ROUND((EV36),2) -> 0 | AG36: =ROUND((AP36),2) -> 0 | AH36: =(EW36) -> 0 | AI36: =(EX36) -> 0 | AJ36: =(AS36) -> 0 | AK36: 728.14 | AL36: 728.14 | AM36: 0 | AN36: 0 | AO36: 0 | AP36: 0 | AQ36: 0 | AR36: 0 | AS36: 0 | AT36: 80 | AU36: 68 | AV36: 1 | AW36: 1 | AZ36: 6.71 | BA36: 1 | BB36: 1 | BC36: 6.71 | BH36: 3 | BI36: 1 | BJ36: ФССЦ-2001, 04.3.02.13-0103, приказ Минстроя России №1039/пр от 30.12.2016г. | BM36: 57001 | BN36: 0 | BP36: 0 | BQ36: 6 | BR36: 0 | BS36: 1 | BT36: 1 | BU36: 1 | BV36: 1 | BW36: 1 | BX36: 1 | BZ36: 80 | CA36: 68 | CE36: 0 | CF36: 0 | CG36: 0 | CM36: 0 | CO36: 0 | CP36: =(P36+Q36+S36) -> 6805.63 | CQ36: =AC36*BC36 -> 4885.8194 | CR36: =AD36*BB36 -> 0 | CS36: =AE36*BS36 -> 0 | CT36: =AF36*BA36 -> 0 | CU36: =AG36 -> 0 | CV36: =AH36 -> 0 | CW36: =AI36 -> 0 | CX36: =AJ36 -> 0 | CY36: =(((S36+R36)*AT36)/100) -> 0 | CZ36: =(((S36+R36)*AU36)/100) -> 0 | DN36: 0 | DO36: 0 | DP36: 1 | DQ36: 1 | DU36: 1009 | DV36: т | DW36: т | DX36: 1000 | EE36: 16510566 | EF36: 6 | EG36: Ремонтно-строительные работы | EH36: 0 | EJ36: 1 | EK36: 57001 | EL36: Полы | EM36: рФЕР-57 | EQ36: 0 | ER36: 728.14 | ES36: 728.14 | ET36: 0 | EU36: 0 | EV36: 0 | EW36: 0 | EX36: 0 | FQ36: 0 | FR36: =ROUND(IF(AND(BH36=3,BI36=3),P36,0),2) -> 0 | FS36: 0 | FX36: 80 | FY36: 68 | GD36: 0 | GF36: 50694098 | GG36: 1 | GH36: 1 | GI36: 4 | GJ36: 0 | GK36: =ROUND(R36*(R12)/100,2) -> 0 | GL36: =ROUND(IF(AND(BH36=3,BI36=3,FS36<>0),P36,0),2) -> 0 | GM36: =ROUND(O36+X36+Y36+GK36,2)+GX36 -> 6805.63 | GN36: =IF(OR(BI36=0,BI36=1),ROUND(O36+X36+Y36+GK36,2),0) -> 6805.63 | GO36: =IF(BI36=2,ROUND(O36+X36+Y36+GK36,2),0) -> 0 | GP36: =IF(BI36=4,ROUND(O36+X36+Y36+GK36,2)+GX36,0) -> 0 | GR36: 0 | GS36: 0 | GT36: 0 | GV36: =ROUND((GT36),2) -> 0 | GW36: 1 | GX36: =ROUND(HC36*I36,2) -> 0 | HA36: 0 | HB36: 0 | HC36: =GV36*GW36 -> 0 | IK36: 0
A37: 17 | B37: 1 | C37: =ROW(SmtRes!A25) -> 25 | D37: =ROW(EtalonRes!A30) -> 30 | E37: 7 | F37: 11-01-011-08 | G37: Устройство стяжек из выравнивающей смеси типа "Ветонит" 5000, толщиной 5 мм | H37: 100 м2 | I37: =ROUND(209.8/100,9) -> 2.098 | J37: 0 | O37: =ROUND(CP37,2) -> 155960.58 | P37: =ROUND(CQ37*I37,2) -> 150648.83 | Q37: =ROUND(CR37*I37,2) -> 109.66 | R37: =ROUND(CS37*I37,2) -> 34.63 | S37: =ROUND(CT37*I37,2) -> 5202.09 | T37: =ROUND(CU37*I37,2) -> 0 | U37: =CV37*I37 -> 90.886409 | V37: =CW37*I37 -> 0.445825 | W37: =ROUND(CX37*I37,2) -> 0 | X37: =ROUND(CY37,2) -> 5812.76 | Y37: =ROUND(CZ37,2) -> 3351.5 | AA37: 16802145 | AB37: =ROUND((AC37+AD37+AF37),2) -> 11078.65 | AC37: =ROUND((ES37),2) -> 10701.33 | AD37: =ROUND(((((ET37*1.25))-((EU37*1.25)))+AE37),2) -> 7.79 | AE37: =ROUND(((EU37*1.25)),2) -> 2.46 | AF37: =ROUND(((EV37*1.15)),2) -> 369.53 | AG37: =ROUND((AP37),2) -> 0 | AH37: =((EW37*1.15)) -> 43.3205 | AI37: =((EX37*1.25)) -> 0.2125 | AJ37: =(AS37) -> 0 | AK37: 11028.89 | AL37: 10701.33 | AM37: 6.23 | AN37: 1.97 | AO37: 321.33 | AP37: 0 | AQ37: 37.67 | AR37: 0.17 | AS37: 0 | AT37: 111 | AU37: 64 | AV37: 1 | AW37: 1 | AZ37: 6.71 | BA37: 6.71 | BB37: 6.71 | BC37: 6.71 | BH37: 0 | BI37: 1 | BJ37: ФЕР-2001, 11-01-011-08, приказ Минстроя России №1039/пр от 30.12.2016г. | BM37: 11001 | BN37: 0 | BP37: 0 | BQ37: 2 | BR37: 0 | BS37: 6.71 | BT37: 1 | BU37: 1 | BV37: 1 | BW37: 1 | BX37: 1 | BZ37: 123 | CA37: 75 | CE37: 0 | CF37: 0 | CG37: 0 | CM37: 0 | CN37: Поправка: МДС 81-35.2004, п.4.7 Наименование: Работы, выполняемые при реконструкции зданий и сооружений работы, аналогичные технологическим процессам в новом строительстве (в том числе возведение новых конструктивных элементов) стоимость которых определена по соответствующим сборникам ФЕР, кроме сборника № 46 «Работы при реконструкции зданий и сооружений» | CO37: 0 | CP37: =(P37+Q37+S37) -> 155960.58 | CQ37: =AC37*BC37 -> 71805.924 | CR37: =AD37*BB37 -> 52.2709 | CS37: =AE37*BS37 -> 16.5066 | CT37: =AF37*BA37 -> 2479.5463 | CU37: =AG37 -> 0 | CV37: =AH37 -> 43.3205 | CW37: =AI37 -> 0.2125 | CX37: =AJ37 -> 0 | CY37: =(((S37+R37)*AT37)/100) -> 5812.7592 | CZ37: =(((S37+R37)*AU37)/100) -> 3351.5008 | DE37: )*1,25 | DF37: )*1,25 | DG37: )*1,15 | DI37: )*1,15 | DJ37: )*1,25 | DN37: 0 | DO37: 0 | DP37: 1 | DQ37: 1 | DU37: 1005 | DV37: 100 м2 | DW37: 100 м2 | DX37: 100 | EE37: 16510488 | EF37: 2 | EG37: Общестроительные работы | EH37: 0 | EJ37: 1 | EK37: 11001 | EL37: Полы | EM37: ФЕР-11 | EO37: Поправка: МДС 81-35.2004, п.4.7 | EQ37: 131072 | ER37: 11028.89 | ES37: 10701.33 | ET37: 6.23 | EU37: 1.97 | EV37: 321.33 | EW37: 37.67 | EX37: 0.17 | EY37: 0 | FQ37: 0 | FR37: =ROUND(IF(AND(BH37=3,BI37=3),P37,0),2) -> 0 | FS37: 0 | FT37: *0,9 | FU37: *0,85 | FX37: 110.7 | FY37: 63.75 | GD37: 0 | GF37: 1715562049 | GG37: 1 | GH37: 1 | GI37: 4 | GJ37: 0 | GK37: =ROUND(R37*(R12)/100,2) -> 0 | GL37: =ROUND(IF(AND(BH37=3,BI37=3,FS37<>0),P37,0),2) -> 0 | GM37: =ROUND(O37+X37+Y37+GK37,2)+GX37 -> 165124.84 | GN37: =IF(OR(BI37=0,BI37=1),ROUND(O37+X37+Y37+GK37,2),0) -> 165124.84 | GO37: =IF(BI37=2,ROUND(O37+X37+Y37+GK37,2),0) -> 0 | GP37: =IF(BI37=4,ROUND(O37+X37+Y37+GK37,2)+GX37,0) -> 0 | GR37: 0 | GS37: 0 | GT37: 0 | GV37: =ROUND((GT37),2) -> 0 | GW37: 1 | GX37: =ROUND(HC37*I37,2) -> 0 | HA37: 0 | HB37: 0 | HC37: =GV37*GW37 -> 0 | IK37: 0
A38: 17 | B38: 1 | C38: =ROW(SmtRes!A31) -> 31 | D38: =ROW(EtalonRes!A36) -> 36 | E38: 8 | F38: 11-01-011-10 | G38: Устройство стяжек на каждый последующий слой толщиной 1 мм добавлять к расценке 11-01-011-08 | H38: 100 м2 | I38: =ROUND(209.8/100,9) -> 2.098 | J38: 0 | O38: =ROUND(CP38,2) -> 145984.51 | P38: =ROUND(CQ38*I38,2) -> 144207.21 | Q38: =ROUND(CR38*I38,2) -> 106.57 | R38: =ROUND(CS38*I38,2) -> 30.83 | S38: =ROUND(CT38*I38,2) -> 1670.73 | T38: =ROUND(CU38*I38,2) -> 0 | U38: =CV38*I38 -> 29.19367 | V38: =CW38*I38 -> 0.393375 | W38: =ROUND(CX38*I38,2) -> 0 | X38: =ROUND(CY38,2) -> 1888.73 | Y38: =ROUND(CZ38,2) -> 1089 | AA38: 16802145 | AB38: =ROUND((AC38+AD38+AF38),2) -> 10370 | AC38: =ROUND(((ES38*5)),2) -> 10243.75 | AD38: =ROUND(((((ET38*1.25*5))-((EU38*1.25*5)))+AE38),2) -> 7.57 | AE38: =ROUND(((EU38*1.25*5)),2) -> 2.19 | AF38: =ROUND(((EV38*1.15*5)),2) -> 118.68 | AG38: =ROUND((AP38),2) -> 0 | AH38: =((EW38*1.15*5)) -> 13.915 | AI38: =((EX38*1.25*5)) -> 0.1875 | AJ38: =(AS38) -> 0 | AK38: 2070.6 | AL38: 2048.75 | AM38: 1.21 | AN38: 0.35 | AO38: 20.64 | AP38: 0 | AQ38: 2.42 | AR38: 0.03 | AS38: 0 | AT38: 111 | AU38: 64 | AV38: 1 | AW38: 1 | AZ38: 6.71 | BA38: 6.71 | BB38: 6.71 | BC38: 6.71 | BH38: 0 | BI38: 1 | BJ38: ФЕР-2001, 11-01-011-10, приказ Минстроя России №1039/пр от 30.12.2016г. | BM38: 11001 | BN38: 0 | BP38: 0 | BQ38: 2 | BR38: 0 | BS38: 6.71 | BT38: 1 | BU38: 1 | BV38: 1 | BW38: 1 | BX38: 1 | BZ38: 123 | CA38: 75 | CE38: 0 | CF38: 0 | CG38: 0 | CM38: 0 | CN38: Поправка: МДС 81-35.2004, п.4.7 Наименование: Работы, выполняемые при реконструкции зданий и сооружений работы, аналогичные технологическим процессам в новом строительстве (в том числе возведение новых конструктивных элементов) стоимость которых определена по соответствующим сборникам ФЕР, кроме сборника № 46 «Работы при реконструкции зданий и сооружений» | CO38: 0 | CP38: =(P38+Q38+S38) -> 145984.51 | CQ38: =AC38*BC38 -> 68735.562 | CR38: =AD38*BB38 -> 50.7947 | CS38: =AE38*BS38 -> 14.6949 | CT38: =AF38*BA38 -> 796.3428 | CU38: =AG38 -> 0 | CV38: =AH38 -> 13.915 | CW38: =AI38 -> 0.1875 | CX38: =AJ38 -> 0 | CY38: =(((S38+R38)*AT38)/100) -> 1888.7316 | CZ38: =(((S38+R38)*AU38)/100) -> 1088.9984 | DD38: *5 | DE38: )*1,25*5 | DF38: )*1,25*5 | DG38: )*1,15*5 | DI38: )*1,15*5 | DJ38: )*1,25*5 | DN38: 0 | DO38: 0 | DP38: 1 | DQ38: 1 | DU38: 1005 | DV38: 100 м2 | DW38: 100 м2 | DX38: 100 | EE38: 16510488 | EF38: 2 | EG38: Общестроительные работы | EH38: 0 | EJ38: 1 | EK38: 11001 | EL38: Полы | EM38: ФЕР-11 | EO38: Поправка: МДС 81-35.2004, п.4.7 | EQ38: 131072 | ER38: 2070.6 | ES38: 2048.75 | ET38: 1.21 | EU38: 0.35 | EV38: 20.64 | EW38: 2.42 | EX38: 0.03 | EY38: 0 | FQ38: 0 | FR38: =ROUND(IF(AND(BH38=3,BI38=3),P38,0),2) -> 0 | FS38: 0 | FT38: *0,9 | FU38: *0,85 | FX38: 110.7 | FY38: 63.75 | GD38: 0 | GF38: 337317905 | GG38: 1 | GH38: 1 | GI38: 4 | GJ38: 0 | GK38: =ROUND(R38*(R12)/100,2) -> 0 | GL38: =ROUND(IF(AND(BH38=3,BI38=3,FS38<>0),P38,0),2) -> 0 | GM38: =ROUND(O38+X38+Y38+GK38,2)+GX38 -> 148962.24 | GN38: =IF(OR(BI38=0,BI38=1),ROUND(O38+X38+Y38+GK38,2),0) -> 148962.24 | GO38: =IF(BI38=2,ROUND(O38+X38+Y38+GK38,2),0) -> 0 | GP38: =IF(BI38=4,ROUND(O38+X38+Y38+GK38,2)+GX38,0) -> 0 | GR38: 0 | GS38: 3 | GT38: 0 | GV38: =ROUND((GT38),2) -> 0 | GW38: 1 | GX38: =ROUND(HC38*I38,2) -> 0 | HA38: 0 | HB38: 0 | HC38: =GV38*GW38 -> 0 | IK38: 0
A39: 17 | B39: 1 | C39: =ROW(SmtRes!A39) -> 39 | D39: =ROW(EtalonRes!A44) -> 44 | E39: 9 | F39: 15-07-003-02 | G39: Грунтование водно-дисперсионной грунтовкой поверхностей пористых (камень, кирпич, бетон и т д) | H39: 100 м2 | I39: =ROUND(209.8/100,9) -> 2.098 | J39: 0 | O39: =ROUND(CP39,2) -> 3926.52 | P39: =ROUND(CQ39*I39,2) -> 2988.53 | Q39: =ROUND(CR39*I39,2) -> 389.67 | R39: =ROUND(CS39*I39,2) -> 10.28 | S39: =ROUND(CT39*I39,2) -> 548.32 | T39: =ROUND(CU39*I39,2) -> 0 | U39: =CV39*I39 -> 8.902863 | V39: =CW39*I39 -> 0.131125 | W39: =ROUND(CX39*I39,2) -> 0 | X39: =ROUND(CY39,2) -> 530.67 | Y39: =ROUND(CZ39,2) -> 262.54 | AA39: 16802145 | AB39: =ROUND((AC39+AD39+AF39),2) -> 278.92 | AC39: =ROUND((ES39),2) -> 212.29 | AD39: =ROUND(((((ET39*1.25))-((EU39*1.25)))+AE39),2) -> 27.68 | AE39: =ROUND(((EU39*1.25)),2) -> 0.73 | AF39: =ROUND(((EV39*1.15)),2) -> 38.95 | AG39: =ROUND((AP39),2) -> 0 | AH39: =((EW39*1.15)) -> 4.2435 | AI39: =((EX39*1.25)) -> 0.0625 | AJ39: =(AS39) -> 0 | AK39: 268.3 | AL39: 212.29 | AM39: 22.14 | AN39: 0.58 | AO39: 33.87 | AP39: 0 | AQ39: 3.69 | AR39: 0.05 | AS39: 0 | AT39: 95 | AU39: 47 | AV39: 1 | AW39: 1 | AZ39: 6.71 | BA39: 6.71 | BB39: 6.71 | BC39: 6.71 | BH39: 0 | BI39: 1 | BJ39: ФЕР-2001, 15-07-003-02, приказ Минстроя России №1039/пр от 30.12.2016г. | BM39: 15001 | BN39: 0 | BP39: 0 | BQ39: 2 | BR39: 0 | BS39: 6.71 | BT39: 1 | BU39: 1 | BV39: 1 | BW39: 1 | BX39: 1 | BZ39: 105 | CA39: 55 | CE39: 0 | CF39: 0 | CG39: 0 | CM39: 0 | CN39: Поправка: МДС 81-35.2004, п.4.7 Наименование: Работы, выполняемые при реконструкции зданий и сооружений работы, аналогичные технологическим процессам в новом строительстве (в том числе возведение новых конструктивных элементов) стоимость которых определена по соответствующим сборникам ФЕР, кроме сборника № 46 «Работы при реконструкции зданий и сооружений» | CO39: 0 | CP39: =(P39+Q39+S39) -> 3926.52 | CQ39: =AC39*BC39 -> 1424.4659 | CR39: =AD39*BB39 -> 185.7328 | CS39: =AE39*BS39 -> 4.8983 | CT39: =AF39*BA39 -> 261.3545 | CU39: =AG39 -> 0 | CV39: =AH39 -> 4.2435 | CW39: =AI39 -> 0.0625 | CX39: =AJ39 -> 0 | CY39: =(((S39+R39)*AT39)/100) -> 530.67 | CZ39: =(((S39+R39)*AU39)/100) -> 262.542 | DE39: )*1,25 | DF39: )*1,25 | DG39: )*1,15 | DI39: )*1,15 | DJ39: )*1,25 | DN39: 0 | DO39: 0 | DP39: 1 | DQ39: 1 | DU39: 1005 | DV39: 100 м2 | DW39: 100 м2 | DX39: 100 | EE39: 16510513 | EF39: 2 | EG39: Общестроительные работы | EH39: 0 | EJ39: 1 | EK39: 15001 | EL39: Отделочные работы | EM39: ФЕР-15 | EO39: Поправка: МДС 81-35.2004, п.4.7 | EQ39: 131072 | ER39: 268.3 | ES39: 212.29 | ET39: 22.14 | EU39: 0.58 | EV39: 33.87 | EW39: 3.69 | EX39: 0.05 | EY39: 0 | FQ39: 0 | FR39: =ROUND(IF(AND(BH39=3,BI39=3),P39,0),2) -> 0 | FS39: 0 | FT39: *0,9 | FU39: *0,85 | FX39: 94.5 | FY39: 46.75 | GD39: 0 | GF39: 686490124 | GG39: 1 | GH39: 1 | GI39: 4 | GJ39: 0 | GK39: =ROUND(R39*(R12)/100,2) -> 0 | GL39: =ROUND(IF(AND(BH39=3,BI39=3,FS39<>0),P39,0),2) -> 0 | GM39: =ROUND(O39+X39+Y39+GK39,2)+GX39 -> 4719.73 | GN39: =IF(OR(BI39=0,BI39=1),ROUND(O39+X39+Y39+GK39,2),0) -> 4719.73 | GO39: =IF(BI39=2,ROUND(O39+X39+Y39+GK39,2),0) -> 0 | GP39: =IF(BI39=4,ROUND(O39+X39+Y39+GK39,2)+GX39,0) -> 0 | GR39: 0 | GS39: 0 | GT39: 0 | GV39: =ROUND((GT39),2) -> 0 | GW39: 1 | GX39: =ROUND(HC39*I39,2) -> 0 | HA39: 0 | HB39: 0 | HC39: =GV39*GW39 -> 0 | IK39: 0
A40: 17 | B40: 1 | C40: =ROW(SmtRes!A48) -> 48 | D40: =ROW(EtalonRes!A51) -> 51 | E40: 10 | F40: 11-01-036-01 | G40: Устройство покрытий из линолеума на клее | H40: 100 м2 | I40: =ROUND(209.8/100,9) -> 2.098 | J40: 0 | O40: =ROUND(CP40,2) -> 5589.5 | P40: =ROUND(CQ40*I40,2) -> 12.81 | Q40: =ROUND(CR40*I40,2) -> 616.6 | R40: =ROUND(CS40*I40,2) -> 148.24 | S40: =ROUND(CT40*I40,2) -> 4960.09 | T40: =ROUND(CU40*I40,2) -> 0 | U40: =CV40*I40 -> 88.9552 | V40: =CW40*I40 -> 1.7833 | W40: =ROUND(CX40*I40,2) -> 0 | X40: =ROUND(CY40,2) -> 5670.25 | Y40: =ROUND(CZ40,2) -> 3269.33 | AA40: 16802145 | AB40: =ROUND((AC40+AD40+AF40),2) -> 397.05 | AC40: =ROUND((ES40),2) -> 0.91 | AD40: =ROUND((((ET40)-(EU40))+AE40),2) -> 43.8 | AE40: =ROUND((EU40),2) -> 10.53 | AF40: =ROUND((EV40),2) -> 352.34 | AG40: =ROUND((AP40),2) -> 0 | AH40: =(EW40) -> 42.4 | AI40: =(EX40) -> 0.85 | AJ40: =(AS40) -> 0 | AK40: 397.05 | AL40: 0.91 | AM40: 43.8 | AN40: 10.53 | AO40: 352.34 | AP40: 0 | AQ40: 42.4 | AR40: 0.85 | AS40: 0 | AT40: 111 | AU40: 64 | AV40: 1 | AW40: 1 | AZ40: 6.71 | BA40: 6.71 | BB40: 6.71 | BC40: 6.71 | BH40: 0 | BI40: 1 | BJ40: ФЕР-2001, 11-01-036-01, приказ Минстроя России №1039/пр от 30.12.2016г. | BM40: 11001 | BN40: 0 | BP40: 0 | BQ40: 2 | BR40: 0 | BS40: 6.71 | BT40: 1 | BU40: 1 | BV40: 1 | BW40: 1 | BX40: 1 | BZ40: 123 | CA40: 75 | CE40: 0 | CF40: 0 | CG40: 0 | CM40: 0 | CO40: 0 | CP40: =(P40+Q40+S40) -> 5589.5 | CQ40: =AC40*BC40 -> 6.1061 | CR40: =AD40*BB40 -> 293.898 | CS40: =AE40*BS40 -> 70.6563 | CT40: =AF40*BA40 -> 2364.2014 | CU40: =AG40 -> 0 | CV40: =AH40 -> 42.4 | CW40: =AI40 -> 0.85 | CX40: =AJ40 -> 0 | CY40: =(((S40+R40)*AT40)/100) -> 5670.2463 | CZ40: =(((S40+R40)*AU40)/100) -> 3269.3312 | DN40: 0 | DO40: 0 | DP40: 1 | DQ40: 1 | DU40: 1005 | DV40: 100 м2 | DW40: 100 м2 | DX40: 100 | EE40: 16510488 | EF40: 2 | EG40: Общестроительные работы | EH40: 0 | EJ40: 1 | EK40: 11001 | EL40: Полы | EM40: ФЕР-11 | EQ40: 131072 | ER40: 397.05 | ES40: 0.91 | ET40: 43.8 | EU40: 10.53 | EV40: 352.34 | EW40: 42.4 | EX40: 0.85 | EY40: 0 | FQ40: 0 | FR40: =ROUND(IF(AND(BH40=3,BI40=3),P40,0),2) -> 0 | FS40: 0 | FT40: *0,9 | FU40: *0,85 | FX40: 110.7 | FY40: 63.75 | GD40: 0 | GF40: 35623097 | GG40: 1 | GH40: 1 | GI40: 4 | GJ40: 0 | GK40: =ROUND(R40*(R12)/100,2) -> 0 | GL40: =ROUND(IF(AND(BH40=3,BI40=3,FS40<>0),P40,0),2) -> 0 | GM40: =ROUND(O40+X40+Y40+GK40,2)+GX40 -> 14529.08 | GN40: =IF(OR(BI40=0,BI40=1),ROUND(O40+X40+Y40+GK40,2),0) -> 14529.08 | GO40: =IF(BI40=2,ROUND(O40+X40+Y40+GK40,2),0) -> 0 | GP40: =IF(BI40=4,ROUND(O40+X40+Y40+GK40,2)+GX40,0) -> 0 | GR40: 0 | GS40: 0 | GT40: 0 | GV40: =ROUND((GT40),2) -> 0 | GW40: 1 | GX40: =ROUND(HC40*I40,2) -> 0 | HA40: 0 | HB40: 0 | HC40: =GV40*GW40 -> 0 | IK40: 0
A41: 18 | B41: 1 | C41: 44 | E41: 10,1 | F41: 01.6.03.04 | G41: Линолеум на теплозвукоизолирующей подоснове | H41: м2 | I41: =I40*J41 -> 213.996 | J41: 102 | O41: =ROUND(CP41,2) -> 0 | P41: =ROUND(CQ41*I41,2) -> 0 | Q41: =ROUND(CR41*I41,2) -> 0 | R41: =ROUND(CS41*I41,2) -> 0 | S41: =ROUND(CT41*I41,2) -> 0 | T41: =ROUND(CU41*I41,2) -> 0 | U41: =CV41*I41 -> 0 | V41: =CW41*I41 -> 0 | W41: =ROUND(CX41*I41,2) -> 0 | X41: =ROUND(CY41,2) -> 0 | Y41: =ROUND(CZ41,2) -> 0 | AA41: 16802145 | AB41: =ROUND((AC41+AD41+AF41),2) -> 0 | AC41: =ROUND((ES41),2) -> 0 | AD41: =ROUND((((ET41)-(EU41))+AE41),2) -> 0 | AE41: =ROUND((EU41),2) -> 0 | AF41: =ROUND((EV41),2) -> 0 | AG41: =ROUND((AP41),2) -> 0 | AH41: =(EW41) -> 0 | AI41: =(EX41) -> 0 | AJ41: =(AS41) -> 0 | AK41: 0 | AL41: 0 | AM41: 0 | AN41: 0 | AO41: 0 | AP41: 0 | AQ41: 0 | AR41: 0 | AS41: 0 | AT41: 111 | AU41: 64 | AV41: 1 | AW41: 1 | AZ41: 6.71 | BA41: 1 | BB41: 1 | BC41: 6.71 | BH41: 3 | BI41: 1 | BM41: 11001 | BN41: 0 | BP41: 0 | BQ41: 2 | BR41: 0 | BS41: 1 | BT41: 1 | BU41: 1 | BV41: 1 | BW41: 1 | BX41: 1 | BZ41: 123 | CA41: 75 | CE41: 0 | CF41: 0 | CG41: 0 | CM41: 0 | CO41: 0 | CP41: =(P41+Q41+S41) -> 0 | CQ41: =AC41*BC41 -> 0 | CR41: =AD41*BB41 -> 0 | CS41: =AE41*BS41 -> 0 | CT41: =AF41*BA41 -> 0 | CU41: =AG41 -> 0 | CV41: =AH41 -> 0 | CW41: =AI41 -> 0 | CX41: =AJ41 -> 0 | CY41: =(((S41+R41)*AT41)/100) -> 0 | CZ41: =(((S41+R41)*AU41)/100) -> 0 | DN41: 0 | DO41: 0 | DP41: 1 | DQ41: 1 | DU41: 1005 | DV41: м2 | DW41: м2 | DX41: 1 | EE41: 16510488 | EF41: 2 | EG41: Общестроительные работы | EH41: 0 | EJ41: 1 | EK41: 11001 | EL41: Полы | EM41: ФЕР-11 | EQ41: 0 | ER41: 0 | ES41: 0 | ET41: 0 | EU41: 0 | EV41: 0 | EW41: 0 | EX41: 0 | FQ41: 0 | FR41: =ROUND(IF(AND(BH41=3,BI41=3),P41,0),2) -> 0 | FS41: 0 | FT41: *0,9 | FU41: *0,85 | FX41: 110.7 | FY41: 63.75 | GD41: 0 | GF41: -919469713 | GG41: 1 | GH41: 1 | GI41: 4 | GJ41: 0 | GK41: =ROUND(R41*(R12)/100,2) -> 0 | GL41: =ROUND(IF(AND(BH41=3,BI41=3,FS41<>0),P41,0),2) -> 0 | GM41: =ROUND(O41+X41+Y41+GK41,2)+GX41 -> 0 | GN41: =IF(OR(BI41=0,BI41=1),ROUND(O41+X41+Y41+GK41,2),0) -> 0 | GO41: =IF(BI41=2,ROUND(O41+X41+Y41+GK41,2),0) -> 0 | GP41: =IF(BI41=4,ROUND(O41+X41+Y41+GK41,2)+GX41,0) -> 0 | GR41: 0 | GS41: 3 | GT41: 0 | GV41: =ROUND((GT41),2) -> 0 | GW41: 1 | GX41: =ROUND(HC41*I41,2) -> 0 | HA41: 0 | HB41: 0 | HC41: =GV41*GW41 -> 0 | IK41: 0
A42: 18 | B42: 1 | C42: 45 | E42: 10,2 | F42: 01.6.03.04-0101 | G42: Линолеум коммерческий гетерогенный "ТАРКЕТТ TRAVERTINE" (толщина 2 мм, толщина защитного слоя 0,5 мм, класс 33/41, пож. безопасность Г1, В2, РП1, Д2, Т2) | H42: м2 | I42: =I40*J42 -> 213.996 | J42: 102 | O42: =ROUND(CP42,2) -> 111283.27 | P42: =ROUND(CQ42*I42,2) -> 111283.27 | Q42: =ROUND(CR42*I42,2) -> 0 | R42: =ROUND(CS42*I42,2) -> 0 | S42: =ROUND(CT42*I42,2) -> 0 | T42: =ROUND(CU42*I42,2) -> 0 | U42: =CV42*I42 -> 0 | V42: =CW42*I42 -> 0 | W42: =ROUND(CX42*I42,2) -> 0 | X42: =ROUND(CY42,2) -> 0 | Y42: =ROUND(CZ42,2) -> 0 | AA42: 16802145 | AB42: =ROUND((AC42+AD42+AF42),2) -> 77.5 | AC42: =ROUND((ES42),2) -> 77.5 | AD42: =ROUND((((ET42)-(EU42))+AE42),2) -> 0 | AE42: =ROUND((EU42),2) -> 0 | AF42: =ROUND((EV42),2) -> 0 | AG42: =ROUND((AP42),2) -> 0 | AH42: =(EW42) -> 0 | AI42: =(EX42) -> 0 | AJ42: =(AS42) -> 0 | AK42: 77.5 | AL42: 77.5 | AM42: 0 | AN42: 0 | AO42: 0 | AP42: 0 | AQ42: 0 | AR42: 0 | AS42: 0 | AT42: 111 | AU42: 64 | AV42: 1 | AW42: 1 | AZ42: 6.71 | BA42: 1 | BB42: 1 | BC42: 6.71 | BH42: 3 | BI42: 1 | BJ42: ФССЦ-2001, 01.6.03.04-0101, приказ Минстроя России №1039/пр от 30.12.2016г. | BM42: 11001 | BN42: 0 | BP42: 0 | BQ42: 2 | BR42: 0 | BS42: 1 | BT42: 1 | BU42: 1 | BV42: 1 | BW42: 1 | BX42: 1 | BZ42: 123 | CA42: 75 | CE42: 0 | CF42: 0 | CG42: 0 | CM42: 0 | CO42: 0 | CP42: =(P42+Q42+S42) -> 111283.27 | CQ42: =AC42*BC42 -> 520.025 | CR42: =AD42*BB42 -> 0 | CS42: =AE42*BS42 -> 0 | CT42: =AF42*BA42 -> 0 | CU42: =AG42 -> 0 | CV42: =AH42 -> 0 | CW42: =AI42 -> 0 | CX42: =AJ42 -> 0 | CY42: =(((S42+R42)*AT42)/100) -> 0 | CZ42: =(((S42+R42)*AU42)/100) -> 0 | DN42: 0 | DO42: 0 | DP42: 1 | DQ42: 1 | DU42: 1005 | DV42: м2 | DW42: м2 | DX42: 1 | EE42: 16510488 | EF42: 2 | EG42: Общестроительные работы | EH42: 0 | EJ42: 1 | EK42: 11001 | EL42: Полы | EM42: ФЕР-11 | EQ42: 0 | ER42: 77.5 | ES42: 77.5 | ET42: 0 | EU42: 0 | EV42: 0 | EW42: 0 | EX42: 0 | FQ42: 0 | FR42: =ROUND(IF(AND(BH42=3,BI42=3),P42,0),2) -> 0 | FS42: 0 | FT42: *0,9 | FU42: *0,85 | FX42: 110.7 | FY42: 63.75 | GD42: 0 | GF42: 1392042579 | GG42: 1 | GH42: 1 | GI42: 4 | GJ42: 0 | GK42: =ROUND(R42*(R12)/100,2) -> 0 | GL42: =ROUND(IF(AND(BH42=3,BI42=3,FS42<>0),P42,0),2) -> 0 | GM42: =ROUND(O42+X42+Y42+GK42,2)+GX42 -> 111283.27 | GN42: =IF(OR(BI42=0,BI42=1),ROUND(O42+X42+Y42+GK42,2),0) -> 111283.27 | GO42: =IF(BI42=2,ROUND(O42+X42+Y42+GK42,2),0) -> 0 | GP42: =IF(BI42=4,ROUND(O42+X42+Y42+GK42,2)+GX42,0) -> 0 | GR42: 0 | GS42: 0 | GT42: 0 | GV42: =ROUND((GT42),2) -> 0 | GW42: 1 | GX42: =ROUND(HC42*I42,2) -> 0 | HA42: 0 | HB42: 0 | HC42: =GV42*GW42 -> 0 | IK42: 0
A43: 18 | B43: 1 | C43: 48 | E43: 10,3 | F43: 14.1.06.05 | G43: Состав клеящий | H43: кг | I43: =I40*J43 -> 104.9 | J43: 50 | O43: =ROUND(CP43,2) -> 0 | P43: =ROUND(CQ43*I43,2) -> 0 | Q43: =ROUND(CR43*I43,2) -> 0 | R43: =ROUND(CS43*I43,2) -> 0 | S43: =ROUND(CT43*I43,2) -> 0 | T43: =ROUND(CU43*I43,2) -> 0 | U43: =CV43*I43 -> 0 | V43: =CW43*I43 -> 0 | W43: =ROUND(CX43*I43,2) -> 0 | X43: =ROUND(CY43,2) -> 0 | Y43: =ROUND(CZ43,2) -> 0 | AA43: 16802145 | AB43: =ROUND((AC43+AD43+AF43),2) -> 0 | AC43: =ROUND((ES43),2) -> 0 | AD43: =ROUND((((ET43)-(EU43))+AE43),2) -> 0 | AE43: =ROUND((EU43),2) -> 0 | AF43: =ROUND((EV43),2) -> 0 | AG43: =ROUND((AP43),2) -> 0 | AH43: =(EW43) -> 0 | AI43: =(EX43) -> 0 | AJ43: =(AS43) -> 0 | AK43: 0 | AL43: 0 | AM43: 0 | AN43: 0 | AO43: 0 | AP43: 0 | AQ43: 0 | AR43: 0 | AS43: 0 | AT43: 111 | AU43: 64 | AV43: 1 | AW43: 1 | AZ43: 6.71 | BA43: 1 | BB43: 1 | BC43: 6.71 | BH43: 3 | BI43: 1 | BM43: 11001 | BN43: 0 | BP43: 0 | BQ43: 2 | BR43: 0 | BS43: 1 | BT43: 1 | BU43: 1 | BV43: 1 | BW43: 1 | BX43: 1 | BZ43: 123 | CA43: 75 | CE43: 0 | CF43: 0 | CG43: 0 | CM43: 0 | CO43: 0 | CP43: =(P43+Q43+S43) -> 0 | CQ43: =AC43*BC43 -> 0 | CR43: =AD43*BB43 -> 0 | CS43: =AE43*BS43 -> 0 | CT43: =AF43*BA43 -> 0 | CU43: =AG43 -> 0 | CV43: =AH43 -> 0 | CW43: =AI43 -> 0 | CX43: =AJ43 -> 0 | CY43: =(((S43+R43)*AT43)/100) -> 0 | CZ43: =(((S43+R43)*AU43)/100) -> 0 | DN43: 0 | DO43: 0 | DP43: 1 | DQ43: 1 | DU43: 1009 | DV43: кг | DW43: кг | DX43: 1 | EE43: 16510488 | EF43: 2 | EG43: Общестроительные работы | EH43: 0 | EJ43: 1 | EK43: 11001 | EL43: Полы | EM43: ФЕР-11 | EQ43: 0 | ER43: 0 | ES43: 0 | ET43: 0 | EU43: 0 | EV43: 0 | EW43: 0 | EX43: 0 | FQ43: 0 | FR43: =ROUND(IF(AND(BH43=3,BI43=3),P43,0),2) -> 0 | FS43: 0 | FT43: *0,9 | FU43: *0,85 | FX43: 110.7 | FY43: 63.75 | GD43: 0 | GF43: 290394019 | GG43: 1 | GH43: 1 | GI43: 4 | GJ43: 0 | GK43: =ROUND(R43*(R12)/100,2) -> 0 | GL43: =ROUND(IF(AND(BH43=3,BI43=3,FS43<>0),P43,0),2) -> 0 | GM43: =ROUND(O43+X43+Y43+GK43,2)+GX43 -> 0 | GN43: =IF(OR(BI43=0,BI43=1),ROUND(O43+X43+Y43+GK43,2),0) -> 0 | GO43: =IF(BI43=2,ROUND(O43+X43+Y43+GK43,2),0) -> 0 | GP43: =IF(BI43=4,ROUND(O43+X43+Y43+GK43,2)+GX43,0) -> 0 | GR43: 0 | GS43: 3 | GT43: 0 | GV43: =ROUND((GT43),2) -> 0 | GW43: 1 | GX43: =ROUND(HC43*I43,2) -> 0 | HA43: 0 | HB43: 0 | HC43: =GV43*GW43 -> 0 | IK43: 0
A44: 18 | B44: 1 | C44: 47 | E44: 10,4 | F44: 14.1.02.03-0002 | G44: Клей ПВА | H44: кг | I44: =I40*J44 -> 104.9 | J44: 50 | O44: =ROUND(CP44,2) -> 11191.68 | P44: =ROUND(CQ44*I44,2) -> 11191.68 | Q44: =ROUND(CR44*I44,2) -> 0 | R44: =ROUND(CS44*I44,2) -> 0 | S44: =ROUND(CT44*I44,2) -> 0 | T44: =ROUND(CU44*I44,2) -> 0 | U44: =CV44*I44 -> 0 | V44: =CW44*I44 -> 0 | W44: =ROUND(CX44*I44,2) -> 0 | X44: =ROUND(CY44,2) -> 0 | Y44: =ROUND(CZ44,2) -> 0 | AA44: 16802145 | AB44: =ROUND((AC44+AD44+AF44),2) -> 15.9 | AC44: =ROUND((ES44),2) -> 15.9 | AD44: =ROUND((((ET44)-(EU44))+AE44),2) -> 0 | AE44: =ROUND((EU44),2) -> 0 | AF44: =ROUND((EV44),2) -> 0 | AG44: =ROUND((AP44),2) -> 0 | AH44: =(EW44) -> 0 | AI44: =(EX44) -> 0 | AJ44: =(AS44) -> 0 | AK44: 15.9 | AL44: 15.9 | AM44: 0 | AN44: 0 | AO44: 0 | AP44: 0 | AQ44: 0 | AR44: 0 | AS44: 0 | AT44: 111 | AU44: 64 | AV44: 1 | AW44: 1 | AZ44: 6.71 | BA44: 1 | BB44: 1 | BC44: 6.71 | BH44: 3 | BI44: 1 | BJ44: ФССЦ-2001, 14.1.02.03-0002, приказ Минстроя России №1039/пр от 30.12.2016г. | BM44: 11001 | BN44: 0 | BP44: 0 | BQ44: 2 | BR44: 0 | BS44: 1 | BT44: 1 | BU44: 1 | BV44: 1 | BW44: 1 | BX44: 1 | BZ44: 123 | CA44: 75 | CE44: 0 | CF44: 0 | CG44: 0 | CM44: 0 | CO44: 0 | CP44: =(P44+Q44+S44) -> 11191.68 | CQ44: =AC44*BC44 -> 106.689 | CR44: =AD44*BB44 -> 0 | CS44: =AE44*BS44 -> 0 | CT44: =AF44*BA44 -> 0 | CU44: =AG44 -> 0 | CV44: =AH44 -> 0 | CW44: =AI44 -> 0 | CX44: =AJ44 -> 0 | CY44: =(((S44+R44)*AT44)/100) -> 0 | CZ44: =(((S44+R44)*AU44)/100) -> 0 | DN44: 0 | DO44: 0 | DP44: 1 | DQ44: 1 | DU44: 1009 | DV44: кг | DW44: кг | DX44: 1 | EE44: 16510488 | EF44: 2 | EG44: Общестроительные работы | EH44: 0 | EJ44: 1 | EK44: 11001 | EL44: Полы | EM44: ФЕР-11 | EQ44: 0 | ER44: 15.9 | ES44: 15.9 | ET44: 0 | EU44: 0 | EV44: 0 | EW44: 0 | EX44: 0 | FQ44: 0 | FR44: =ROUND(IF(AND(BH44=3,BI44=3),P44,0),2) -> 0 | FS44: 0 | FT44: *0,9 | FU44: *0,85 | FX44: 110.7 | FY44: 63.75 | GD44: 0 | GF44: 1104462431 | GG44: 1 | GH44: 1 | GI44: 4 | GJ44: 0 | GK44: =ROUND(R44*(R12)/100,2) -> 0 | GL44: =ROUND(IF(AND(BH44=3,BI44=3,FS44<>0),P44,0),2) -> 0 | GM44: =ROUND(O44+X44+Y44+GK44,2)+GX44 -> 11191.68 | GN44: =IF(OR(BI44=0,BI44=1),ROUND(O44+X44+Y44+GK44,2),0) -> 11191.68 | GO44: =IF(BI44=2,ROUND(O44+X44+Y44+GK44,2),0) -> 0 | GP44: =IF(BI44=4,ROUND(O44+X44+Y44+GK44,2)+GX44,0) -> 0 | GR44: 0 | GS44: 0 | GT44: 0 | GV44: =ROUND((GT44),2) -> 0 | GW44: 1 | GX44: =ROUND(HC44*I44,2) -> 0 | HA44: 0 | HB44: 0 | HC44: =GV44*GW44 -> 0 | IK44: 0
A45: 17 | B45: 1 | C45: =ROW(SmtRes!A66) -> 66 | D45: =ROW(EtalonRes!A63) -> 63 | E45: 11 | F45: 11-01-040-03 | G45: Устройство плинтусов поливинилхлоридных на винтах самонарезающих | H45: 100 м | I45: =ROUND(125.46/100,9) -> 1.2546 | J45: 0 | O45: =ROUND(CP45,2) -> 1236.07 | P45: =ROUND(CQ45*I45,2) -> 619.93 | Q45: =ROUND(CR45*I45,2) -> 22.48 | R45: =ROUND(CS45*I45,2) -> 4.46 | S45: =ROUND(CT45*I45,2) -> 593.66 | T45: =ROUND(CU45*I45,2) -> 0 | U45: =CV45*I45 -> 9.6378372 | V45: =CW45*I45 -> 0.06273 | W45: =ROUND(CX45*I45,2) -> 0 | X45: =ROUND(CY45,2) -> 663.91 | Y45: =ROUND(CZ45,2) -> 382.8 | AA45: 16802145 | AB45: =ROUND((AC45+AD45+AF45),2) -> 146.83 | AC45: =ROUND((ES45),2) -> 73.64 | AD45: =ROUND(((((ET45*1.25))-((EU45*1.25)))+AE45),2) -> 2.67 | AE45: =ROUND(((EU45*1.25)),2) -> 0.53 | AF45: =ROUND(((EV45*1.15)),2) -> 70.52 | AG45: =ROUND((AP45),2) -> 0 | AH45: =((EW45*1.15)) -> 7.682 | AI45: =((EX45*1.25)) -> 0.05 | AJ45: =(AS45) -> 0 | AK45: 137.09 | AL45: 73.64 | AM45: 2.13 | AN45: 0.42 | AO45: 61.32 | AP45: 0 | AQ45: 6.68 | AR45: 0.04 | AS45: 0 | AT45: 111 | AU45: 64 | AV45: 1 | AW45: 1 | AZ45: 6.71 | BA45: 6.71 | BB45: 6.71 | BC45: 6.71 | BH45: 0 | BI45: 1 | BJ45: ФЕР-2001, 11-01-040-03, приказ Минстроя России №1039/пр от 30.12.2016г. | BM45: 11001 | BN45: 0 | BP45: 0 | BQ45: 2 | BR45: 0 | BS45: 6.71 | BT45: 1 | BU45: 1 | BV45: 1 | BW45: 1 | BX45: 1 | BZ45: 123 | CA45: 75 | CE45: 0 | CF45: 0 | CG45: 0 | CM45: 0 | CN45: Поправка: МДС 81-35.2004, п.4.7 Наименование: Работы, выполняемые при реконструкции зданий и сооружений работы, аналогичные технологическим процессам в новом строительстве (в том числе возведение новых конструктивных элементов) стоимость которых определена по соответствующим сборникам ФЕР, кроме сборника № 46 «Работы при реконструкции зданий и сооружений» | CO45: 0 | CP45: =(P45+Q45+S45) -> 1236.07 | CQ45: =AC45*BC45 -> 494.1244 | CR45: =AD45*BB45 -> 17.9157 | CS45: =AE45*BS45 -> 3.5563 | CT45: =AF45*BA45 -> 473.1892 | CU45: =AG45 -> 0 | CV45: =AH45 -> 7.682 | CW45: =AI45 -> 0.05 | CX45: =AJ45 -> 0 | CY45: =(((S45+R45)*AT45)/100) -> 663.9132 | CZ45: =(((S45+R45)*AU45)/100) -> 382.7968 | DE45: )*1,25 | DF45: )*1,25 | DG45: )*1,15 | DI45: )*1,15 | DJ45: )*1,25 | DN45: 0 | DO45: 0 | DP45: 1 | DQ45: 1 | DU45: 1003 | DV45: 100 м | DW45: 100 м | DX45: 100 | EE45: 16510488 | EF45: 2 | EG45: Общестроительные работы | EH45: 0 | EJ45: 1 | EK45: 11001 | EL45: Полы | EM45: ФЕР-11 | EO45: Поправка: МДС 81-35.2004, п.4.7 | EQ45: 131072 | ER45: 137.09 | ES45: 73.64 | ET45: 2.13 | EU45: 0.42 | EV45: 61.32 | EW45: 6.68 | EX45: 0.04 | EY45: 0 | FQ45: 0 | FR45: =ROUND(IF(AND(BH45=3,BI45=3),P45,0),2) -> 0 | FS45: 0 | FT45: *0,9 | FU45: *0,85 | FX45: 110.7 | FY45: 63.75 | GD45: 0 | GF45: -1404287246 | GG45: 1 | GH45: 1 | GI45: 4 | GJ45: 0 | GK45: =ROUND(R45*(R12)/100,2) -> 0 | GL45: =ROUND(IF(AND(BH45=3,BI45=3,FS45<>0),P45,0),2) -> 0 | GM45: =ROUND(O45+X45+Y45+GK45,2)+GX45 -> 2282.78 | GN45: =IF(OR(BI45=0,BI45=1),ROUND(O45+X45+Y45+GK45,2),0) -> 2282.78 | GO45: =IF(BI45=2,ROUND(O45+X45+Y45+GK45,2),0) -> 0 | GP45: =IF(BI45=4,ROUND(O45+X45+Y45+GK45,2)+GX45,0) -> 0 | GR45: 0 | GS45: 0 | GT45: 0 | GV45: =ROUND((GT45),2) -> 0 | GW45: 1 | GX45: =ROUND(HC45*I45,2) -> 0 | HA45: 0 | HB45: 0 | HC45: =GV45*GW45 -> 0 | IK45: 0
A46: 18 | B46: 1 | C46: 55 | E46: 11,1 | F46: 11.3.03.06 | G46: Плинтуса для полов пластиковые | H46: м | I46: =I45*J46 -> 126.7146 | J46: 101 | O46: =ROUND(CP46,2) -> 0 | P46: =ROUND(CQ46*I46,2) -> 0 | Q46: =ROUND(CR46*I46,2) -> 0 | R46: =ROUND(CS46*I46,2) -> 0 | S46: =ROUND(CT46*I46,2) -> 0 | T46: =ROUND(CU46*I46,2) -> 0 | U46: =CV46*I46 -> 0 | V46: =CW46*I46 -> 0 | W46: =ROUND(CX46*I46,2) -> 0 | X46: =ROUND(CY46,2) -> 0 | Y46: =ROUND(CZ46,2) -> 0 | AA46: 16802145 | AB46: =ROUND((AC46+AD46+AF46),2) -> 0 | AC46: =ROUND((ES46),2) -> 0 | AD46: =ROUND((((ET46)-(EU46))+AE46),2) -> 0 | AE46: =ROUND((EU46),2) -> 0 | AF46: =ROUND((EV46),2) -> 0 | AG46: =ROUND((AP46),2) -> 0 | AH46: =(EW46) -> 0 | AI46: =(EX46) -> 0 | AJ46: =(AS46) -> 0 | AK46: 0 | AL46: 0 | AM46: 0 | AN46: 0 | AO46: 0 | AP46: 0 | AQ46: 0 | AR46: 0 | AS46: 0 | AT46: 111 | AU46: 64 | AV46: 1 | AW46: 1 | AZ46: 6.71 | BA46: 1 | BB46: 1 | BC46: 6.71 | BH46: 3 | BI46: 1 | BM46: 11001 | BN46: 0 | BP46: 0 | BQ46: 2 | BR46: 0 | BS46: 1 | BT46: 1 | BU46: 1 | BV46: 1 | BW46: 1 | BX46: 1 | BZ46: 123 | CA46: 75 | CE46: 0 | CF46: 0 | CG46: 0 | CM46: 0 | CO46: 0 | CP46: =(P46+Q46+S46) -> 0 | CQ46: =AC46*BC46 -> 0 | CR46: =AD46*BB46 -> 0 | CS46: =AE46*BS46 -> 0 | CT46: =AF46*BA46 -> 0 | CU46: =AG46 -> 0 | CV46: =AH46 -> 0 | CW46: =AI46 -> 0 | CX46: =AJ46 -> 0 | CY46: =(((S46+R46)*AT46)/100) -> 0 | CZ46: =(((S46+R46)*AU46)/100) -> 0 | DN46: 0 | DO46: 0 | DP46: 1 | DQ46: 1 | DU46: 1003 | DV46: м | DW46: м | DX46: 1 | EE46: 16510488 | EF46: 2 | EG46: Общестроительные работы | EH46: 0 | EJ46: 1 | EK46: 11001 | EL46: Полы | EM46: ФЕР-11 | EQ46: 0 | ER46: 0 | ES46: 0 | ET46: 0 | EU46: 0 | EV46: 0 | EW46: 0 | EX46: 0 | FQ46: 0 | FR46: =ROUND(IF(AND(BH46=3,BI46=3),P46,0),2) -> 0 | FS46: 0 | FT46: *0,9 | FU46: *0,85 | FX46: 110.7 | FY46: 63.75 | GD46: 0 | GF46: -2049262376 | GG46: 1 | GH46: 1 | GI46: 4 | GJ46: 0 | GK46: =ROUND(R46*(R12)/100,2) -> 0 | GL46: =ROUND(IF(AND(BH46=3,BI46=3,FS46<>0),P46,0),2) -> 0 | GM46: =ROUND(O46+X46+Y46+GK46,2)+GX46 -> 0 | GN46: =IF(OR(BI46=0,BI46=1),ROUND(O46+X46+Y46+GK46,2),0) -> 0 | GO46: =IF(BI46=2,ROUND(O46+X46+Y46+GK46,2),0) -> 0 | GP46: =IF(BI46=4,ROUND(O46+X46+Y46+GK46,2)+GX46,0) -> 0 | GR46: 0 | GS46: 3 | GT46: 0 | GV46: =ROUND((GT46),2) -> 0 | GW46: 1 | GX46: =ROUND(HC46*I46,2) -> 0 | HA46: 0 | HB46: 0 | HC46: =GV46*GW46 -> 0 | IK46: 0
A47: 18 | B47: 1 | C47: 56 | E47: 11,2 | F47: 11.3.03.06-0001 | G47: Плинтуса для полов пластиковые KronPlast Premium, 19х48 мм прим. | H47: м | I47: =I45*J47 -> 126.7146 | J47: 101 | O47: =ROUND(CP47,2) -> 10458.14 | P47: =ROUND(CQ47*I47,2) -> 10458.14 | Q47: =ROUND(CR47*I47,2) -> 0 | R47: =ROUND(CS47*I47,2) -> 0 | S47: =ROUND(CT47*I47,2) -> 0 | T47: =ROUND(CU47*I47,2) -> 0 | U47: =CV47*I47 -> 0 | V47: =CW47*I47 -> 0 | W47: =ROUND(CX47*I47,2) -> 0 | X47: =ROUND(CY47,2) -> 0 | Y47: =ROUND(CZ47,2) -> 0 | AA47: 16802145 | AB47: =ROUND((AC47+AD47+AF47),2) -> 12.3 | AC47: =ROUND((ES47),2) -> 12.3 | AD47: =ROUND((((ET47)-(EU47))+AE47),2) -> 0 | AE47: =ROUND((EU47),2) -> 0 | AF47: =ROUND((EV47),2) -> 0 | AG47: =ROUND((AP47),2) -> 0 | AH47: =(EW47) -> 0 | AI47: =(EX47) -> 0 | AJ47: =(AS47) -> 0 | AK47: 12.3 | AL47: 12.3 | AM47: 0 | AN47: 0 | AO47: 0 | AP47: 0 | AQ47: 0 | AR47: 0 | AS47: 0 | AT47: 111 | AU47: 64 | AV47: 1 | AW47: 1 | AZ47: 6.71 | BA47: 1 | BB47: 1 | BC47: 6.71 | BH47: 3 | BI47: 1 | BJ47: ФССЦ-2001, 11.3.03.06-0001, приказ Минстроя России №1039/пр от 30.12.2016г. | BM47: 11001 | BN47: 0 | BP47: 0 | BQ47: 2 | BR47: 0 | BS47: 1 | BT47: 1 | BU47: 1 | BV47: 1 | BW47: 1 | BX47: 1 | BZ47: 123 | CA47: 75 | CE47: 0 | CF47: 0 | CG47: 0 | CM47: 0 | CO47: 0 | CP47: =(P47+Q47+S47) -> 10458.14 | CQ47: =AC47*BC47 -> 82.533 | CR47: =AD47*BB47 -> 0 | CS47: =AE47*BS47 -> 0 | CT47: =AF47*BA47 -> 0 | CU47: =AG47 -> 0 | CV47: =AH47 -> 0 | CW47: =AI47 -> 0 | CX47: =AJ47 -> 0 | CY47: =(((S47+R47)*AT47)/100) -> 0 | CZ47: =(((S47+R47)*AU47)/100) -> 0 | DN47: 0 | DO47: 0 | DP47: 1 | DQ47: 1 | DU47: 1003 | DV47: м | DW47: м | DX47: 1 | EE47: 16510488 | EF47: 2 | EG47: Общестроительные работы | EH47: 0 | EJ47: 1 | EK47: 11001 | EL47: Полы | EM47: ФЕР-11 | EQ47: 0 | ER47: 12.3 | ES47: 12.3 | ET47: 0 | EU47: 0 | EV47: 0 | EW47: 0 | EX47: 0 | FQ47: 0 | FR47: =ROUND(IF(AND(BH47=3,BI47=3),P47,0),2) -> 0 | FS47: 0 | FT47: *0,9 | FU47: *0,85 | FX47: 110.7 | FY47: 63.75 | GD47: 0 | GF47: 1042693501 | GG47: 1 | GH47: 1 | GI47: 4 | GJ47: 0 | GK47: =ROUND(R47*(R12)/100,2) -> 0 | GL47: =ROUND(IF(AND(BH47=3,BI47=3,FS47<>0),P47,0),2) -> 0 | GM47: =ROUND(O47+X47+Y47+GK47,2)+GX47 -> 10458.14 | GN47: =IF(OR(BI47=0,BI47=1),ROUND(O47+X47+Y47+GK47,2),0) -> 10458.14 | GO47: =IF(BI47=2,ROUND(O47+X47+Y47+GK47,2),0) -> 0 | GP47: =IF(BI47=4,ROUND(O47+X47+Y47+GK47,2)+GX47,0) -> 0 | GR47: 0 | GS47: 0 | GT47: 0 | GV47: =ROUND((GT47),2) -> 0 | GW47: 1 | GX47: =ROUND(HC47*I47,2) -> 0 | HA47: 0 | HB47: 0 | HC47: =GV47*GW47 -> 0 | IK47: 0
A48: 18 | B48: 1 | C48: 57 | E48: 11,3 | F48: 11.3.03.14 | G48: Уголок наружный для пластикового плинтуса | H48: шт. | I48: =I45*J48 -> 8 | J48: 6.3765344 | O48: =ROUND(CP48,2) -> 0 | P48: =ROUND(CQ48*I48,2) -> 0 | Q48: =ROUND(CR48*I48,2) -> 0 | R48: =ROUND(CS48*I48,2) -> 0 | S48: =ROUND(CT48*I48,2) -> 0 | T48: =ROUND(CU48*I48,2) -> 0 | U48: =CV48*I48 -> 0 | V48: =CW48*I48 -> 0 | W48: =ROUND(CX48*I48,2) -> 0 | X48: =ROUND(CY48,2) -> 0 | Y48: =ROUND(CZ48,2) -> 0 | AA48: 16802145 | AB48: =ROUND((AC48+AD48+AF48),2) -> 0 | AC48: =ROUND((ES48),2) -> 0 | AD48: =ROUND((((ET48)-(EU48))+AE48),2) -> 0 | AE48: =ROUND((EU48),2) -> 0 | AF48: =ROUND((EV48),2) -> 0 | AG48: =ROUND((AP48),2) -> 0 | AH48: =(EW48) -> 0 | AI48: =(EX48) -> 0 | AJ48: =(AS48) -> 0 | AK48: 0 | AL48: 0 | AM48: 0 | AN48: 0 | AO48: 0 | AP48: 0 | AQ48: 0 | AR48: 0 | AS48: 0 | AT48: 111 | AU48: 64 | AV48: 1 | AW48: 1 | AZ48: 6.71 | BA48: 1 | BB48: 1 | BC48: 6.71 | BH48: 3 | BI48: 1 | BM48: 11001 | BN48: 0 | BP48: 0 | BQ48: 2 | BR48: 0 | BS48: 1 | BT48: 1 | BU48: 1 | BV48: 1 | BW48: 1 | BX48: 1 | BZ48: 123 | CA48: 75 | CE48: 0 | CF48: 0 | CG48: 0 | CM48: 0 | CO48: 0 | CP48: =(P48+Q48+S48) -> 0 | CQ48: =AC48*BC48 -> 0 | CR48: =AD48*BB48 -> 0 | CS48: =AE48*BS48 -> 0 | CT48: =AF48*BA48 -> 0 | CU48: =AG48 -> 0 | CV48: =AH48 -> 0 | CW48: =AI48 -> 0 | CX48: =AJ48 -> 0 | CY48: =(((S48+R48)*AT48)/100) -> 0 | CZ48: =(((S48+R48)*AU48)/100) -> 0 | DN48: 0 | DO48: 0 | DP48: 1 | DQ48: 1 | DU48: 1010 | DV48: шт. | DW48: шт. | DX48: 1 | EE48: 16510488 | EF48: 2 | EG48: Общестроительные работы | EH48: 0 | EJ48: 1 | EK48: 11001 | EL48: Полы | EM48: ФЕР-11 | EQ48: 0 | ER48: 0 | ES48: 0 | ET48: 0 | EU48: 0 | EV48: 0 | EW48: 0 | EX48: 0 | FQ48: 0 | FR48: =ROUND(IF(AND(BH48=3,BI48=3),P48,0),2) -> 0 | FS48: 0 | FT48: *0,9 | FU48: *0,85 | FX48: 110.7 | FY48: 63.75 | GD48: 0 | GF48: 457303772 | GG48: 1 | GH48: 1 | GI48: 4 | GJ48: 0 | GK48: =ROUND(R48*(R12)/100,2) -> 0 | GL48: =ROUND(IF(AND(BH48=3,BI48=3,FS48<>0),P48,0),2) -> 0 | GM48: =ROUND(O48+X48+Y48+GK48,2)+GX48 -> 0 | GN48: =IF(OR(BI48=0,BI48=1),ROUND(O48+X48+Y48+GK48,2),0) -> 0 | GO48: =IF(BI48=2,ROUND(O48+X48+Y48+GK48,2),0) -> 0 | GP48: =IF(BI48=4,ROUND(O48+X48+Y48+GK48,2)+GX48,0) -> 0 | GR48: 0 | GS48: 3 | GT48: 0 | GV48: =ROUND((GT48),2) -> 0 | GW48: 1 | GX48: =ROUND(HC48*I48,2) -> 0 | HA48: 0 | HB48: 0 | HC48: =GV48*GW48 -> 0 | IK48: 0
A49: 18 | B49: 1 | C49: 63 | E49: 11,4 | F49: 11.3.03.14-0011 | G49: Заглушки торцевая для пластикового плинтуса правая, высота 48 мм | H49: 100 шт. | I49: =I45*J49 -> 0.1 | J49: 0.079706679 | O49: =ROUND(CP49,2) -> 42.27 | P49: =ROUND(CQ49*I49,2) -> 42.27 | Q49: =ROUND(CR49*I49,2) -> 0 | R49: =ROUND(CS49*I49,2) -> 0 | S49: =ROUND(CT49*I49,2) -> 0 | T49: =ROUND(CU49*I49,2) -> 0 | U49: =CV49*I49 -> 0 | V49: =CW49*I49 -> 0 | W49: =ROUND(CX49*I49,2) -> 0 | X49: =ROUND(CY49,2) -> 0 | Y49: =ROUND(CZ49,2) -> 0 | AA49: 16802145 | AB49: =ROUND((AC49+AD49+AF49),2) -> 63 | AC49: =ROUND((ES49),2) -> 63 | AD49: =ROUND((((ET49)-(EU49))+AE49),2) -> 0 | AE49: =ROUND((EU49),2) -> 0 | AF49: =ROUND((EV49),2) -> 0 | AG49: =ROUND((AP49),2) -> 0 | AH49: =(EW49) -> 0 | AI49: =(EX49) -> 0 | AJ49: =(AS49) -> 0 | AK49: 63 | AL49: 63 | AM49: 0 | AN49: 0 | AO49: 0 | AP49: 0 | AQ49: 0 | AR49: 0 | AS49: 0 | AT49: 111 | AU49: 64 | AV49: 1 | AW49: 1 | AZ49: 6.71 | BA49: 1 | BB49: 1 | BC49: 6.71 | BH49: 3 | BI49: 1 | BJ49: ФССЦ-2001, 11.3.03.14-0011, приказ Минстроя России №1039/пр от 30.12.2016г. | BM49: 11001 | BN49: 0 | BP49: 0 | BQ49: 2 | BR49: 0 | BS49: 1 | BT49: 1 | BU49: 1 | BV49: 1 | BW49: 1 | BX49: 1 | BZ49: 123 | CA49: 75 | CE49: 0 | CF49: 0 | CG49: 0 | CM49: 0 | CO49: 0 | CP49: =(P49+Q49+S49) -> 42.27 | CQ49: =AC49*BC49 -> 422.73 | CR49: =AD49*BB49 -> 0 | CS49: =AE49*BS49 -> 0 | CT49: =AF49*BA49 -> 0 | CU49: =AG49 -> 0 | CV49: =AH49 -> 0 | CW49: =AI49 -> 0 | CX49: =AJ49 -> 0 | CY49: =(((S49+R49)*AT49)/100) -> 0 | CZ49: =(((S49+R49)*AU49)/100) -> 0 | DN49: 0 | DO49: 0 | DP49: 1 | DQ49: 1 | DU49: 1010 | DV49: 100 шт. | DW49: 100 шт. | DX49: 100 | EE49: 16510488 | EF49: 2 | EG49: Общестроительные работы | EH49: 0 | EJ49: 1 | EK49: 11001 | EL49: Полы | EM49: ФЕР-11 | EQ49: 0 | ER49: 63 | ES49: 63 | ET49: 0 | EU49: 0 | EV49: 0 | EW49: 0 | EX49: 0 | FQ49: 0 | FR49: =ROUND(IF(AND(BH49=3,BI49=3),P49,0),2) -> 0 | FS49: 0 | FT49: *0,9 | FU49: *0,85 | FX49: 110.7 | FY49: 63.75 | GD49: 0 | GF49: 1906340979 | GG49: 1 | GH49: 1 | GI49: 4 | GJ49: 0 | GK49: =ROUND(R49*(R12)/100,2) -> 0 | GL49: =ROUND(IF(AND(BH49=3,BI49=3,FS49<>0),P49,0),2) -> 0 | GM49: =ROUND(O49+X49+Y49+GK49,2)+GX49 -> 42.27 | GN49: =IF(OR(BI49=0,BI49=1),ROUND(O49+X49+Y49+GK49,2),0) -> 42.27 | GO49: =IF(BI49=2,ROUND(O49+X49+Y49+GK49,2),0) -> 0 | GP49: =IF(BI49=4,ROUND(O49+X49+Y49+GK49,2)+GX49,0) -> 0 | GR49: 0 | GS49: 0 | GT49: 0 | GV49: =ROUND((GT49),2) -> 0 | GW49: 1 | GX49: =ROUND(HC49*I49,2) -> 0 | HA49: 0 | HB49: 0 | HC49: =GV49*GW49 -> 0 | IK49: 0
A50: 18 | B50: 1 | C50: 62 | E50: 11,5 | F50: 11.3.03.14-0001 | G50: Заглушка торцевая для пластикового плинтуса левая, высота 48 мм | H50: 100 шт. | I50: =I45*J50 -> 0.1 | J50: 0.079706679 | O50: =ROUND(CP50,2) -> 42.27 | P50: =ROUND(CQ50*I50,2) -> 42.27 | Q50: =ROUND(CR50*I50,2) -> 0 | R50: =ROUND(CS50*I50,2) -> 0 | S50: =ROUND(CT50*I50,2) -> 0 | T50: =ROUND(CU50*I50,2) -> 0 | U50: =CV50*I50 -> 0 | V50: =CW50*I50 -> 0 | W50: =ROUND(CX50*I50,2) -> 0 | X50: =ROUND(CY50,2) -> 0 | Y50: =ROUND(CZ50,2) -> 0 | AA50: 16802145 | AB50: =ROUND((AC50+AD50+AF50),2) -> 63 | AC50: =ROUND((ES50),2) -> 63 | AD50: =ROUND((((ET50)-(EU50))+AE50),2) -> 0 | AE50: =ROUND((EU50),2) -> 0 | AF50: =ROUND((EV50),2) -> 0 | AG50: =ROUND((AP50),2) -> 0 | AH50: =(EW50) -> 0 | AI50: =(EX50) -> 0 | AJ50: =(AS50) -> 0 | AK50: 63 | AL50: 63 | AM50: 0 | AN50: 0 | AO50: 0 | AP50: 0 | AQ50: 0 | AR50: 0 | AS50: 0 | AT50: 111 | AU50: 64 | AV50: 1 | AW50: 1 | AZ50: 6.71 | BA50: 1 | BB50: 1 | BC50: 6.71 | BH50: 3 | BI50: 1 | BJ50: ФССЦ-2001, 11.3.03.14-0001, приказ Минстроя России №1039/пр от 30.12.2016г. | BM50: 11001 | BN50: 0 | BP50: 0 | BQ50: 2 | BR50: 0 | BS50: 1 | BT50: 1 | BU50: 1 | BV50: 1 | BW50: 1 | BX50: 1 | BZ50: 123 | CA50: 75 | CE50: 0 | CF50: 0 | CG50: 0 | CM50: 0 | CO50: 0 | CP50: =(P50+Q50+S50) -> 42.27 | CQ50: =AC50*BC50 -> 422.73 | CR50: =AD50*BB50 -> 0 | CS50: =AE50*BS50 -> 0 | CT50: =AF50*BA50 -> 0 | CU50: =AG50 -> 0 | CV50: =AH50 -> 0 | CW50: =AI50 -> 0 | CX50: =AJ50 -> 0 | CY50: =(((S50+R50)*AT50)/100) -> 0 | CZ50: =(((S50+R50)*AU50)/100) -> 0 | DN50: 0 | DO50: 0 | DP50: 1 | DQ50: 1 | DU50: 1010 | DV50: 100 шт. | DW50: 100 шт. | DX50: 100 | EE50: 16510488 | EF50: 2 | EG50: Общестроительные работы | EH50: 0 | EJ50: 1 | EK50: 11001 | EL50: Полы | EM50: ФЕР-11 | EQ50: 0 | ER50: 63 | ES50: 63 | ET50: 0 | EU50: 0 | EV50: 0 | EW50: 0 | EX50: 0 | FQ50: 0 | FR50: =ROUND(IF(AND(BH50=3,BI50=3),P50,0),2) -> 0 | FS50: 0 | FT50: *0,9 | FU50: *0,85 | FX50: 110.7 | FY50: 63.75 | GD50: 0 | GF50: 1345842772 | GG50: 1 | GH50: 1 | GI50: 4 | GJ50: 0 | GK50: =ROUND(R50*(R12)/100,2) -> 0 | GL50: =ROUND(IF(AND(BH50=3,BI50=3,FS50<>0),P50,0),2) -> 0 | GM50: =ROUND(O50+X50+Y50+GK50,2)+GX50 -> 42.27 | GN50: =IF(OR(BI50=0,BI50=1),ROUND(O50+X50+Y50+GK50,2),0) -> 42.27 | GO50: =IF(BI50=2,ROUND(O50+X50+Y50+GK50,2),0) -> 0 | GP50: =IF(BI50=4,ROUND(O50+X50+Y50+GK50,2)+GX50,0) -> 0 | GR50: 0 | GS50: 0 | GT50: 0 | GV50: =ROUND((GT50),2) -> 0 | GW50: 1 | GX50: =ROUND(HC50*I50,2) -> 0 | HA50: 0 | HB50: 0 | HC50: =GV50*GW50 -> 0 | IK50: 0
A51: 18 | B51: 1 | C51: 64 | E51: 11,6 | F51: 11.3.03.14-0021 | G51: Соединитель для пластикового плинтуса, высота 48 мм | H51: 100 шт. | I51: =I45*J51 -> 0.5 | J51: 0.3985334 | O51: =ROUND(CP51,2) -> 429.44 | P51: =ROUND(CQ51*I51,2) -> 429.44 | Q51: =ROUND(CR51*I51,2) -> 0 | R51: =ROUND(CS51*I51,2) -> 0 | S51: =ROUND(CT51*I51,2) -> 0 | T51: =ROUND(CU51*I51,2) -> 0 | U51: =CV51*I51 -> 0 | V51: =CW51*I51 -> 0 | W51: =ROUND(CX51*I51,2) -> 0 | X51: =ROUND(CY51,2) -> 0 | Y51: =ROUND(CZ51,2) -> 0 | AA51: 16802145 | AB51: =ROUND((AC51+AD51+AF51),2) -> 128 | AC51: =ROUND((ES51),2) -> 128 | AD51: =ROUND((((ET51)-(EU51))+AE51),2) -> 0 | AE51: =ROUND((EU51),2) -> 0 | AF51: =ROUND((EV51),2) -> 0 | AG51: =ROUND((AP51),2) -> 0 | AH51: =(EW51) -> 0 | AI51: =(EX51) -> 0 | AJ51: =(AS51) -> 0 | AK51: 128 | AL51: 128 | AM51: 0 | AN51: 0 | AO51: 0 | AP51: 0 | AQ51: 0 | AR51: 0 | AS51: 0 | AT51: 111 | AU51: 64 | AV51: 1 | AW51: 1 | AZ51: 6.71 | BA51: 1 | BB51: 1 | BC51: 6.71 | BH51: 3 | BI51: 1 | BJ51: ФССЦ-2001, 11.3.03.14-0021, приказ Минстроя России №1039/пр от 30.12.2016г. | BM51: 11001 | BN51: 0 | BP51: 0 | BQ51: 2 | BR51: 0 | BS51: 1 | BT51: 1 | BU51: 1 | BV51: 1 | BW51: 1 | BX51: 1 | BZ51: 123 | CA51: 75 | CE51: 0 | CF51: 0 | CG51: 0 | CM51: 0 | CO51: 0 | CP51: =(P51+Q51+S51) -> 429.44 | CQ51: =AC51*BC51 -> 858.88 | CR51: =AD51*BB51 -> 0 | CS51: =AE51*BS51 -> 0 | CT51: =AF51*BA51 -> 0 | CU51: =AG51 -> 0 | CV51: =AH51 -> 0 | CW51: =AI51 -> 0 | CX51: =AJ51 -> 0 | CY51: =(((S51+R51)*AT51)/100) -> 0 | CZ51: =(((S51+R51)*AU51)/100) -> 0 | DN51: 0 | DO51: 0 | DP51: 1 | DQ51: 1 | DU51: 1010 | DV51: 100 шт. | DW51: 100 шт. | DX51: 100 | EE51: 16510488 | EF51: 2 | EG51: Общестроительные работы | EH51: 0 | EJ51: 1 | EK51: 11001 | EL51: Полы | EM51: ФЕР-11 | EQ51: 0 | ER51: 128 | ES51: 128 | ET51: 0 | EU51: 0 | EV51: 0 | EW51: 0 | EX51: 0 | FQ51: 0 | FR51: =ROUND(IF(AND(BH51=3,BI51=3),P51,0),2) -> 0 | FS51: 0 | FT51: *0,9 | FU51: *0,85 | FX51: 110.7 | FY51: 63.75 | GD51: 0 | GF51: 848075668 | GG51: 1 | GH51: 1 | GI51: 4 | GJ51: 0 | GK51: =ROUND(R51*(R12)/100,2) -> 0 | GL51: =ROUND(IF(AND(BH51=3,BI51=3,FS51<>0),P51,0),2) -> 0 | GM51: =ROUND(O51+X51+Y51+GK51,2)+GX51 -> 429.44 | GN51: =IF(OR(BI51=0,BI51=1),ROUND(O51+X51+Y51+GK51,2),0) -> 429.44 | GO51: =IF(BI51=2,ROUND(O51+X51+Y51+GK51,2),0) -> 0 | GP51: =IF(BI51=4,ROUND(O51+X51+Y51+GK51,2)+GX51,0) -> 0 | GR51: 0 | GS51: 0 | GT51: 0 | GV51: =ROUND((GT51),2) -> 0 | GW51: 1 | GX51: =ROUND(HC51*I51,2) -> 0 | HA51: 0 | HB51: 0 | HC51: =GV51*GW51 -> 0 | IK51: 0
A52: 18 | B52: 1 | C52: 65 | E52: 11,7 | F52: 11.3.03.14-0031 | G52: Уголок внутренний для пластикового плинтуса, высота 48 мм | H52: 100 шт. | I52: =I45*J52 -> 0.08 | J52: 0.063765344 | O52: =ROUND(CP52,2) -> 68.71 | P52: =ROUND(CQ52*I52,2) -> 68.71 | Q52: =ROUND(CR52*I52,2) -> 0 | R52: =ROUND(CS52*I52,2) -> 0 | S52: =ROUND(CT52*I52,2) -> 0 | T52: =ROUND(CU52*I52,2) -> 0 | U52: =CV52*I52 -> 0 | V52: =CW52*I52 -> 0 | W52: =ROUND(CX52*I52,2) -> 0 | X52: =ROUND(CY52,2) -> 0 | Y52: =ROUND(CZ52,2) -> 0 | AA52: 16802145 | AB52: =ROUND((AC52+AD52+AF52),2) -> 128 | AC52: =ROUND((ES52),2) -> 128 | AD52: =ROUND((((ET52)-(EU52))+AE52),2) -> 0 | AE52: =ROUND((EU52),2) -> 0 | AF52: =ROUND((EV52),2) -> 0 | AG52: =ROUND((AP52),2) -> 0 | AH52: =(EW52) -> 0 | AI52: =(EX52) -> 0 | AJ52: =(AS52) -> 0 | AK52: 128 | AL52: 128 | AM52: 0 | AN52: 0 | AO52: 0 | AP52: 0 | AQ52: 0 | AR52: 0 | AS52: 0 | AT52: 111 | AU52: 64 | AV52: 1 | AW52: 1 | AZ52: 6.71 | BA52: 1 | BB52: 1 | BC52: 6.71 | BH52: 3 | BI52: 1 | BJ52: ФССЦ-2001, 11.3.03.14-0031, приказ Минстроя России №1039/пр от 30.12.2016г. | BM52: 11001 | BN52: 0 | BP52: 0 | BQ52: 2 | BR52: 0 | BS52: 1 | BT52: 1 | BU52: 1 | BV52: 1 | BW52: 1 | BX52: 1 | BZ52: 123 | CA52: 75 | CE52: 0 | CF52: 0 | CG52: 0 | CM52: 0 | CO52: 0 | CP52: =(P52+Q52+S52) -> 68.71 | CQ52: =AC52*BC52 -> 858.88 | CR52: =AD52*BB52 -> 0 | CS52: =AE52*BS52 -> 0 | CT52: =AF52*BA52 -> 0 | CU52: =AG52 -> 0 | CV52: =AH52 -> 0 | CW52: =AI52 -> 0 | CX52: =AJ52 -> 0 | CY52: =(((S52+R52)*AT52)/100) -> 0 | CZ52: =(((S52+R52)*AU52)/100) -> 0 | DN52: 0 | DO52: 0 | DP52: 1 | DQ52: 1 | DU52: 1010 | DV52: 100 шт. | DW52: 100 шт. | DX52: 100 | EE52: 16510488 | EF52: 2 | EG52: Общестроительные работы | EH52: 0 | EJ52: 1 | EK52: 11001 | EL52: Полы | EM52: ФЕР-11 | EQ52: 0 | ER52: 128 | ES52: 128 | ET52: 0 | EU52: 0 | EV52: 0 | EW52: 0 | EX52: 0 | FQ52: 0 | FR52: =ROUND(IF(AND(BH52=3,BI52=3),P52,0),2) -> 0 | FS52: 0 | FT52: *0,9 | FU52: *0,85 | FX52: 110.7 | FY52: 63.75 | GD52: 0 | GF52: 1508644261 | GG52: 1 | GH52: 1 | GI52: 4 | GJ52: 0 | GK52: =ROUND(R52*(R12)/100,2) -> 0 | GL52: =ROUND(IF(AND(BH52=3,BI52=3,FS52<>0),P52,0),2) -> 0 | GM52: =ROUND(O52+X52+Y52+GK52,2)+GX52 -> 68.71 | GN52: =IF(OR(BI52=0,BI52=1),ROUND(O52+X52+Y52+GK52,2),0) -> 68.71 | GO52: =IF(BI52=2,ROUND(O52+X52+Y52+GK52,2),0) -> 0 | GP52: =IF(BI52=4,ROUND(O52+X52+Y52+GK52,2)+GX52,0) -> 0 | GR52: 0 | GS52: 0 | GT52: 0 | GV52: =ROUND((GT52),2) -> 0 | GW52: 1 | GX52: =ROUND(HC52*I52,2) -> 0 | HA52: 0 | HB52: 0 | HC52: =GV52*GW52 -> 0 | IK52: 0
A53: 18 | B53: 1 | C53: 66 | E53: 11,8 | F53: 11.3.03.14-0033 | G53: Уголок наружный для пластикового плинтуса, высота 48 мм | H53: 100 шт. | I53: =I45*J53 -> 0.08 | J53: 0.063765344 | O53: =ROUND(CP53,2) -> 68.71 | P53: =ROUND(CQ53*I53,2) -> 68.71 | Q53: =ROUND(CR53*I53,2) -> 0 | R53: =ROUND(CS53*I53,2) -> 0 | S53: =ROUND(CT53*I53,2) -> 0 | T53: =ROUND(CU53*I53,2) -> 0 | U53: =CV53*I53 -> 0 | V53: =CW53*I53 -> 0 | W53: =ROUND(CX53*I53,2) -> 0 | X53: =ROUND(CY53,2) -> 0 | Y53: =ROUND(CZ53,2) -> 0 | AA53: 16802145 | AB53: =ROUND((AC53+AD53+AF53),2) -> 128 | AC53: =ROUND((ES53),2) -> 128 | AD53: =ROUND((((ET53)-(EU53))+AE53),2) -> 0 | AE53: =ROUND((EU53),2) -> 0 | AF53: =ROUND((EV53),2) -> 0 | AG53: =ROUND((AP53),2) -> 0 | AH53: =(EW53) -> 0 | AI53: =(EX53) -> 0 | AJ53: =(AS53) -> 0 | AK53: 128 | AL53: 128 | AM53: 0 | AN53: 0 | AO53: 0 | AP53: 0 | AQ53: 0 | AR53: 0 | AS53: 0 | AT53: 111 | AU53: 64 | AV53: 1 | AW53: 1 | AZ53: 6.71 | BA53: 1 | BB53: 1 | BC53: 6.71 | BH53: 3 | BI53: 1 | BJ53: ФССЦ-2001, 11.3.03.14-0033, приказ Минстроя России №1039/пр от 30.12.2016г. | BM53: 11001 | BN53: 0 | BP53: 0 | BQ53: 2 | BR53: 0 | BS53: 1 | BT53: 1 | BU53: 1 | BV53: 1 | BW53: 1 | BX53: 1 | BZ53: 123 | CA53: 75 | CE53: 0 | CF53: 0 | CG53: 0 | CM53: 0 | CO53: 0 | CP53: =(P53+Q53+S53) -> 68.71 | CQ53: =AC53*BC53 -> 858.88 | CR53: =AD53*BB53 -> 0 | CS53: =AE53*BS53 -> 0 | CT53: =AF53*BA53 -> 0 | CU53: =AG53 -> 0 | CV53: =AH53 -> 0 | CW53: =AI53 -> 0 | CX53: =AJ53 -> 0 | CY53: =(((S53+R53)*AT53)/100) -> 0 | CZ53: =(((S53+R53)*AU53)/100) -> 0 | DN53: 0 | DO53: 0 | DP53: 1 | DQ53: 1 | DU53: 1010 | DV53: 100 шт. | DW53: 100 шт. | DX53: 100 | EE53: 16510488 | EF53: 2 | EG53: Общестроительные работы | EH53: 0 | EJ53: 1 | EK53: 11001 | EL53: Полы | EM53: ФЕР-11 | EQ53: 0 | ER53: 128 | ES53: 128 | ET53: 0 | EU53: 0 | EV53: 0 | EW53: 0 | EX53: 0 | FQ53: 0 | FR53: =ROUND(IF(AND(BH53=3,BI53=3),P53,0),2) -> 0 | FS53: 0 | FT53: *0,9 | FU53: *0,85 | FX53: 110.7 | FY53: 63.75 | GD53: 0 | GF53: -1530028590 | GG53: 1 | GH53: 1 | GI53: 4 | GJ53: 0 | GK53: =ROUND(R53*(R12)/100,2) -> 0 | GL53: =ROUND(IF(AND(BH53=3,BI53=3,FS53<>0),P53,0),2) -> 0 | GM53: =ROUND(O53+X53+Y53+GK53,2)+GX53 -> 68.71 | GN53: =IF(OR(BI53=0,BI53=1),ROUND(O53+X53+Y53+GK53,2),0) -> 68.71 | GO53: =IF(BI53=2,ROUND(O53+X53+Y53+GK53,2),0) -> 0 | GP53: =IF(BI53=4,ROUND(O53+X53+Y53+GK53,2)+GX53,0) -> 0 | GR53: 0 | GS53: 0 | GT53: 0 | GV53: =ROUND((GT53),2) -> 0 | GW53: 1 | GX53: =ROUND(HC53*I53,2) -> 0 | HA53: 0 | HB53: 0 | HC53: =GV53*GW53 -> 0 | IK53: 0
A54: 18 | B54: 1 | C54: 58 | E54: 11,9 | F54: 11.3.03.14 | G54: Уголок внутренний для пластикового плинтуса | H54: шт. | I54: =I45*J54 -> 8 | J54: 6.3765344 | O54: =ROUND(CP54,2) -> 0 | P54: =ROUND(CQ54*I54,2) -> 0 | Q54: =ROUND(CR54*I54,2) -> 0 | R54: =ROUND(CS54*I54,2) -> 0 | S54: =ROUND(CT54*I54,2) -> 0 | T54: =ROUND(CU54*I54,2) -> 0 | U54: =CV54*I54 -> 0 | V54: =CW54*I54 -> 0 | W54: =ROUND(CX54*I54,2) -> 0 | X54: =ROUND(CY54,2) -> 0 | Y54: =ROUND(CZ54,2) -> 0 | AA54: 16802145 | AB54: =ROUND((AC54+AD54+AF54),2) -> 0 | AC54: =ROUND((ES54),2) -> 0 | AD54: =ROUND((((ET54)-(EU54))+AE54),2) -> 0 | AE54: =ROUND((EU54),2) -> 0 | AF54: =ROUND((EV54),2) -> 0 | AG54: =ROUND((AP54),2) -> 0 | AH54: =(EW54) -> 0 | AI54: =(EX54) -> 0 | AJ54: =(AS54) -> 0 | AK54: 0 | AL54: 0 | AM54: 0 | AN54: 0 | AO54: 0 | AP54: 0 | AQ54: 0 | AR54: 0 | AS54: 0 | AT54: 111 | AU54: 64 | AV54: 1 | AW54: 1 | AZ54: 6.71 | BA54: 1 | BB54: 1 | BC54: 6.71 | BH54: 3 | BI54: 1 | BM54: 11001 | BN54: 0 | BP54: 0 | BQ54: 2 | BR54: 0 | BS54: 1 | BT54: 1 | BU54: 1 | BV54: 1 | BW54: 1 | BX54: 1 | BZ54: 123 | CA54: 75 | CE54: 0 | CF54: 0 | CG54: 0 | CM54: 0 | CO54: 0 | CP54: =(P54+Q54+S54) -> 0 | CQ54: =AC54*BC54 -> 0 | CR54: =AD54*BB54 -> 0 | CS54: =AE54*BS54 -> 0 | CT54: =AF54*BA54 -> 0 | CU54: =AG54 -> 0 | CV54: =AH54 -> 0 | CW54: =AI54 -> 0 | CX54: =AJ54 -> 0 | CY54: =(((S54+R54)*AT54)/100) -> 0 | CZ54: =(((S54+R54)*AU54)/100) -> 0 | DN54: 0 | DO54: 0 | DP54: 1 | DQ54: 1 | DU54: 1010 | DV54: шт. | DW54: шт. | DX54: 1 | EE54: 16510488 | EF54: 2 | EG54: Общестроительные работы | EH54: 0 | EJ54: 1 | EK54: 11001 | EL54: Полы | EM54: ФЕР-11 | EQ54: 0 | ER54: 0 | ES54: 0 | ET54: 0 | EU54: 0 | EV54: 0 | EW54: 0 | EX54: 0 | FQ54: 0 | FR54: =ROUND(IF(AND(BH54=3,BI54=3),P54,0),2) -> 0 | FS54: 0 | FT54: *0,9 | FU54: *0,85 | FX54: 110.7 | FY54: 63.75 | GD54: 0 | GF54: 119324816 | GG54: 1 | GH54: 1 | GI54: 4 | GJ54: 0 | GK54: =ROUND(R54*(R12)/100,2) -> 0 | GL54: =ROUND(IF(AND(BH54=3,BI54=3,FS54<>0),P54,0),2) -> 0 | GM54: =ROUND(O54+X54+Y54+GK54,2)+GX54 -> 0 | GN54: =IF(OR(BI54=0,BI54=1),ROUND(O54+X54+Y54+GK54,2),0) -> 0 | GO54: =IF(BI54=2,ROUND(O54+X54+Y54+GK54,2),0) -> 0 | GP54: =IF(BI54=4,ROUND(O54+X54+Y54+GK54,2)+GX54,0) -> 0 | GR54: 0 | GS54: 3 | GT54: 0 | GV54: =ROUND((GT54),2) -> 0 | GW54: 1 | GX54: =ROUND(HC54*I54,2) -> 0 | HA54: 0 | HB54: 0 | HC54: =GV54*GW54 -> 0 | IK54: 0
A55: 18 | B55: 1 | C55: 59 | E55: 11,10 | F55: 11.3.03.14 | G55: Соединитель для пластикового плинтуса | H55: шт. | I55: =I45*J55 -> 50 | J55: 39.85334 | O55: =ROUND(CP55,2) -> 0 | P55: =ROUND(CQ55*I55,2) -> 0 | Q55: =ROUND(CR55*I55,2) -> 0 | R55: =ROUND(CS55*I55,2) -> 0 | S55: =ROUND(CT55*I55,2) -> 0 | T55: =ROUND(CU55*I55,2) -> 0 | U55: =CV55*I55 -> 0 | V55: =CW55*I55 -> 0 | W55: =ROUND(CX55*I55,2) -> 0 | X55: =ROUND(CY55,2) -> 0 | Y55: =ROUND(CZ55,2) -> 0 | AA55: 16802145 | AB55: =ROUND((AC55+AD55+AF55),2) -> 0 | AC55: =ROUND((ES55),2) -> 0 | AD55: =ROUND((((ET55)-(EU55))+AE55),2) -> 0 | AE55: =ROUND((EU55),2) -> 0 | AF55: =ROUND((EV55),2) -> 0 | AG55: =ROUND((AP55),2) -> 0 | AH55: =(EW55) -> 0 | AI55: =(EX55) -> 0 | AJ55: =(AS55) -> 0 | AK55: 0 | AL55: 0 | AM55: 0 | AN55: 0 | AO55: 0 | AP55: 0 | AQ55: 0 | AR55: 0 | AS55: 0 | AT55: 111 | AU55: 64 | AV55: 1 | AW55: 1 | AZ55: 6.71 | BA55: 1 | BB55: 1 | BC55: 6.71 | BH55: 3 | BI55: 1 | BM55: 11001 | BN55: 0 | BP55: 0 | BQ55: 2 | BR55: 0 | BS55: 1 | BT55: 1 | BU55: 1 | BV55: 1 | BW55: 1 | BX55: 1 | BZ55: 123 | CA55: 75 | CE55: 0 | CF55: 0 | CG55: 0 | CM55: 0 | CO55: 0 | CP55: =(P55+Q55+S55) -> 0 | CQ55: =AC55*BC55 -> 0 | CR55: =AD55*BB55 -> 0 | CS55: =AE55*BS55 -> 0 | CT55: =AF55*BA55 -> 0 | CU55: =AG55 -> 0 | CV55: =AH55 -> 0 | CW55: =AI55 -> 0 | CX55: =AJ55 -> 0 | CY55: =(((S55+R55)*AT55)/100) -> 0 | CZ55: =(((S55+R55)*AU55)/100) -> 0 | DN55: 0 | DO55: 0 | DP55: 1 | DQ55: 1 | DU55: 1010 | DV55: шт. | DW55: шт. | DX55: 1 | EE55: 16510488 | EF55: 2 | EG55: Общестроительные работы | EH55: 0 | EJ55: 1 | EK55: 11001 | EL55: Полы | EM55: ФЕР-11 | EQ55: 0 | ER55: 0 | ES55: 0 | ET55: 0 | EU55: 0 | EV55: 0 | EW55: 0 | EX55: 0 | FQ55: 0 | FR55: =ROUND(IF(AND(BH55=3,BI55=3),P55,0),2) -> 0 | FS55: 0 | FT55: *0,9 | FU55: *0,85 | FX55: 110.7 | FY55: 63.75 | GD55: 0 | GF55: 2133044040 | GG55: 1 | GH55: 1 | GI55: 4 | GJ55: 0 | GK55: =ROUND(R55*(R12)/100,2) -> 0 | GL55: =ROUND(IF(AND(BH55=3,BI55=3,FS55<>0),P55,0),2) -> 0 | GM55: =ROUND(O55+X55+Y55+GK55,2)+GX55 -> 0 | GN55: =IF(OR(BI55=0,BI55=1),ROUND(O55+X55+Y55+GK55,2),0) -> 0 | GO55: =IF(BI55=2,ROUND(O55+X55+Y55+GK55,2),0) -> 0 | GP55: =IF(BI55=4,ROUND(O55+X55+Y55+GK55,2)+GX55,0) -> 0 | GR55: 0 | GS55: 3 | GT55: 0 | GV55: =ROUND((GT55),2) -> 0 | GW55: 1 | GX55: =ROUND(HC55*I55,2) -> 0 | HA55: 0 | HB55: 0 | HC55: =GV55*GW55 -> 0 | IK55: 0
A56: 18 | B56: 1 | C56: 60 | E56: 11,11 | F56: 11.3.03.14 | G56: Заглушка торцевая для пластикового плинтуса левая | H56: шт. | I56: =I45*J56 -> 10 | J56: 7.9706679 | O56: =ROUND(CP56,2) -> 0 | P56: =ROUND(CQ56*I56,2) -> 0 | Q56: =ROUND(CR56*I56,2) -> 0 | R56: =ROUND(CS56*I56,2) -> 0 | S56: =ROUND(CT56*I56,2) -> 0 | T56: =ROUND(CU56*I56,2) -> 0 | U56: =CV56*I56 -> 0 | V56: =CW56*I56 -> 0 | W56: =ROUND(CX56*I56,2) -> 0 | X56: =ROUND(CY56,2) -> 0 | Y56: =ROUND(CZ56,2) -> 0 | AA56: 16802145 | AB56: =ROUND((AC56+AD56+AF56),2) -> 0 | AC56: =ROUND((ES56),2) -> 0 | AD56: =ROUND((((ET56)-(EU56))+AE56),2) -> 0 | AE56: =ROUND((EU56),2) -> 0 | AF56: =ROUND((EV56),2) -> 0 | AG56: =ROUND((AP56),2) -> 0 | AH56: =(EW56) -> 0 | AI56: =(EX56) -> 0 | AJ56: =(AS56) -> 0 | AK56: 0 | AL56: 0 | AM56: 0 | AN56: 0 | AO56: 0 | AP56: 0 | AQ56: 0 | AR56: 0 | AS56: 0 | AT56: 111 | AU56: 64 | AV56: 1 | AW56: 1 | AZ56: 6.71 | BA56: 1 | BB56: 1 | BC56: 6.71 | BH56: 3 | BI56: 1 | BM56: 11001 | BN56: 0 | BP56: 0 | BQ56: 2 | BR56: 0 | BS56: 1 | BT56: 1 | BU56: 1 | BV56: 1 | BW56: 1 | BX56: 1 | BZ56: 123 | CA56: 75 | CE56: 0 | CF56: 0 | CG56: 0 | CM56: 0 | CO56: 0 | CP56: =(P56+Q56+S56) -> 0 | CQ56: =AC56*BC56 -> 0 | CR56: =AD56*BB56 -> 0 | CS56: =AE56*BS56 -> 0 | CT56: =AF56*BA56 -> 0 | CU56: =AG56 -> 0 | CV56: =AH56 -> 0 | CW56: =AI56 -> 0 | CX56: =AJ56 -> 0 | CY56: =(((S56+R56)*AT56)/100) -> 0 | CZ56: =(((S56+R56)*AU56)/100) -> 0 | DN56: 0 | DO56: 0 | DP56: 1 | DQ56: 1 | DU56: 1010 | DV56: шт. | DW56: шт. | DX56: 1 | EE56: 16510488 | EF56: 2 | EG56: Общестроительные работы | EH56: 0 | EJ56: 1 | EK56: 11001 | EL56: Полы | EM56: ФЕР-11 | EQ56: 0 | ER56: 0 | ES56: 0 | ET56: 0 | EU56: 0 | EV56: 0 | EW56: 0 | EX56: 0 | FQ56: 0 | FR56: =ROUND(IF(AND(BH56=3,BI56=3),P56,0),2) -> 0 | FS56: 0 | FT56: *0,9 | FU56: *0,85 | FX56: 110.7 | FY56: 63.75 | GD56: 0 | GF56: 1953413105 | GG56: 1 | GH56: 1 | GI56: 4 | GJ56: 0 | GK56: =ROUND(R56*(R12)/100,2) -> 0 | GL56: =ROUND(IF(AND(BH56=3,BI56=3,FS56<>0),P56,0),2) -> 0 | GM56: =ROUND(O56+X56+Y56+GK56,2)+GX56 -> 0 | GN56: =IF(OR(BI56=0,BI56=1),ROUND(O56+X56+Y56+GK56,2),0) -> 0 | GO56: =IF(BI56=2,ROUND(O56+X56+Y56+GK56,2),0) -> 0 | GP56: =IF(BI56=4,ROUND(O56+X56+Y56+GK56,2)+GX56,0) -> 0 | GR56: 0 | GS56: 3 | GT56: 0 | GV56: =ROUND((GT56),2) -> 0 | GW56: 1 | GX56: =ROUND(HC56*I56,2) -> 0 | HA56: 0 | HB56: 0 | HC56: =GV56*GW56 -> 0 | IK56: 0
A57: 18 | B57: 1 | C57: 61 | E57: 11,12 | F57: 11.3.03.14 | G57: Заглушка торцевая для пластикового плинтуса правая | H57: шт. | I57: =I45*J57 -> 10 | J57: 7.9706679 | O57: =ROUND(CP57,2) -> 0 | P57: =ROUND(CQ57*I57,2) -> 0 | Q57: =ROUND(CR57*I57,2) -> 0 | R57: =ROUND(CS57*I57,2) -> 0 | S57: =ROUND(CT57*I57,2) -> 0 | T57: =ROUND(CU57*I57,2) -> 0 | U57: =CV57*I57 -> 0 | V57: =CW57*I57 -> 0 | W57: =ROUND(CX57*I57,2) -> 0 | X57: =ROUND(CY57,2) -> 0 | Y57: =ROUND(CZ57,2) -> 0 | AA57: 16802145 | AB57: =ROUND((AC57+AD57+AF57),2) -> 0 | AC57: =ROUND((ES57),2) -> 0 | AD57: =ROUND((((ET57)-(EU57))+AE57),2) -> 0 | AE57: =ROUND((EU57),2) -> 0 | AF57: =ROUND((EV57),2) -> 0 | AG57: =ROUND((AP57),2) -> 0 | AH57: =(EW57) -> 0 | AI57: =(EX57) -> 0 | AJ57: =(AS57) -> 0 | AK57: 0 | AL57: 0 | AM57: 0 | AN57: 0 | AO57: 0 | AP57: 0 | AQ57: 0 | AR57: 0 | AS57: 0 | AT57: 111 | AU57: 64 | AV57: 1 | AW57: 1 | AZ57: 6.71 | BA57: 1 | BB57: 1 | BC57: 6.71 | BH57: 3 | BI57: 1 | BM57: 11001 | BN57: 0 | BP57: 0 | BQ57: 2 | BR57: 0 | BS57: 1 | BT57: 1 | BU57: 1 | BV57: 1 | BW57: 1 | BX57: 1 | BZ57: 123 | CA57: 75 | CE57: 0 | CF57: 0 | CG57: 0 | CM57: 0 | CO57: 0 | CP57: =(P57+Q57+S57) -> 0 | CQ57: =AC57*BC57 -> 0 | CR57: =AD57*BB57 -> 0 | CS57: =AE57*BS57 -> 0 | CT57: =AF57*BA57 -> 0 | CU57: =AG57 -> 0 | CV57: =AH57 -> 0 | CW57: =AI57 -> 0 | CX57: =AJ57 -> 0 | CY57: =(((S57+R57)*AT57)/100) -> 0 | CZ57: =(((S57+R57)*AU57)/100) -> 0 | DN57: 0 | DO57: 0 | DP57: 1 | DQ57: 1 | DU57: 1010 | DV57: шт. | DW57: шт. | DX57: 1 | EE57: 16510488 | EF57: 2 | EG57: Общестроительные работы | EH57: 0 | EJ57: 1 | EK57: 11001 | EL57: Полы | EM57: ФЕР-11 | EQ57: 0 | ER57: 0 | ES57: 0 | ET57: 0 | EU57: 0 | EV57: 0 | EW57: 0 | EX57: 0 | FQ57: 0 | FR57: =ROUND(IF(AND(BH57=3,BI57=3),P57,0),2) -> 0 | FS57: 0 | FT57: *0,9 | FU57: *0,85 | FX57: 110.7 | FY57: 63.75 | GD57: 0 | GF57: -333106949 | GG57: 1 | GH57: 1 | GI57: 4 | GJ57: 0 | GK57: =ROUND(R57*(R12)/100,2) -> 0 | GL57: =ROUND(IF(AND(BH57=3,BI57=3,FS57<>0),P57,0),2) -> 0 | GM57: =ROUND(O57+X57+Y57+GK57,2)+GX57 -> 0 | GN57: =IF(OR(BI57=0,BI57=1),ROUND(O57+X57+Y57+GK57,2),0) -> 0 | GO57: =IF(BI57=2,ROUND(O57+X57+Y57+GK57,2),0) -> 0 | GP57: =IF(BI57=4,ROUND(O57+X57+Y57+GK57,2)+GX57,0) -> 0 | GR57: 0 | GS57: 3 | GT57: 0 | GV57: =ROUND((GT57),2) -> 0 | GW57: 1 | GX57: =ROUND(HC57*I57,2) -> 0 | HA57: 0 | HB57: 0 | HC57: =GV57*GW57 -> 0 | IK57: 0
A58: 17 | B58: 1 | C58: =ROW(SmtRes!A71) -> 71 | D58: =ROW(EtalonRes!A66) -> 66 | E58: 12 | F58: 11-01-049-01 | G58: Укладка металлического накладного профиля (порога) | H58: 100 м | I58: =ROUND(2.7/100,9) -> 0.027 | J58: 0 | O58: =ROUND(CP58,2) -> 44.87 | P58: =ROUND(CQ58*I58,2) -> 14.57 | Q58: =ROUND(CR58*I58,2) -> 0 | R58: =ROUND(CS58*I58,2) -> 0 | S58: =ROUND(CT58*I58,2) -> 30.3 | T58: =ROUND(CU58*I58,2) -> 0 | U58: =CV58*I58 -> 0.516672 | V58: =CW58*I58 -> 0 | W58: =ROUND(CX58*I58,2) -> 0 | X58: =ROUND(CY58,2) -> 33.63 | Y58: =ROUND(CZ58,2) -> 19.39 | AA58: 16802145 | AB58: =ROUND((AC58+AD58+AF58),2) -> 247.64 | AC58: =ROUND((ES58),2) -> 80.4 | AD58: =ROUND(((((ET58*1.25))-((EU58*1.25)))+AE58),2) -> 0 | AE58: =ROUND(((EU58*1.25)),2) -> 0 | AF58: =ROUND(((EV58*1.15)),2) -> 167.24 | AG58: =ROUND((AP58),2) -> 0 | AH58: =((EW58*1.15)) -> 19.136 | AI58: =((EX58*1.25)) -> 0 | AJ58: =(AS58) -> 0 | AK58: 225.83 | AL58: 80.4 | AM58: 0 | AN58: 0 | AO58: 145.43 | AP58: 0 | AQ58: 16.64 | AR58: 0 | AS58: 0 | AT58: 111 | AU58: 64 | AV58: 1 | AW58: 1 | AZ58: 6.71 | BA58: 6.71 | BB58: 6.71 | BC58: 6.71 | BH58: 0 | BI58: 1 | BJ58: ФЕР-2001, 11-01-049-01, приказ Минстроя России №1039/пр от 30.12.2016г. | BM58: 11001 | BN58: 0 | BP58: 0 | BQ58: 2 | BR58: 0 | BS58: 6.71 | BT58: 1 | BU58: 1 | BV58: 1 | BW58: 1 | BX58: 1 | BZ58: 123 | CA58: 75 | CE58: 0 | CF58: 0 | CG58: 0 | CM58: 0 | CN58: Поправка: МДС 81-35.2004, п.4.7 Наименование: Работы, выполняемые при реконструкции зданий и сооружений работы, аналогичные технологическим процессам в новом строительстве (в том числе возведение новых конструктивных элементов) стоимость которых определена по соответствующим сборникам ФЕР, кроме сборника № 46 «Работы при реконструкции зданий и сооружений» | CO58: 0 | CP58: =(P58+Q58+S58) -> 44.87 | CQ58: =AC58*BC58 -> 539.484 | CR58: =AD58*BB58 -> 0 | CS58: =AE58*BS58 -> 0 | CT58: =AF58*BA58 -> 1122.1804 | CU58: =AG58 -> 0 | CV58: =AH58 -> 19.136 | CW58: =AI58 -> 0 | CX58: =AJ58 -> 0 | CY58: =(((S58+R58)*AT58)/100) -> 33.633 | CZ58: =(((S58+R58)*AU58)/100) -> 19.392 | DE58: )*1,25 | DF58: )*1,25 | DG58: )*1,15 | DI58: )*1,15 | DJ58: )*1,25 | DN58: 0 | DO58: 0 | DP58: 1 | DQ58: 1 | DU58: 1003 | DV58: 100 м | DW58: 100 м | DX58: 100 | EE58: 16510488 | EF58: 2 | EG58: Общестроительные работы | EH58: 0 | EJ58: 1 | EK58: 11001 | EL58: Полы | EM58: ФЕР-11 | EO58: Поправка: МДС 81-35.2004, п.4.7 | EQ58: 131072 | ER58: 225.83 | ES58: 80.4 | ET58: 0 | EU58: 0 | EV58: 145.43 | EW58: 16.64 | EX58: 0 | EY58: 0 | FQ58: 0 | FR58: =ROUND(IF(AND(BH58=3,BI58=3),P58,0),2) -> 0 | FS58: 0 | FT58: *0,9 | FU58: *0,85 | FX58: 110.7 | FY58: 63.75 | GD58: 0 | GF58: 30217037 | GG58: 1 | GH58: 1 | GI58: 4 | GJ58: 0 | GK58: =ROUND(R58*(R12)/100,2) -> 0 | GL58: =ROUND(IF(AND(BH58=3,BI58=3,FS58<>0),P58,0),2) -> 0 | GM58: =ROUND(O58+X58+Y58+GK58,2)+GX58 -> 97.89 | GN58: =IF(OR(BI58=0,BI58=1),ROUND(O58+X58+Y58+GK58,2),0) -> 97.89 | GO58: =IF(BI58=2,ROUND(O58+X58+Y58+GK58,2),0) -> 0 | GP58: =IF(BI58=4,ROUND(O58+X58+Y58+GK58,2)+GX58,0) -> 0 | GR58: 0 | GS58: 0 | GT58: 0 | GV58: =ROUND((GT58),2) -> 0 | GW58: 1 | GX58: =ROUND(HC58*I58,2) -> 0 | HA58: 0 | HB58: 0 | HC58: =GV58*GW58 -> 0 | IK58: 0
A59: 18 | B59: 1 | C59: 71 | E59: 12,1 | F59: 09.2.03.02-0002 | G59: Профили стыкоперекрывающие из алюминиевых сплавов (порожки) с покрытием и антискользящей вставкой, шириной 39 мм, длиной до 1,8 м | H59: шт. | I59: =I58*J59 -> 1 | J59: 37.037037 | O59: =ROUND(CP59,2) -> 209.89 | P59: =ROUND(CQ59*I59,2) -> 209.89 | Q59: =ROUND(CR59*I59,2) -> 0 | R59: =ROUND(CS59*I59,2) -> 0 | S59: =ROUND(CT59*I59,2) -> 0 | T59: =ROUND(CU59*I59,2) -> 0 | U59: =CV59*I59 -> 0 | V59: =CW59*I59 -> 0 | W59: =ROUND(CX59*I59,2) -> 0 | X59: =ROUND(CY59,2) -> 0 | Y59: =ROUND(CZ59,2) -> 0 | AA59: 16802145 | AB59: =ROUND((AC59+AD59+AF59),2) -> 31.28 | AC59: =ROUND((ES59),2) -> 31.28 | AD59: =ROUND((((ET59)-(EU59))+AE59),2) -> 0 | AE59: =ROUND((EU59),2) -> 0 | AF59: =ROUND((EV59),2) -> 0 | AG59: =ROUND((AP59),2) -> 0 | AH59: =(EW59) -> 0 | AI59: =(EX59) -> 0 | AJ59: =(AS59) -> 0 | AK59: 31.28 | AL59: 31.28 | AM59: 0 | AN59: 0 | AO59: 0 | AP59: 0 | AQ59: 0 | AR59: 0 | AS59: 0 | AT59: 111 | AU59: 64 | AV59: 1 | AW59: 1 | AZ59: 6.71 | BA59: 1 | BB59: 1 | BC59: 6.71 | BH59: 3 | BI59: 1 | BJ59: ФССЦ-2001, 09.2.03.02-0002, приказ Минстроя России №1039/пр от 30.12.2016г. | BM59: 11001 | BN59: 0 | BP59: 0 | BQ59: 2 | BR59: 0 | BS59: 1 | BT59: 1 | BU59: 1 | BV59: 1 | BW59: 1 | BX59: 1 | BZ59: 123 | CA59: 75 | CE59: 0 | CF59: 0 | CG59: 0 | CM59: 0 | CO59: 0 | CP59: =(P59+Q59+S59) -> 209.89 | CQ59: =AC59*BC59 -> 209.8888 | CR59: =AD59*BB59 -> 0 | CS59: =AE59*BS59 -> 0 | CT59: =AF59*BA59 -> 0 | CU59: =AG59 -> 0 | CV59: =AH59 -> 0 | CW59: =AI59 -> 0 | CX59: =AJ59 -> 0 | CY59: =(((S59+R59)*AT59)/100) -> 0 | CZ59: =(((S59+R59)*AU59)/100) -> 0 | DN59: 0 | DO59: 0 | DP59: 1 | DQ59: 1 | DU59: 1010 | DV59: шт. | DW59: шт. | DX59: 1 | EE59: 16510488 | EF59: 2 | EG59: Общестроительные работы | EH59: 0 | EJ59: 1 | EK59: 11001 | EL59: Полы | EM59: ФЕР-11 | EQ59: 0 | ER59: 31.28 | ES59: 31.28 | ET59: 0 | EU59: 0 | EV59: 0 | EW59: 0 | EX59: 0 | FQ59: 0 | FR59: =ROUND(IF(AND(BH59=3,BI59=3),P59,0),2) -> 0 | FS59: 0 | FT59: *0,9 | FU59: *0,85 | FX59: 110.7 | FY59: 63.75 | GD59: 0 | GF59: 577992781 | GG59: 1 | GH59: 1 | GI59: 4 | GJ59: 0 | GK59: =ROUND(R59*(R12)/100,2) -> 0 | GL59: =ROUND(IF(AND(BH59=3,BI59=3,FS59<>0),P59,0),2) -> 0 | GM59: =ROUND(O59+X59+Y59+GK59,2)+GX59 -> 209.89 | GN59: =IF(OR(BI59=0,BI59=1),ROUND(O59+X59+Y59+GK59,2),0) -> 209.89 | GO59: =IF(BI59=2,ROUND(O59+X59+Y59+GK59,2),0) -> 0 | GP59: =IF(BI59=4,ROUND(O59+X59+Y59+GK59,2)+GX59,0) -> 0 | GR59: 0 | GS59: 0 | GT59: 0 | GV59: =ROUND((GT59),2) -> 0 | GW59: 1 | GX59: =ROUND(HC59*I59,2) -> 0 | HA59: 0 | HB59: 0 | HC59: =GV59*GW59 -> 0 | IK59: 0
A60: 18 | B60: 1 | C60: 70 | E60: 12,2 | F60: 09.2.03.02-0001 | G60: Профили стыкоперекрывающие из алюминиевых сплавов (порожки) с покрытием и антискользящей вставкой, шириной 39 мм, длиной 0,9 м | H60: шт. | I60: =I58*J60 -> 4 | J60: 148.14815 | O60: =ROUND(CP60,2) -> 404.48 | P60: =ROUND(CQ60*I60,2) -> 404.48 | Q60: =ROUND(CR60*I60,2) -> 0 | R60: =ROUND(CS60*I60,2) -> 0 | S60: =ROUND(CT60*I60,2) -> 0 | T60: =ROUND(CU60*I60,2) -> 0 | U60: =CV60*I60 -> 0 | V60: =CW60*I60 -> 0 | W60: =ROUND(CX60*I60,2) -> 0 | X60: =ROUND(CY60,2) -> 0 | Y60: =ROUND(CZ60,2) -> 0 | AA60: 16802145 | AB60: =ROUND((AC60+AD60+AF60),2) -> 15.07 | AC60: =ROUND((ES60),2) -> 15.07 | AD60: =ROUND((((ET60)-(EU60))+AE60),2) -> 0 | AE60: =ROUND((EU60),2) -> 0 | AF60: =ROUND((EV60),2) -> 0 | AG60: =ROUND((AP60),2) -> 0 | AH60: =(EW60) -> 0 | AI60: =(EX60) -> 0 | AJ60: =(AS60) -> 0 | AK60: 15.07 | AL60: 15.07 | AM60: 0 | AN60: 0 | AO60: 0 | AP60: 0 | AQ60: 0 | AR60: 0 | AS60: 0 | AT60: 111 | AU60: 64 | AV60: 1 | AW60: 1 | AZ60: 6.71 | BA60: 1 | BB60: 1 | BC60: 6.71 | BH60: 3 | BI60: 1 | BJ60: ФССЦ-2001, 09.2.03.02-0001, приказ Минстроя России №1039/пр от 30.12.2016г. | BM60: 11001 | BN60: 0 | BP60: 0 | BQ60: 2 | BR60: 0 | BS60: 1 | BT60: 1 | BU60: 1 | BV60: 1 | BW60: 1 | BX60: 1 | BZ60: 123 | CA60: 75 | CE60: 0 | CF60: 0 | CG60: 0 | CM60: 0 | CO60: 0 | CP60: =(P60+Q60+S60) -> 404.48 | CQ60: =AC60*BC60 -> 101.1197 | CR60: =AD60*BB60 -> 0 | CS60: =AE60*BS60 -> 0 | CT60: =AF60*BA60 -> 0 | CU60: =AG60 -> 0 | CV60: =AH60 -> 0 | CW60: =AI60 -> 0 | CX60: =AJ60 -> 0 | CY60: =(((S60+R60)*AT60)/100) -> 0 | CZ60: =(((S60+R60)*AU60)/100) -> 0 | DN60: 0 | DO60: 0 | DP60: 1 | DQ60: 1 | DU60: 1010 | DV60: шт. | DW60: шт. | DX60: 1 | EE60: 16510488 | EF60: 2 | EG60: Общестроительные работы | EH60: 0 | EJ60: 1 | EK60: 11001 | EL60: Полы | EM60: ФЕР-11 | EQ60: 0 | ER60: 15.07 | ES60: 15.07 | ET60: 0 | EU60: 0 | EV60: 0 | EW60: 0 | EX60: 0 | FQ60: 0 | FR60: =ROUND(IF(AND(BH60=3,BI60=3),P60,0),2) -> 0 | FS60: 0 | FT60: *0,9 | FU60: *0,85 | FX60: 110.7 | FY60: 63.75 | GD60: 0 | GF60: -1858633972 | GG60: 1 | GH60: 1 | GI60: 4 | GJ60: 0 | GK60: =ROUND(R60*(R12)/100,2) -> 0 | GL60: =ROUND(IF(AND(BH60=3,BI60=3,FS60<>0),P60,0),2) -> 0 | GM60: =ROUND(O60+X60+Y60+GK60,2)+GX60 -> 404.48 | GN60: =IF(OR(BI60=0,BI60=1),ROUND(O60+X60+Y60+GK60,2),0) -> 404.48 | GO60: =IF(BI60=2,ROUND(O60+X60+Y60+GK60,2),0) -> 0 | GP60: =IF(BI60=4,ROUND(O60+X60+Y60+GK60,2)+GX60,0) -> 0 | GR60: 0 | GS60: 0 | GT60: 0 | GV60: =ROUND((GT60),2) -> 0 | GW60: 1 | GX60: =ROUND(HC60*I60,2) -> 0 | HA60: 0 | HB60: 0 | HC60: =GV60*GW60 -> 0 | IK60: 0
A61: 18 | B61: 1 | C61: 69 | E61: 12,3 | F61: 09.2.03.02 | G61: Профили стыкоперекрывающие из алюминиевых сплавов (порожки) с покрытием | H61: м | I61: =I58*J61 -> 2.835 | J61: 105 | O61: =ROUND(CP61,2) -> 0 | P61: =ROUND(CQ61*I61,2) -> 0 | Q61: =ROUND(CR61*I61,2) -> 0 | R61: =ROUND(CS61*I61,2) -> 0 | S61: =ROUND(CT61*I61,2) -> 0 | T61: =ROUND(CU61*I61,2) -> 0 | U61: =CV61*I61 -> 0 | V61: =CW61*I61 -> 0 | W61: =ROUND(CX61*I61,2) -> 0 | X61: =ROUND(CY61,2) -> 0 | Y61: =ROUND(CZ61,2) -> 0 | AA61: 16802145 | AB61: =ROUND((AC61+AD61+AF61),2) -> 0 | AC61: =ROUND((ES61),2) -> 0 | AD61: =ROUND((((ET61)-(EU61))+AE61),2) -> 0 | AE61: =ROUND((EU61),2) -> 0 | AF61: =ROUND((EV61),2) -> 0 | AG61: =ROUND((AP61),2) -> 0 | AH61: =(EW61) -> 0 | AI61: =(EX61) -> 0 | AJ61: =(AS61) -> 0 | AK61: 0 | AL61: 0 | AM61: 0 | AN61: 0 | AO61: 0 | AP61: 0 | AQ61: 0 | AR61: 0 | AS61: 0 | AT61: 111 | AU61: 64 | AV61: 1 | AW61: 1 | AZ61: 6.71 | BA61: 1 | BB61: 1 | BC61: 6.71 | BH61: 3 | BI61: 1 | BM61: 11001 | BN61: 0 | BP61: 0 | BQ61: 2 | BR61: 0 | BS61: 1 | BT61: 1 | BU61: 1 | BV61: 1 | BW61: 1 | BX61: 1 | BZ61: 123 | CA61: 75 | CE61: 0 | CF61: 0 | CG61: 0 | CM61: 0 | CO61: 0 | CP61: =(P61+Q61+S61) -> 0 | CQ61: =AC61*BC61 -> 0 | CR61: =AD61*BB61 -> 0 | CS61: =AE61*BS61 -> 0 | CT61: =AF61*BA61 -> 0 | CU61: =AG61 -> 0 | CV61: =AH61 -> 0 | CW61: =AI61 -> 0 | CX61: =AJ61 -> 0 | CY61: =(((S61+R61)*AT61)/100) -> 0 | CZ61: =(((S61+R61)*AU61)/100) -> 0 | DN61: 0 | DO61: 0 | DP61: 1 | DQ61: 1 | DU61: 1003 | DV61: м | DW61: м | DX61: 1 | EE61: 16510488 | EF61: 2 | EG61: Общестроительные работы | EH61: 0 | EJ61: 1 | EK61: 11001 | EL61: Полы | EM61: ФЕР-11 | EQ61: 0 | ER61: 0 | ES61: 0 | ET61: 0 | EU61: 0 | EV61: 0 | EW61: 0 | EX61: 0 | FQ61: 0 | FR61: =ROUND(IF(AND(BH61=3,BI61=3),P61,0),2) -> 0 | FS61: 0 | FT61: *0,9 | FU61: *0,85 | FX61: 110.7 | FY61: 63.75 | GD61: 0 | GF61: 2101938969 | GG61: 1 | GH61: 1 | GI61: 4 | GJ61: 0 | GK61: =ROUND(R61*(R12)/100,2) -> 0 | GL61: =ROUND(IF(AND(BH61=3,BI61=3,FS61<>0),P61,0),2) -> 0 | GM61: =ROUND(O61+X61+Y61+GK61,2)+GX61 -> 0 | GN61: =IF(OR(BI61=0,BI61=1),ROUND(O61+X61+Y61+GK61,2),0) -> 0 | GO61: =IF(BI61=2,ROUND(O61+X61+Y61+GK61,2),0) -> 0 | GP61: =IF(BI61=4,ROUND(O61+X61+Y61+GK61,2)+GX61,0) -> 0 | GR61: 0 | GS61: 3 | GT61: 0 | GV61: =ROUND((GT61),2) -> 0 | GW61: 1 | GX61: =ROUND(HC61*I61,2) -> 0 | HA61: 0 | HB61: 0 | HC61: =GV61*GW61 -> 0 | IK61: 0
A62: 17 | B62: 1 | C62: =ROW(SmtRes!A80) -> 80 | D62: =ROW(EtalonRes!A74) -> 74 | E62: 13 | F62: 15-02-019-03 | G62: Сплошное выравнивание внутренних поверхностей (однослойное оштукатуривание) из сухих растворных смесей толщиной до 10 мм стен | H62: 100 м2 | I62: =ROUND(111.1/100,9) -> 1.111 | J62: 0 | O62: =ROUND(CP62,2) -> 2543.87 | P62: =ROUND(CQ62*I62,2) -> 9.24 | Q62: =ROUND(CR62*I62,2) -> 158.71 | R62: =ROUND(CS62*I62,2) -> 93.93 | S62: =ROUND(CT62*I62,2) -> 2375.92 | T62: =ROUND(CU62*I62,2) -> 0 | U62: =CV62*I62 -> 41.510849 | V62: =CW62*I62 -> 1.2915375 | W62: =ROUND(CX62*I62,2) -> 0 | X62: =ROUND(CY62,2) -> 2346.36 | Y62: =ROUND(CZ62,2) -> 1160.83 | AA62: 16802145 | AB62: =ROUND((AC62+AD62+AF62),2) -> 341.24 | AC62: =ROUND((ES62),2) -> 1.24 | AD62: =ROUND(((((ET62*1.25))-((EU62*1.25)))+AE62),2) -> 21.29 | AE62: =ROUND(((EU62*1.25)),2) -> 12.6 | AF62: =ROUND(((EV62*1.15)),2) -> 318.71 | AG62: =ROUND((AP62),2) -> 0 | AH62: =((EW62*1.15)) -> 37.3635 | AI62: =((EX62*1.25)) -> 1.1625 | AJ62: =(AS62) -> 0 | AK62: 295.41 | AL62: 1.24 | AM62: 17.03 | AN62: 10.08 | AO62: 277.14 | AP62: 0 | AQ62: 32.49 | AR62: 0.93 | AS62: 0 | AT62: 95 | AU62: 47 | AV62: 1 | AW62: 1 | AZ62: 6.71 | BA62: 6.71 | BB62: 6.71 | BC62: 6.71 | BH62: 0 | BI62: 1 | BJ62: ФЕР-2001, 15-02-019-03, приказ Минстроя России №1039/пр от 30.12.2016г. | BM62: 15001 | BN62: 0 | BP62: 0 | BQ62: 2 | BR62: 0 | BS62: 6.71 | BT62: 1 | BU62: 1 | BV62: 1 | BW62: 1 | BX62: 1 | BZ62: 105 | CA62: 55 | CE62: 0 | CF62: 0 | CG62: 0 | CM62: 0 | CN62: Поправка: МДС 81-35.2004, п.4.7 Наименование: Работы, выполняемые при реконструкции зданий и сооружений работы, аналогичные технологическим процессам в новом строительстве (в том числе возведение новых конструктивных элементов) стоимость которых определена по соответствующим сборникам ФЕР, кроме сборника № 46 «Работы при реконструкции зданий и сооружений» | CO62: 0 | CP62: =(P62+Q62+S62) -> 2543.87 | CQ62: =AC62*BC62 -> 8.3204 | CR62: =AD62*BB62 -> 142.8559 | CS62: =AE62*BS62 -> 84.546 | CT62: =AF62*BA62 -> 2138.5441 | CU62: =AG62 -> 0 | CV62: =AH62 -> 37.3635 | CW62: =AI62 -> 1.1625 | CX62: =AJ62 -> 0 | CY62: =(((S62+R62)*AT62)/100) -> 2346.3575 | CZ62: =(((S62+R62)*AU62)/100) -> 1160.8295 | DE62: )*1,25 | DF62: )*1,25 | DG62: )*1,15 | DI62: )*1,15 | DJ62: )*1,25 | DN62: 0 | DO62: 0 | DP62: 1 | DQ62: 1 | DU62: 1005 | DV62: 100 м2 | DW62: 100 м2 | DX62: 100 | EE62: 16510513 | EF62: 2 | EG62: Общестроительные работы | EH62: 0 | EJ62: 1 | EK62: 15001 | EL62: Отделочные работы | EM62: ФЕР-15 | EO62: Поправка: МДС 81-35.2004, п.4.7 | EQ62: 0 | ER62: 295.41 | ES62: 1.24 | ET62: 17.03 | EU62: 10.08 | EV62: 277.14 | EW62: 32.49 | EX62: 0.93 | EY62: 0 | FQ62: 0 | FR62: =ROUND(IF(AND(BH62=3,BI62=3),P62,0),2) -> 0 | FS62: 0 | FT62: *0,9 | FU62: *0,85 | FX62: 94.5 | FY62: 46.75 | GD62: 0 | GF62: -357803777 | GG62: 1 | GH62: 1 | GI62: 4 | GJ62: 0 | GK62: =ROUND(R62*(R12)/100,2) -> 0 | GL62: =ROUND(IF(AND(BH62=3,BI62=3,FS62<>0),P62,0),2) -> 0 | GM62: =ROUND(O62+X62+Y62+GK62,2)+GX62 -> 6051.06 | GN62: =IF(OR(BI62=0,BI62=1),ROUND(O62+X62+Y62+GK62,2),0) -> 6051.06 | GO62: =IF(BI62=2,ROUND(O62+X62+Y62+GK62,2),0) -> 0 | GP62: =IF(BI62=4,ROUND(O62+X62+Y62+GK62,2)+GX62,0) -> 0 | GR62: 0 | GS62: 3 | GT62: 0 | GV62: =ROUND((GT62),2) -> 0 | GW62: 1 | GX62: =ROUND(HC62*I62,2) -> 0 | HA62: 0 | HB62: 0 | HC62: =GV62*GW62 -> 0 | IK62: 0
A63: 18 | B63: 1 | C63: 79 | E63: 13,1 | F63: 04.3.02.09 | G63: Смеси на цементной основе | H63: т | I63: =I62*J63 -> 0.94435 | J63: 0.85 | O63: =ROUND(CP63,2) -> 0 | P63: =ROUND(CQ63*I63,2) -> 0 | Q63: =ROUND(CR63*I63,2) -> 0 | R63: =ROUND(CS63*I63,2) -> 0 | S63: =ROUND(CT63*I63,2) -> 0 | T63: =ROUND(CU63*I63,2) -> 0 | U63: =CV63*I63 -> 0 | V63: =CW63*I63 -> 0 | W63: =ROUND(CX63*I63,2) -> 0 | X63: =ROUND(CY63,2) -> 0 | Y63: =ROUND(CZ63,2) -> 0 | AA63: 16802145 | AB63: =ROUND((AC63+AD63+AF63),2) -> 0 | AC63: =ROUND((ES63),2) -> 0 | AD63: =ROUND((((ET63)-(EU63))+AE63),2) -> 0 | AE63: =ROUND((EU63),2) -> 0 | AF63: =ROUND((EV63),2) -> 0 | AG63: =ROUND((AP63),2) -> 0 | AH63: =(EW63) -> 0 | AI63: =(EX63) -> 0 | AJ63: =(AS63) -> 0 | AK63: 0 | AL63: 0 | AM63: 0 | AN63: 0 | AO63: 0 | AP63: 0 | AQ63: 0 | AR63: 0 | AS63: 0 | AT63: 95 | AU63: 47 | AV63: 1 | AW63: 1 | AZ63: 6.71 | BA63: 1 | BB63: 1 | BC63: 6.71 | BH63: 3 | BI63: 1 | BM63: 15001 | BN63: 0 | BP63: 0 | BQ63: 2 | BR63: 0 | BS63: 1 | BT63: 1 | BU63: 1 | BV63: 1 | BW63: 1 | BX63: 1 | BZ63: 105 | CA63: 55 | CE63: 0 | CF63: 0 | CG63: 0 | CM63: 0 | CO63: 0 | CP63: =(P63+Q63+S63) -> 0 | CQ63: =AC63*BC63 -> 0 | CR63: =AD63*BB63 -> 0 | CS63: =AE63*BS63 -> 0 | CT63: =AF63*BA63 -> 0 | CU63: =AG63 -> 0 | CV63: =AH63 -> 0 | CW63: =AI63 -> 0 | CX63: =AJ63 -> 0 | CY63: =(((S63+R63)*AT63)/100) -> 0 | CZ63: =(((S63+R63)*AU63)/100) -> 0 | DN63: 0 | DO63: 0 | DP63: 1 | DQ63: 1 | DU63: 1009 | DV63: т | DW63: т | DX63: 1000 | EE63: 16510513 | EF63: 2 | EG63: Общестроительные работы | EH63: 0 | EJ63: 1 | EK63: 15001 | EL63: Отделочные работы | EM63: ФЕР-15 | EQ63: 0 | ER63: 0 | ES63: 0 | ET63: 0 | EU63: 0 | EV63: 0 | EW63: 0 | EX63: 0 | FQ63: 0 | FR63: =ROUND(IF(AND(BH63=3,BI63=3),P63,0),2) -> 0 | FS63: 0 | FT63: *0,9 | FU63: *0,85 | FX63: 94.5 | FY63: 46.75 | GD63: 0 | GF63: 1880203204 | GG63: 1 | GH63: 1 | GI63: 4 | GJ63: 0 | GK63: =ROUND(R63*(R12)/100,2) -> 0 | GL63: =ROUND(IF(AND(BH63=3,BI63=3,FS63<>0),P63,0),2) -> 0 | GM63: =ROUND(O63+X63+Y63+GK63,2)+GX63 -> 0 | GN63: =IF(OR(BI63=0,BI63=1),ROUND(O63+X63+Y63+GK63,2),0) -> 0 | GO63: =IF(BI63=2,ROUND(O63+X63+Y63+GK63,2),0) -> 0 | GP63: =IF(BI63=4,ROUND(O63+X63+Y63+GK63,2)+GX63,0) -> 0 | GR63: 0 | GS63: 3 | GT63: 0 | GV63: =ROUND((GT63),2) -> 0 | GW63: 1 | GX63: =ROUND(HC63*I63,2) -> 0 | HA63: 0 | HB63: 0 | HC63: =GV63*GW63 -> 0 | IK63: 0
A64: 18 | B64: 1 | C64: 78 | E64: 13,2 | F64: 04.3.02.05-0002 | G64: Смесь штукатурная «Ротбанд», КНАУФ | H64: кг | I64: =I62*J64 -> 944.35 | J64: 850 | O64: =ROUND(CP64,2) -> 13116.74 | P64: =ROUND(CQ64*I64,2) -> 13116.74 | Q64: =ROUND(CR64*I64,2) -> 0 | R64: =ROUND(CS64*I64,2) -> 0 | S64: =ROUND(CT64*I64,2) -> 0 | T64: =ROUND(CU64*I64,2) -> 0 | U64: =CV64*I64 -> 0 | V64: =CW64*I64 -> 0 | W64: =ROUND(CX64*I64,2) -> 0 | X64: =ROUND(CY64,2) -> 0 | Y64: =ROUND(CZ64,2) -> 0 | AA64: 16802145 | AB64: =ROUND((AC64+AD64+AF64),2) -> 2.07 | AC64: =ROUND((ES64),2) -> 2.07 | AD64: =ROUND((((ET64)-(EU64))+AE64),2) -> 0 | AE64: =ROUND((EU64),2) -> 0 | AF64: =ROUND((EV64),2) -> 0 | AG64: =ROUND((AP64),2) -> 0 | AH64: =(EW64) -> 0 | AI64: =(EX64) -> 0 | AJ64: =(AS64) -> 0 | AK64: 2.07 | AL64: 2.07 | AM64: 0 | AN64: 0 | AO64: 0 | AP64: 0 | AQ64: 0 | AR64: 0 | AS64: 0 | AT64: 79 | AU64: 50 | AV64: 1 | AW64: 1 | AZ64: 6.71 | BA64: 1 | BB64: 1 | BC64: 6.71 | BH64: 3 | BI64: 1 | BJ64: ФССЦ-2001, 04.3.02.05-0002, приказ Минстроя России №1039/пр от 30.12.2016г. | BM64: 61001 | BN64: 0 | BP64: 0 | BQ64: 6 | BR64: 0 | BS64: 1 | BT64: 1 | BU64: 1 | BV64: 1 | BW64: 1 | BX64: 1 | BZ64: 79 | CA64: 50 | CE64: 0 | CF64: 0 | CG64: 0 | CM64: 0 | CO64: 0 | CP64: =(P64+Q64+S64) -> 13116.74 | CQ64: =AC64*BC64 -> 13.8897 | CR64: =AD64*BB64 -> 0 | CS64: =AE64*BS64 -> 0 | CT64: =AF64*BA64 -> 0 | CU64: =AG64 -> 0 | CV64: =AH64 -> 0 | CW64: =AI64 -> 0 | CX64: =AJ64 -> 0 | CY64: =(((S64+R64)*AT64)/100) -> 0 | CZ64: =(((S64+R64)*AU64)/100) -> 0 | DN64: 0 | DO64: 0 | DP64: 1 | DQ64: 1 | DU64: 1009 | DV64: кг | DW64: кг | DX64: 1 | EE64: 16510570 | EF64: 6 | EG64: Ремонтно-строительные работы | EH64: 0 | EJ64: 1 | EK64: 61001 | EL64: Штукатрурные работы | EM64: рФЕР-61 | EQ64: 0 | ER64: 2.07 | ES64: 2.07 | ET64: 0 | EU64: 0 | EV64: 0 | EW64: 0 | EX64: 0 | FQ64: 0 | FR64: =ROUND(IF(AND(BH64=3,BI64=3),P64,0),2) -> 0 | FS64: 0 | FX64: 79 | FY64: 50 | GD64: 0 | GF64: -60067644 | GG64: 1 | GH64: 1 | GI64: 4 | GJ64: 0 | GK64: =ROUND(R64*(R12)/100,2) -> 0 | GL64: =ROUND(IF(AND(BH64=3,BI64=3,FS64<>0),P64,0),2) -> 0 | GM64: =ROUND(O64+X64+Y64+GK64,2)+GX64 -> 13116.74 | GN64: =IF(OR(BI64=0,BI64=1),ROUND(O64+X64+Y64+GK64,2),0) -> 13116.74 | GO64: =IF(BI64=2,ROUND(O64+X64+Y64+GK64,2),0) -> 0 | GP64: =IF(BI64=4,ROUND(O64+X64+Y64+GK64,2)+GX64,0) -> 0 | GR64: 0 | GS64: 0 | GT64: 0 | GV64: =ROUND((GT64),2) -> 0 | GW64: 1 | GX64: =ROUND(HC64*I64,2) -> 0 | HA64: 0 | HB64: 0 | HC64: =GV64*GW64 -> 0 | IK64: 0
A65: 18 | B65: 1 | C65: 80 | E65: 13,3 | F65: 14.3.01.01-0001 | G65: Грунтовка: «Бетоконтакт», КНАУФ | H65: кг | I65: =I62*J65 -> 0.014443 | J65: 0.013 | O65: =ROUND(CP65,2) -> 1.46 | P65: =ROUND(CQ65*I65,2) -> 1.46 | Q65: =ROUND(CR65*I65,2) -> 0 | R65: =ROUND(CS65*I65,2) -> 0 | S65: =ROUND(CT65*I65,2) -> 0 | T65: =ROUND(CU65*I65,2) -> 0 | U65: =CV65*I65 -> 0 | V65: =CW65*I65 -> 0 | W65: =ROUND(CX65*I65,2) -> 0 | X65: =ROUND(CY65,2) -> 0 | Y65: =ROUND(CZ65,2) -> 0 | AA65: 16802145 | AB65: =ROUND((AC65+AD65+AF65),2) -> 15.09 | AC65: =ROUND((ES65),2) -> 15.09 | AD65: =ROUND((((ET65)-(EU65))+AE65),2) -> 0 | AE65: =ROUND((EU65),2) -> 0 | AF65: =ROUND((EV65),2) -> 0 | AG65: =ROUND((AP65),2) -> 0 | AH65: =(EW65) -> 0 | AI65: =(EX65) -> 0 | AJ65: =(AS65) -> 0 | AK65: 15.09 | AL65: 15.09 | AM65: 0 | AN65: 0 | AO65: 0 | AP65: 0 | AQ65: 0 | AR65: 0 | AS65: 0 | AT65: 95 | AU65: 47 | AV65: 1 | AW65: 1 | AZ65: 6.71 | BA65: 1 | BB65: 1 | BC65: 6.71 | BH65: 3 | BI65: 1 | BJ65: ФССЦ-2001, 14.3.01.01-0001, приказ Минстроя России №1039/пр от 30.12.2016г. | BM65: 15001 | BN65: 0 | BP65: 0 | BQ65: 2 | BR65: 0 | BS65: 1 | BT65: 1 | BU65: 1 | BV65: 1 | BW65: 1 | BX65: 1 | BZ65: 105 | CA65: 55 | CE65: 0 | CF65: 0 | CG65: 0 | CM65: 0 | CO65: 0 | CP65: =(P65+Q65+S65) -> 1.46 | CQ65: =AC65*BC65 -> 101.2539 | CR65: =AD65*BB65 -> 0 | CS65: =AE65*BS65 -> 0 | CT65: =AF65*BA65 -> 0 | CU65: =AG65 -> 0 | CV65: =AH65 -> 0 | CW65: =AI65 -> 0 | CX65: =AJ65 -> 0 | CY65: =(((S65+R65)*AT65)/100) -> 0 | CZ65: =(((S65+R65)*AU65)/100) -> 0 | DN65: 0 | DO65: 0 | DP65: 1 | DQ65: 1 | DU65: 1009 | DV65: кг | DW65: кг | DX65: 1 | EE65: 16510513 | EF65: 2 | EG65: Общестроительные работы | EH65: 0 | EJ65: 1 | EK65: 15001 | EL65: Отделочные работы | EM65: ФЕР-15 | EQ65: 0 | ER65: 15.09 | ES65: 15.09 | ET65: 0 | EU65: 0 | EV65: 0 | EW65: 0 | EX65: 0 | FQ65: 0 | FR65: =ROUND(IF(AND(BH65=3,BI65=3),P65,0),2) -> 0 | FS65: 0 | FT65: *0,9 | FU65: *0,85 | FX65: 94.5 | FY65: 46.75 | GD65: 0 | GF65: 1453462043 | GG65: 1 | GH65: 1 | GI65: 4 | GJ65: 0 | GK65: =ROUND(R65*(R12)/100,2) -> 0 | GL65: =ROUND(IF(AND(BH65=3,BI65=3,FS65<>0),P65,0),2) -> 0 | GM65: =ROUND(O65+X65+Y65+GK65,2)+GX65 -> 1.46 | GN65: =IF(OR(BI65=0,BI65=1),ROUND(O65+X65+Y65+GK65,2),0) -> 1.46 | GO65: =IF(BI65=2,ROUND(O65+X65+Y65+GK65,2),0) -> 0 | GP65: =IF(BI65=4,ROUND(O65+X65+Y65+GK65,2)+GX65,0) -> 0 | GR65: 0 | GS65: 3 | GT65: 0 | GV65: =ROUND((GT65),2) -> 0 | GW65: 1 | GX65: =ROUND(HC65*I65,2) -> 0 | HA65: 0 | HB65: 0 | HC65: =GV65*GW65 -> 0 | IK65: 0
A66: 17 | B66: 1 | C66: =ROW(SmtRes!A88) -> 88 | D66: =ROW(EtalonRes!A81) -> 81 | E66: 14 | F66: 15-02-019-07 | G66: Сплошное выравнивание внутренних поверхностей (однослойное оштукатуривание) из сухих растворных смесей на каждый 1 мм изменения толщины слоя добавлять или исключать к расценке 15-02-019-03 | H66: 100 м2 | I66: =ROUND(111.1/100,9) -> 1.111 | J66: 0 | O66: =ROUND(CP66,2) -> 2432.29 | P66: =ROUND(CQ66*I66,2) -> 8.95 | Q66: =ROUND(CR66*I66,2) -> 156.63 | R66: =ROUND(CS66*I66,2) -> 92.29 | S66: =ROUND(CT66*I66,2) -> 2266.71 | T66: =ROUND(CU66*I66,2) -> 0 | U66: =CV66*I66 -> 39.60715 | V66: =CW66*I66 -> 1.249875 | W66: =ROUND(CX66*I66,2) -> 0 | X66: =ROUND(CY66,2) -> 2241.05 | Y66: =ROUND(CZ66,2) -> 1108.73 | AA66: 16802145 | AB66: =ROUND((AC66+AD66+AF66),2) -> 326.27 | AC66: =ROUND(((ES66*10)),2) -> 1.2 | AD66: =ROUND(((((ET66*1.25*10))-((EU66*1.25*10)))+AE66),2) -> 21.01 | AE66: =ROUND(((EU66*1.25*10)),2) -> 12.38 | AF66: =ROUND(((EV66*1.15*10)),2) -> 304.06 | AG66: =ROUND((AP66),2) -> 0 | AH66: =((EW66*1.15*10)) -> 35.65 | AI66: =((EX66*1.25*10)) -> 1.125 | AJ66: =(AS66) -> 0 | AK66: 28.24 | AL66: 0.12 | AM66: 1.68 | AN66: 0.99 | AO66: 26.44 | AP66: 0 | AQ66: 3.1 | AR66: 0.09 | AS66: 0 | AT66: 95 | AU66: 47 | AV66: 1 | AW66: 1 | AZ66: 6.71 | BA66: 6.71 | BB66: 6.71 | BC66: 6.71 | BH66: 0 | BI66: 1 | BJ66: ФЕР-2001, 15-02-019-07, приказ Минстроя России №886/пр от 15.06.2017 | BM66: 15001 | BN66: 0 | BP66: 0 | BQ66: 2 | BR66: 0 | BS66: 6.71 | BT66: 1 | BU66: 1 | BV66: 1 | BW66: 1 | BX66: 1 | BZ66: 105 | CA66: 55 | CE66: 0 | CF66: 0 | CG66: 0 | CM66: 0 | CN66: Поправка: МДС 81-35.2004, п.4.7 Наименование: Работы, выполняемые при реконструкции зданий и сооружений работы, аналогичные технологическим процессам в новом строительстве (в том числе возведение новых конструктивных элементов) стоимость которых определена по соответствующим сборникам ФЕР, кроме сборника № 46 «Работы при реконструкции зданий и сооружений» | CO66: 0 | CP66: =(P66+Q66+S66) -> 2432.29 | CQ66: =AC66*BC66 -> 8.052 | CR66: =AD66*BB66 -> 140.9771 | CS66: =AE66*BS66 -> 83.0698 | CT66: =AF66*BA66 -> 2040.2426 | CU66: =AG66 -> 0 | CV66: =AH66 -> 35.65 | CW66: =AI66 -> 1.125 | CX66: =AJ66 -> 0 | CY66: =(((S66+R66)*AT66)/100) -> 2241.05 | CZ66: =(((S66+R66)*AU66)/100) -> 1108.73 | DD66: *10 | DE66: )*1,25*10 | DF66: )*1,25*10 | DG66: )*1,15*10 | DI66: )*1,15*10 | DJ66: )*1,25*10 | DN66: 0 | DO66: 0 | DP66: 1 | DQ66: 1 | DU66: 1005 | DV66: 100 м2 | DW66: 100 м2 | DX66: 100 | EE66: 16510513 | EF66: 2 | EG66: Общестроительные работы | EH66: 0 | EJ66: 1 | EK66: 15001 | EL66: Отделочные работы | EM66: ФЕР-15 | EO66: Поправка: МДС 81-35.2004, п.4.7 | EQ66: 0 | ER66: 28.24 | ES66: 0.12 | ET66: 1.68 | EU66: 0.99 | EV66: 26.44 | EW66: 3.1 | EX66: 0.09 | EY66: 0 | FQ66: 0 | FR66: =ROUND(IF(AND(BH66=3,BI66=3),P66,0),2) -> 0 | FS66: 0 | FT66: *0,9 | FU66: *0,85 | FX66: 94.5 | FY66: 46.75 | GD66: 0 | GF66: -1315765899 | GG66: 1 | GH66: 1 | GI66: 4 | GJ66: 0 | GK66: =ROUND(R66*(R12)/100,2) -> 0 | GL66: =ROUND(IF(AND(BH66=3,BI66=3,FS66<>0),P66,0),2) -> 0 | GM66: =ROUND(O66+X66+Y66+GK66,2)+GX66 -> 5782.07 | GN66: =IF(OR(BI66=0,BI66=1),ROUND(O66+X66+Y66+GK66,2),0) -> 5782.07 | GO66: =IF(BI66=2,ROUND(O66+X66+Y66+GK66,2),0) -> 0 | GP66: =IF(BI66=4,ROUND(O66+X66+Y66+GK66,2)+GX66,0) -> 0 | GR66: 0 | GS66: 3 | GT66: 0 | GV66: =ROUND((GT66),2) -> 0 | GW66: 1 | GX66: =ROUND(HC66*I66,2) -> 0 | HA66: 0 | HB66: 0 | HC66: =GV66*GW66 -> 0 | IK66: 0
A67: 18 | B67: 1 | C67: 88 | E67: 14,1 | F67: 04.3.02.09 | G67: Смеси на цементной основе | H67: т | I67: =I66*J67 -> 0.94435 | J67: 0.85 | O67: =ROUND(CP67,2) -> 0 | P67: =ROUND(CQ67*I67,2) -> 0 | Q67: =ROUND(CR67*I67,2) -> 0 | R67: =ROUND(CS67*I67,2) -> 0 | S67: =ROUND(CT67*I67,2) -> 0 | T67: =ROUND(CU67*I67,2) -> 0 | U67: =CV67*I67 -> 0 | V67: =CW67*I67 -> 0 | W67: =ROUND(CX67*I67,2) -> 0 | X67: =ROUND(CY67,2) -> 0 | Y67: =ROUND(CZ67,2) -> 0 | AA67: 16802145 | AB67: =ROUND((AC67+AD67+AF67),2) -> 0 | AC67: =ROUND((ES67),2) -> 0 | AD67: =ROUND((((ET67)-(EU67))+AE67),2) -> 0 | AE67: =ROUND((EU67),2) -> 0 | AF67: =ROUND((EV67),2) -> 0 | AG67: =ROUND((AP67),2) -> 0 | AH67: =(EW67) -> 0 | AI67: =(EX67) -> 0 | AJ67: =(AS67) -> 0 | AK67: 0 | AL67: 0 | AM67: 0 | AN67: 0 | AO67: 0 | AP67: 0 | AQ67: 0 | AR67: 0 | AS67: 0 | AT67: 95 | AU67: 47 | AV67: 1 | AW67: 1 | AZ67: 6.71 | BA67: 1 | BB67: 1 | BC67: 6.71 | BH67: 3 | BI67: 1 | BM67: 15001 | BN67: 0 | BP67: 0 | BQ67: 2 | BR67: 0 | BS67: 1 | BT67: 1 | BU67: 1 | BV67: 1 | BW67: 1 | BX67: 1 | BZ67: 105 | CA67: 55 | CE67: 0 | CF67: 0 | CG67: 0 | CM67: 0 | CN67: Поправка: МДС 81-35.2004, п.4.7 Наименование: Работы, выполняемые при реконструкции зданий и сооружений работы, аналогичные технологическим процессам в новом строительстве (в том числе возведение новых конструктивных элементов) стоимость которых определена по соответствующим сборникам ФЕР, кроме сборника № 46 «Работы при реконструкции зданий и сооружений» | CO67: 0 | CP67: =(P67+Q67+S67) -> 0 | CQ67: =AC67*BC67 -> 0 | CR67: =AD67*BB67 -> 0 | CS67: =AE67*BS67 -> 0 | CT67: =AF67*BA67 -> 0 | CU67: =AG67 -> 0 | CV67: =AH67 -> 0 | CW67: =AI67 -> 0 | CX67: =AJ67 -> 0 | CY67: =(((S67+R67)*AT67)/100) -> 0 | CZ67: =(((S67+R67)*AU67)/100) -> 0 | DN67: 0 | DO67: 0 | DP67: 1 | DQ67: 1 | DU67: 1009 | DV67: т | DW67: т | DX67: 1000 | EE67: 16510513 | EF67: 2 | EG67: Общестроительные работы | EH67: 0 | EJ67: 1 | EK67: 15001 | EL67: Отделочные работы | EM67: ФЕР-15 | EO67: Поправка: МДС 81-35.2004, п.4.7 | EQ67: 0 | ER67: 0 | ES67: 0 | ET67: 0 | EU67: 0 | EV67: 0 | EW67: 0 | EX67: 0 | FQ67: 0 | FR67: =ROUND(IF(AND(BH67=3,BI67=3),P67,0),2) -> 0 | FS67: 0 | FT67: *0,9 | FU67: *0,85 | FX67: 94.5 | FY67: 46.75 | GD67: 0 | GF67: 1880203204 | GG67: 1 | GH67: 1 | GI67: 4 | GJ67: 0 | GK67: =ROUND(R67*(R12)/100,2) -> 0 | GL67: =ROUND(IF(AND(BH67=3,BI67=3,FS67<>0),P67,0),2) -> 0 | GM67: =ROUND(O67+X67+Y67+GK67,2)+GX67 -> 0 | GN67: =IF(OR(BI67=0,BI67=1),ROUND(O67+X67+Y67+GK67,2),0) -> 0 | GO67: =IF(BI67=2,ROUND(O67+X67+Y67+GK67,2),0) -> 0 | GP67: =IF(BI67=4,ROUND(O67+X67+Y67+GK67,2)+GX67,0) -> 0 | GR67: 0 | GS67: 3 | GT67: 0 | GV67: =ROUND((GT67),2) -> 0 | GW67: 1 | GX67: =ROUND(HC67*I67,2) -> 0 | HA67: 0 | HB67: 0 | HC67: =GV67*GW67 -> 0 | IK67: 0
A68: 18 | B68: 1 | C68: 87 | E68: 14,2 | F68: 04.3.02.05-0002 | G68: Смесь штукатурная «Ротбанд», КНАУФ | H68: кг | I68: =I66*J68 -> 9443.5 | J68: 8500 | O68: =ROUND(CP68,2) -> 131167.38 | P68: =ROUND(CQ68*I68,2) -> 131167.38 | Q68: =ROUND(CR68*I68,2) -> 0 | R68: =ROUND(CS68*I68,2) -> 0 | S68: =ROUND(CT68*I68,2) -> 0 | T68: =ROUND(CU68*I68,2) -> 0 | U68: =CV68*I68 -> 0 | V68: =CW68*I68 -> 0 | W68: =ROUND(CX68*I68,2) -> 0 | X68: =ROUND(CY68,2) -> 0 | Y68: =ROUND(CZ68,2) -> 0 | AA68: 16802145 | AB68: =ROUND((AC68+AD68+AF68),2) -> 2.07 | AC68: =ROUND((ES68),2) -> 2.07 | AD68: =ROUND((((ET68)-(EU68))+AE68),2) -> 0 | AE68: =ROUND((EU68),2) -> 0 | AF68: =ROUND((EV68),2) -> 0 | AG68: =ROUND((AP68),2) -> 0 | AH68: =(EW68) -> 0 | AI68: =(EX68) -> 0 | AJ68: =(AS68) -> 0 | AK68: 2.07 | AL68: 2.07 | AM68: 0 | AN68: 0 | AO68: 0 | AP68: 0 | AQ68: 0 | AR68: 0 | AS68: 0 | AT68: 79 | AU68: 50 | AV68: 1 | AW68: 1 | AZ68: 6.71 | BA68: 1 | BB68: 1 | BC68: 6.71 | BH68: 3 | BI68: 1 | BJ68: ФССЦ-2001, 04.3.02.05-0002, приказ Минстроя России №1039/пр от 30.12.2016г. | BM68: 61001 | BN68: 0 | BP68: 0 | BQ68: 6 | BR68: 0 | BS68: 1 | BT68: 1 | BU68: 1 | BV68: 1 | BW68: 1 | BX68: 1 | BZ68: 79 | CA68: 50 | CE68: 0 | CF68: 0 | CG68: 0 | CM68: 0 | CN68: Поправка: МДС 81-35.2004, п.4.7 Наименование: Работы, выполняемые при реконструкции зданий и сооружений работы, аналогичные технологическим процессам в новом строительстве (в том числе возведение новых конструктивных элементов) стоимость которых определена по соответствующим сборникам ФЕР, кроме сборника № 46 «Работы при реконструкции зданий и сооружений» | CO68: 0 | CP68: =(P68+Q68+S68) -> 131167.38 | CQ68: =AC68*BC68 -> 13.8897 | CR68: =AD68*BB68 -> 0 | CS68: =AE68*BS68 -> 0 | CT68: =AF68*BA68 -> 0 | CU68: =AG68 -> 0 | CV68: =AH68 -> 0 | CW68: =AI68 -> 0 | CX68: =AJ68 -> 0 | CY68: =(((S68+R68)*AT68)/100) -> 0 | CZ68: =(((S68+R68)*AU68)/100) -> 0 | DN68: 0 | DO68: 0 | DP68: 1 | DQ68: 1 | DU68: 1009 | DV68: кг | DW68: кг | DX68: 1 | EE68: 16510570 | EF68: 6 | EG68: Ремонтно-строительные работы | EH68: 0 | EJ68: 1 | EK68: 61001 | EL68: Штукатрурные работы | EM68: рФЕР-61 | EO68: Поправка: МДС 81-35.2004, п.4.7 | EQ68: 0 | ER68: 2.07 | ES68: 2.07 | ET68: 0 | EU68: 0 | EV68: 0 | EW68: 0 | EX68: 0 | FQ68: 0 | FR68: =ROUND(IF(AND(BH68=3,BI68=3),P68,0),2) -> 0 | FS68: 0 | FX68: 79 | FY68: 50 | GD68: 0 | GF68: -60067644 | GG68: 1 | GH68: 1 | GI68: 4 | GJ68: 0 | GK68: =ROUND(R68*(R12)/100,2) -> 0 | GL68: =ROUND(IF(AND(BH68=3,BI68=3,FS68<>0),P68,0),2) -> 0 | GM68: =ROUND(O68+X68+Y68+GK68,2)+GX68 -> 131167.38 | GN68: =IF(OR(BI68=0,BI68=1),ROUND(O68+X68+Y68+GK68,2),0) -> 131167.38 | GO68: =IF(BI68=2,ROUND(O68+X68+Y68+GK68,2),0) -> 0 | GP68: =IF(BI68=4,ROUND(O68+X68+Y68+GK68,2)+GX68,0) -> 0 | GR68: 0 | GS68: 0 | GT68: 0 | GV68: =ROUND((GT68),2) -> 0 | GW68: 1 | GX68: =ROUND(HC68*I68,2) -> 0 | HA68: 0 | HB68: 0 | HC68: =GV68*GW68 -> 0 | IK68: 0
A69: 17 | B69: 1 | C69: =ROW(SmtRes!A93) -> 93 | D69: =ROW(EtalonRes!A86) -> 86 | E69: 15 | F69: 15-01-047-15 | G69: Устройство подвесных потолков типа <Армстронг> по каркасу из оцинкованного профиля | H69: 100 м2 | I69: =ROUND(209.8/100,9) -> 2.098 | J69: 0 | O69: =ROUND(CP69,2) -> 96415.66 | P69: =ROUND(CQ69*I69,2) -> 75109.52 | Q69: =ROUND(CR69*I69,2) -> 5713.95 | R69: =ROUND(CS69*I69,2) -> 1115.51 | S69: =ROUND(CT69*I69,2) -> 15592.19 | T69: =ROUND(CU69*I69,2) -> 0 | U69: =CV69*I69 -> 247.20524 | V69: =CW69*I69 -> 14.00415 | W69: =ROUND(CX69*I69,2) -> 0 | X69: =ROUND(CY69,2) -> 15872.32 | Y69: =ROUND(CZ69,2) -> 7852.62 | AA69: 16802145 | AB69: =ROUND((AC69+AD69+AF69),2) -> 6848.88 | AC69: =ROUND((ES69),2) -> 5335.4 | AD69: =ROUND(((((ET69*1.25))-((EU69*1.25)))+AE69),2) -> 405.89 | AE69: =ROUND(((EU69*1.25)),2) -> 79.24 | AF69: =ROUND(((EV69*1.15)),2) -> 1107.59 | AG69: =ROUND((AP69),2) -> 0 | AH69: =((EW69*1.15)) -> 117.829 | AI69: =((EX69*1.25)) -> 6.675 | AJ69: =(AS69) -> 0 | AK69: 6623.23 | AL69: 5335.4 | AM69: 324.71 | AN69: 63.39 | AO69: 963.12 | AP69: 0 | AQ69: 102.46 | AR69: 5.34 | AS69: 0 | AT69: 95 | AU69: 47 | AV69: 1 | AW69: 1 | AZ69: 6.71 | BA69: 6.71 | BB69: 6.71 | BC69: 6.71 | BH69: 0 | BI69: 1 | BJ69: ФЕР-2001, 15-01-047-15, приказ Минстроя России №1039/пр от 30.12.2016г. | BM69: 15001 | BN69: 0 | BP69: 0 | BQ69: 2 | BR69: 0 | BS69: 6.71 | BT69: 1 | BU69: 1 | BV69: 1 | BW69: 1 | BX69: 1 | BZ69: 105 | CA69: 55 | CE69: 0 | CF69: 0 | CG69: 0 | CM69: 0 | CN69: Поправка: МДС 81-35.2004, п.4.7 Наименование: Работы, выполняемые при реконструкции зданий и сооружений работы, аналогичные технологическим процессам в новом строительстве (в том числе возведение новых конструктивных элементов) стоимость которых определена по соответствующим сборникам ФЕР, кроме сборника № 46 «Работы при реконструкции зданий и сооружений» | CO69: 0 | CP69: =(P69+Q69+S69) -> 96415.66 | CQ69: =AC69*BC69 -> 35800.534 | CR69: =AD69*BB69 -> 2723.5219 | CS69: =AE69*BS69 -> 531.7004 | CT69: =AF69*BA69 -> 7431.9289 | CU69: =AG69 -> 0 | CV69: =AH69 -> 117.829 | CW69: =AI69 -> 6.675 | CX69: =AJ69 -> 0 | CY69: =(((S69+R69)*AT69)/100) -> 15872.315 | CZ69: =(((S69+R69)*AU69)/100) -> 7852.619 | DE69: )*1,25 | DF69: )*1,25 | DG69: )*1,15 | DI69: )*1,15 | DJ69: )*1,25 | DN69: 0 | DO69: 0 | DP69: 1 | DQ69: 1 | DU69: 1005 | DV69: 100 м2 | DW69: 100 м2 | DX69: 100 | EE69: 16510513 | EF69: 2 | EG69: Общестроительные работы | EH69: 0 | EJ69: 1 | EK69: 15001 | EL69: Отделочные работы | EM69: ФЕР-15 | EO69: Поправка: МДС 81-35.2004, п.4.7 | EQ69: 131072 | ER69: 6623.23 | ES69: 5335.4 | ET69: 324.71 | EU69: 63.39 | EV69: 963.12 | EW69: 102.46 | EX69: 5.34 | EY69: 0 | FQ69: 0 | FR69: =ROUND(IF(AND(BH69=3,BI69=3),P69,0),2) -> 0 | FS69: 0 | FT69: *0,9 | FU69: *0,85 | FX69: 94.5 | FY69: 46.75 | GD69: 0 | GF69: -59192285 | GG69: 1 | GH69: 1 | GI69: 4 | GJ69: 0 | GK69: =ROUND(R69*(R12)/100,2) -> 0 | GL69: =ROUND(IF(AND(BH69=3,BI69=3,FS69<>0),P69,0),2) -> 0 | GM69: =ROUND(O69+X69+Y69+GK69,2)+GX69 -> 120140.6 | GN69: =IF(OR(BI69=0,BI69=1),ROUND(O69+X69+Y69+GK69,2),0) -> 120140.6 | GO69: =IF(BI69=2,ROUND(O69+X69+Y69+GK69,2),0) -> 0 | GP69: =IF(BI69=4,ROUND(O69+X69+Y69+GK69,2)+GX69,0) -> 0 | GR69: 0 | GS69: 0 | GT69: 0 | GV69: =ROUND((GT69),2) -> 0 | GW69: 1 | GX69: =ROUND(HC69*I69,2) -> 0 | HA69: 0 | HB69: 0 | HC69: =GV69*GW69 -> 0 | IK69: 0
A70: 17 | B70: 1 | C70: =ROW(SmtRes!A99) -> 99 | D70: =ROW(EtalonRes!A92) -> 92 | E70: 16 | F70: 61-1-4 | G70: Сплошное выравнивание штукатурки стен полимерцементным раствором при толщине намета до 10 мм | H70: 100 м2 | I70: =ROUND(222.1/100,9) -> 2.221 | J70: 0 | O70: =ROUND(CP70,2) -> 19876.9 | P70: =ROUND(CQ70*I70,2) -> 12368.37 | Q70: =ROUND(CR70*I70,2) -> 270.19 | R70: =ROUND(CS70*I70,2) -> 116.69 | S70: =ROUND(CT70*I70,2) -> 7238.34 | T70: =ROUND(CU70*I70,2) -> 0 | U70: =CV70*I70 -> 128.72916 | V70: =CW70*I70 -> 1.28818 | W70: =ROUND(CX70*I70,2) -> 0 | X70: =ROUND(CY70,2) -> 5810.47 | Y70: =ROUND(CZ70,2) -> 3677.52 | AA70: 16802145 | AB70: =ROUND((AC70+AD70+AF70),2) -> 1333.76 | AC70: =ROUND((ES70),2) -> 829.93 | AD70: =ROUND((((ET70)-(EU70))+AE70),2) -> 18.13 | AE70: =ROUND((EU70),2) -> 7.83 | AF70: =ROUND(((EV70*1.15)),2) -> 485.7 | AG70: =ROUND((AP70),2) -> 0 | AH70: =((EW70*1.15)) -> 57.96 | AI70: =(EX70) -> 0.58 | AJ70: =(AS70) -> 0 | AK70: 1270.41 | AL70: 829.93 | AM70: 18.13 | AN70: 7.83 | AO70: 422.35 | AP70: 0 | AQ70: 50.4 | AR70: 0.58 | AS70: 0 | AT70: 79 | AU70: 50 | AV70: 1 | AW70: 1 | AZ70: 6.71 | BA70: 6.71 | BB70: 6.71 | BC70: 6.71 | BH70: 0 | BI70: 1 | BJ70: ФЕРр-2001, 61-1-4, приказ Минстроя России №1039/пр от 30.12.2016г. | BM70: 61001 | BN70: 0 | BP70: 0 | BQ70: 6 | BR70: 0 | BS70: 6.71 | BT70: 1 | BU70: 1 | BV70: 1 | BW70: 1 | BX70: 1 | BZ70: 79 | CA70: 50 | CE70: 0 | CF70: 0 | CG70: 0 | CM70: 0 | CN70: Поправка: МДС 81-35.2004, п.4.9 Наименование: По работам, в технологии производства которых предусмотрена сварка металлоконструкций, металлопроката, стальных труб, листового металла, закладных деталей и др. металлоизделий, элементные сметные нормы и единичные расценки разработаны из условия применения углеродистой стали.При применении нержавеющей стали | CO70: 0 | CP70: =(P70+Q70+S70) -> 19876.9 | CQ70: =AC70*BC70 -> 5568.8303 | CR70: =AD70*BB70 -> 121.6523 | CS70: =AE70*BS70 -> 52.5393 | CT70: =AF70*BA70 -> 3259.047 | CU70: =AG70 -> 0 | CV70: =AH70 -> 57.96 | CW70: =AI70 -> 0.58 | CX70: =AJ70 -> 0 | CY70: =(((S70+R70)*AT70)/100) -> 5810.4737 | CZ70: =(((S70+R70)*AU70)/100) -> 3677.515 | DG70: )*1,15 | DI70: )*1,15 | DN70: 0 | DO70: 0 | DP70: 1 | DQ70: 1 | DU70: 1005 | DV70: 100 м2 | DW70: 100 м2 | DX70: 100 | EE70: 16510570 | EF70: 6 | EG70: Ремонтно-строительные работы | EH70: 0 | EJ70: 1 | EK70: 61001 | EL70: Штукатрурные работы | EM70: рФЕР-61 | EO70: Поправка: МДС 81-35.2004, п.4.9 | EQ70: 0 | ER70: 1270.41 | ES70: 829.93 | ET70: 18.13 | EU70: 7.83 | EV70: 422.35 | EW70: 50.4 | EX70: 0.58 | EY70: 0 | FQ70: 0 | FR70: =ROUND(IF(AND(BH70=3,BI70=3),P70,0),2) -> 0 | FS70: 0 | FX70: 79 | FY70: 50 | GD70: 0 | GF70: -2033257016 | GG70: 1 | GH70: 1 | GI70: 4 | GJ70: 0 | GK70: =ROUND(R70*(R12)/100,2) -> 0 | GL70: =ROUND(IF(AND(BH70=3,BI70=3,FS70<>0),P70,0),2) -> 0 | GM70: =ROUND(O70+X70+Y70+GK70,2)+GX70 -> 29364.89 | GN70: =IF(OR(BI70=0,BI70=1),ROUND(O70+X70+Y70+GK70,2),0) -> 29364.89 | GO70: =IF(BI70=2,ROUND(O70+X70+Y70+GK70,2),0) -> 0 | GP70: =IF(BI70=4,ROUND(O70+X70+Y70+GK70,2)+GX70,0) -> 0 | GR70: 0 | GS70: 3 | GT70: 0 | GV70: =ROUND((GT70),2) -> 0 | GW70: 1 | GX70: =ROUND(HC70*I70,2) -> 0 | HA70: 0 | HB70: 0 | HC70: =GV70*GW70 -> 0 | IK70: 0
A71: 18 | B71: 1 | C71: 99 | E71: 16,1 | F71: 04.3.02.05-0002 | G71: Смесь штукатурная «Ротбанд», КНАУФ | H71: кг | I71: =I70*J71 -> 2520.835 | J71: 1135 | O71: =ROUND(CP71,2) -> 35013.64 | P71: =ROUND(CQ71*I71,2) -> 35013.64 | Q71: =ROUND(CR71*I71,2) -> 0 | R71: =ROUND(CS71*I71,2) -> 0 | S71: =ROUND(CT71*I71,2) -> 0 | T71: =ROUND(CU71*I71,2) -> 0 | U71: =CV71*I71 -> 0 | V71: =CW71*I71 -> 0 | W71: =ROUND(CX71*I71,2) -> 0 | X71: =ROUND(CY71,2) -> 0 | Y71: =ROUND(CZ71,2) -> 0 | AA71: 16802145 | AB71: =ROUND((AC71+AD71+AF71),2) -> 2.07 | AC71: =ROUND((ES71),2) -> 2.07 | AD71: =ROUND((((ET71)-(EU71))+AE71),2) -> 0 | AE71: =ROUND((EU71),2) -> 0 | AF71: =ROUND((EV71),2) -> 0 | AG71: =ROUND((AP71),2) -> 0 | AH71: =(EW71) -> 0 | AI71: =(EX71) -> 0 | AJ71: =(AS71) -> 0 | AK71: 2.07 | AL71: 2.07 | AM71: 0 | AN71: 0 | AO71: 0 | AP71: 0 | AQ71: 0 | AR71: 0 | AS71: 0 | AT71: 79 | AU71: 50 | AV71: 1 | AW71: 1 | AZ71: 6.71 | BA71: 1 | BB71: 1 | BC71: 6.71 | BH71: 3 | BI71: 1 | BJ71: ФССЦ-2001, 04.3.02.05-0002, приказ Минстроя России №1039/пр от 30.12.2016г. | BM71: 61001 | BN71: 0 | BP71: 0 | BQ71: 6 | BR71: 0 | BS71: 1 | BT71: 1 | BU71: 1 | BV71: 1 | BW71: 1 | BX71: 1 | BZ71: 79 | CA71: 50 | CE71: 0 | CF71: 0 | CG71: 0 | CM71: 0 | CO71: 0 | CP71: =(P71+Q71+S71) -> 35013.64 | CQ71: =AC71*BC71 -> 13.8897 | CR71: =AD71*BB71 -> 0 | CS71: =AE71*BS71 -> 0 | CT71: =AF71*BA71 -> 0 | CU71: =AG71 -> 0 | CV71: =AH71 -> 0 | CW71: =AI71 -> 0 | CX71: =AJ71 -> 0 | CY71: =(((S71+R71)*AT71)/100) -> 0 | CZ71: =(((S71+R71)*AU71)/100) -> 0 | DN71: 0 | DO71: 0 | DP71: 1 | DQ71: 1 | DU71: 1009 | DV71: кг | DW71: кг | DX71: 1 | EE71: 16510570 | EF71: 6 | EG71: Ремонтно-строительные работы | EH71: 0 | EJ71: 1 | EK71: 61001 | EL71: Штукатрурные работы | EM71: рФЕР-61 | EQ71: 0 | ER71: 2.07 | ES71: 2.07 | ET71: 0 | EU71: 0 | EV71: 0 | EW71: 0 | EX71: 0 | FQ71: 0 | FR71: =ROUND(IF(AND(BH71=3,BI71=3),P71,0),2) -> 0 | FS71: 0 | FX71: 79 | FY71: 50 | GD71: 0 | GF71: -60067644 | GG71: 1 | GH71: 1 | GI71: 4 | GJ71: 0 | GK71: =ROUND(R71*(R12)/100,2) -> 0 | GL71: =ROUND(IF(AND(BH71=3,BI71=3,FS71<>0),P71,0),2) -> 0 | GM71: =ROUND(O71+X71+Y71+GK71,2)+GX71 -> 35013.64 | GN71: =IF(OR(BI71=0,BI71=1),ROUND(O71+X71+Y71+GK71,2),0) -> 35013.64 | GO71: =IF(BI71=2,ROUND(O71+X71+Y71+GK71,2),0) -> 0 | GP71: =IF(BI71=4,ROUND(O71+X71+Y71+GK71,2)+GX71,0) -> 0 | GR71: 0 | GS71: 0 | GT71: 0 | GV71: =ROUND((GT71),2) -> 0 | GW71: 1 | GX71: =ROUND(HC71*I71,2) -> 0 | HA71: 0 | HB71: 0 | HC71: =GV71*GW71 -> 0 | IK71: 0
A72: 17 | B72: 1 | C72: =ROW(SmtRes!A108) -> 108 | D72: =ROW(EtalonRes!A100) -> 100 | E72: 17 | F72: 15-04-005-03 | G72: Окраска поливинилацетатными водоэмульсионными составами улучшенная по штукатурке стен дверных откосов | H72: 100 м2 | I72: =ROUND(333.2/100,9) -> 3.332 | J72: 0 | O72: =ROUND(CP72,2) -> 16453.94 | P72: =ROUND(CQ72*I72,2) -> 6266.87 | Q72: =ROUND(CR72*I72,2) -> 293.11 | R72: =ROUND(CS72*I72,2) -> 56.12 | S72: =ROUND(CT72*I72,2) -> 9893.96 | T72: =ROUND(CU72*I72,2) -> 0 | U72: =CV72*I72 -> 164.38422 | V72: =CW72*I72 -> 0.70805 | W72: =ROUND(CX72*I72,2) -> 0 | X72: =ROUND(CY72,2) -> 9452.58 | Y72: =ROUND(CZ72,2) -> 4676.54 | AA72: 16802145 | AB72: =ROUND((AC72+AD72+AF72),2) -> 735.94 | AC72: =ROUND((ES72),2) -> 280.3 | AD72: =ROUND(((((ET72*1.25))-((EU72*1.25)))+AE72),2) -> 13.11 | AE72: =ROUND(((EU72*1.25)),2) -> 2.51 | AF72: =ROUND(((EV72*1.15)),2) -> 442.53 | AG72: =ROUND((AP72),2) -> 0 | AH72: =((EW72*1.15)) -> 49.335 | AI72: =((EX72*1.25)) -> 0.2125 | AJ72: =(AS72) -> 0 | AK72: 675.6 | AL72: 280.3 | AM72: 10.49 | AN72: 2.01 | AO72: 384.81 | AP72: 0 | AQ72: 42.9 | AR72: 0.17 | AS72: 0 | AT72: 95 | AU72: 47 | AV72: 1 | AW72: 1 | AZ72: 6.71 | BA72: 6.71 | BB72: 6.71 | BC72: 6.71 | BH72: 0 | BI72: 1 | BJ72: ФЕР-2001, 15-04-005-03, приказ Минстроя России №1039/пр от 30.12.2016г. | BM72: 15001 | BN72: 0 | BP72: 0 | BQ72: 2 | BR72: 0 | BS72: 6.71 | BT72: 1 | BU72: 1 | BV72: 1 | BW72: 1 | BX72: 1 | BZ72: 105 | CA72: 55 | CE72: 0 | CF72: 0 | CG72: 0 | CM72: 0 | CN72: Поправка: МДС 81-35.2004, п.4.7 Наименование: Работы, выполняемые при реконструкции зданий и сооружений работы, аналогичные технологическим процессам в новом строительстве (в том числе возведение новых конструктивных элементов) стоимость которых определена по соответствующим сборникам ФЕР, кроме сборника № 46 «Работы при реконструкции зданий и сооружений» | CO72: 0 | CP72: =(P72+Q72+S72) -> 16453.94 | CQ72: =AC72*BC72 -> 1880.813 | CR72: =AD72*BB72 -> 87.9681 | CS72: =AE72*BS72 -> 16.8421 | CT72: =AF72*BA72 -> 2969.3763 | CU72: =AG72 -> 0 | CV72: =AH72 -> 49.335 | CW72: =AI72 -> 0.2125 | CX72: =AJ72 -> 0 | CY72: =(((S72+R72)*AT72)/100) -> 9452.576 | CZ72: =(((S72+R72)*AU72)/100) -> 4676.5376 | DE72: )*1,25 | DF72: )*1,25 | DG72: )*1,15 | DI72: )*1,15 | DJ72: )*1,25 | DN72: 0 | DO72: 0 | DP72: 1 | DQ72: 1 | DU72: 1005 | DV72: 100 м2 | DW72: 100 м2 | DX72: 100 | EE72: 16510513 | EF72: 2 | EG72: Общестроительные работы | EH72: 0 | EJ72: 1 | EK72: 15001 | EL72: Отделочные работы | EM72: ФЕР-15 | EO72: Поправка: МДС 81-35.2004, п.4.7 | EQ72: 131072 | ER72: 675.6 | ES72: 280.3 | ET72: 10.49 | EU72: 2.01 | EV72: 384.81 | EW72: 42.9 | EX72: 0.17 | EY72: 0 | FQ72: 0 | FR72: =ROUND(IF(AND(BH72=3,BI72=3),P72,0),2) -> 0 | FS72: 0 | FT72: *0,9 | FU72: *0,85 | FX72: 94.5 | FY72: 46.75 | GD72: 0 | GF72: -61998032 | GG72: 1 | GH72: 1 | GI72: 4 | GJ72: 0 | GK72: =ROUND(R72*(R12)/100,2) -> 0 | GL72: =ROUND(IF(AND(BH72=3,BI72=3,FS72<>0),P72,0),2) -> 0 | GM72: =ROUND(O72+X72+Y72+GK72,2)+GX72 -> 30583.06 | GN72: =IF(OR(BI72=0,BI72=1),ROUND(O72+X72+Y72+GK72,2),0) -> 30583.06 | GO72: =IF(BI72=2,ROUND(O72+X72+Y72+GK72,2),0) -> 0 | GP72: =IF(BI72=4,ROUND(O72+X72+Y72+GK72,2)+GX72,0) -> 0 | GR72: 0 | GS72: 0 | GT72: 0 | GV72: =ROUND((GT72),2) -> 0 | GW72: 1 | GX72: =ROUND(HC72*I72,2) -> 0 | HA72: 0 | HB72: 0 | HC72: =GV72*GW72 -> 0 | IK72: 0
A73: 18 | B73: 1 | C73: 106 | E73: 17,1 | F73: 14.3.02.01 | G73: Краска водоэмульсионная | H73: т | I73: =I72*J73 -> 0.209916 | J73: 0.063 | O73: =ROUND(CP73,2) -> 0 | P73: =ROUND(CQ73*I73,2) -> 0 | Q73: =ROUND(CR73*I73,2) -> 0 | R73: =ROUND(CS73*I73,2) -> 0 | S73: =ROUND(CT73*I73,2) -> 0 | T73: =ROUND(CU73*I73,2) -> 0 | U73: =CV73*I73 -> 0 | V73: =CW73*I73 -> 0 | W73: =ROUND(CX73*I73,2) -> 0 | X73: =ROUND(CY73,2) -> 0 | Y73: =ROUND(CZ73,2) -> 0 | AA73: 16802145 | AB73: =ROUND((AC73+AD73+AF73),2) -> 0 | AC73: =ROUND((ES73),2) -> 0 | AD73: =ROUND((((ET73)-(EU73))+AE73),2) -> 0 | AE73: =ROUND((EU73),2) -> 0 | AF73: =ROUND((EV73),2) -> 0 | AG73: =ROUND((AP73),2) -> 0 | AH73: =(EW73) -> 0 | AI73: =(EX73) -> 0 | AJ73: =(AS73) -> 0 | AK73: 0 | AL73: 0 | AM73: 0 | AN73: 0 | AO73: 0 | AP73: 0 | AQ73: 0 | AR73: 0 | AS73: 0 | AT73: 95 | AU73: 47 | AV73: 1 | AW73: 1 | AZ73: 6.71 | BA73: 1 | BB73: 1 | BC73: 6.71 | BH73: 3 | BI73: 1 | BM73: 15001 | BN73: 0 | BP73: 0 | BQ73: 2 | BR73: 0 | BS73: 1 | BT73: 1 | BU73: 1 | BV73: 1 | BW73: 1 | BX73: 1 | BZ73: 105 | CA73: 55 | CE73: 0 | CF73: 0 | CG73: 0 | CM73: 0 | CO73: 0 | CP73: =(P73+Q73+S73) -> 0 | CQ73: =AC73*BC73 -> 0 | CR73: =AD73*BB73 -> 0 | CS73: =AE73*BS73 -> 0 | CT73: =AF73*BA73 -> 0 | CU73: =AG73 -> 0 | CV73: =AH73 -> 0 | CW73: =AI73 -> 0 | CX73: =AJ73 -> 0 | CY73: =(((S73+R73)*AT73)/100) -> 0 | CZ73: =(((S73+R73)*AU73)/100) -> 0 | DN73: 0 | DO73: 0 | DP73: 1 | DQ73: 1 | DU73: 1009 | DV73: т | DW73: т | DX73: 1000 | EE73: 16510513 | EF73: 2 | EG73: Общестроительные работы | EH73: 0 | EJ73: 1 | EK73: 15001 | EL73: Отделочные работы | EM73: ФЕР-15 | EQ73: 0 | ER73: 0 | ES73: 0 | ET73: 0 | EU73: 0 | EV73: 0 | EW73: 0 | EX73: 0 | FQ73: 0 | FR73: =ROUND(IF(AND(BH73=3,BI73=3),P73,0),2) -> 0 | FS73: 0 | FT73: *0,9 | FU73: *0,85 | FX73: 94.5 | FY73: 46.75 | GD73: 0 | GF73: 1891904026 | GG73: 1 | GH73: 1 | GI73: 4 | GJ73: 0 | GK73: =ROUND(R73*(R12)/100,2) -> 0 | GL73: =ROUND(IF(AND(BH73=3,BI73=3,FS73<>0),P73,0),2) -> 0 | GM73: =ROUND(O73+X73+Y73+GK73,2)+GX73 -> 0 | GN73: =IF(OR(BI73=0,BI73=1),ROUND(O73+X73+Y73+GK73,2),0) -> 0 | GO73: =IF(BI73=2,ROUND(O73+X73+Y73+GK73,2),0) -> 0 | GP73: =IF(BI73=4,ROUND(O73+X73+Y73+GK73,2)+GX73,0) -> 0 | GR73: 0 | GS73: 3 | GT73: 0 | GV73: =ROUND((GT73),2) -> 0 | GW73: 1 | GX73: =ROUND(HC73*I73,2) -> 0 | HA73: 0 | HB73: 0 | HC73: =GV73*GW73 -> 0 | IK73: 0
A74: 18 | B74: 1 | C74: 107 | E74: 17,2 | F74: 14.3.02.01-0223 | G74: Краска водоэмульсионная для внутренних работ ВАК-15 | H74: т | I74: =I72*J74 -> 0.209916 | J74: 0.063 | O74: =ROUND(CP74,2) -> 28133.64 | P74: =ROUND(CQ74*I74,2) -> 28133.64 | Q74: =ROUND(CR74*I74,2) -> 0 | R74: =ROUND(CS74*I74,2) -> 0 | S74: =ROUND(CT74*I74,2) -> 0 | T74: =ROUND(CU74*I74,2) -> 0 | U74: =CV74*I74 -> 0 | V74: =CW74*I74 -> 0 | W74: =ROUND(CX74*I74,2) -> 0 | X74: =ROUND(CY74,2) -> 0 | Y74: =ROUND(CZ74,2) -> 0 | AA74: 16802145 | AB74: =ROUND((AC74+AD74+AF74),2) -> 19973.67 | AC74: =ROUND((ES74),2) -> 19973.67 | AD74: =ROUND((((ET74)-(EU74))+AE74),2) -> 0 | AE74: =ROUND((EU74),2) -> 0 | AF74: =ROUND((EV74),2) -> 0 | AG74: =ROUND((AP74),2) -> 0 | AH74: =(EW74) -> 0 | AI74: =(EX74) -> 0 | AJ74: =(AS74) -> 0 | AK74: 19973.67 | AL74: 19973.67 | AM74: 0 | AN74: 0 | AO74: 0 | AP74: 0 | AQ74: 0 | AR74: 0 | AS74: 0 | AT74: 95 | AU74: 47 | AV74: 1 | AW74: 1 | AZ74: 6.71 | BA74: 1 | BB74: 1 | BC74: 6.71 | BH74: 3 | BI74: 1 | BJ74: ФССЦ-2001, 14.3.02.01-0223, приказ Минстроя России №1039/пр от 30.12.2016г. | BM74: 15001 | BN74: 0 | BP74: 0 | BQ74: 2 | BR74: 0 | BS74: 1 | BT74: 1 | BU74: 1 | BV74: 1 | BW74: 1 | BX74: 1 | BZ74: 105 | CA74: 55 | CE74: 0 | CF74: 0 | CG74: 0 | CM74: 0 | CO74: 0 | CP74: =(P74+Q74+S74) -> 28133.64 | CQ74: =AC74*BC74 -> 134023.33 | CR74: =AD74*BB74 -> 0 | CS74: =AE74*BS74 -> 0 | CT74: =AF74*BA74 -> 0 | CU74: =AG74 -> 0 | CV74: =AH74 -> 0 | CW74: =AI74 -> 0 | CX74: =AJ74 -> 0 | CY74: =(((S74+R74)*AT74)/100) -> 0 | CZ74: =(((S74+R74)*AU74)/100) -> 0 | DN74: 0 | DO74: 0 | DP74: 1 | DQ74: 1 | DU74: 1009 | DV74: т | DW74: т | DX74: 1000 | EE74: 16510513 | EF74: 2 | EG74: Общестроительные работы | EH74: 0 | EJ74: 1 | EK74: 15001 | EL74: Отделочные работы | EM74: ФЕР-15 | EQ74: 0 | ER74: 19973.67 | ES74: 19973.67 | ET74: 0 | EU74: 0 | EV74: 0 | EW74: 0 | EX74: 0 | FQ74: 0 | FR74: =ROUND(IF(AND(BH74=3,BI74=3),P74,0),2) -> 0 | FS74: 0 | FT74: *0,9 | FU74: *0,85 | FX74: 94.5 | FY74: 46.75 | GD74: 0 | GF74: 772632804 | GG74: 1 | GH74: 1 | GI74: 4 | GJ74: 0 | GK74: =ROUND(R74*(R12)/100,2) -> 0 | GL74: =ROUND(IF(AND(BH74=3,BI74=3,FS74<>0),P74,0),2) -> 0 | GM74: =ROUND(O74+X74+Y74+GK74,2)+GX74 -> 28133.64 | GN74: =IF(OR(BI74=0,BI74=1),ROUND(O74+X74+Y74+GK74,2),0) -> 28133.64 | GO74: =IF(BI74=2,ROUND(O74+X74+Y74+GK74,2),0) -> 0 | GP74: =IF(BI74=4,ROUND(O74+X74+Y74+GK74,2)+GX74,0) -> 0 | GR74: 0 | GS74: 0 | GT74: 0 | GV74: =ROUND((GT74),2) -> 0 | GW74: 1 | GX74: =ROUND(HC74*I74,2) -> 0 | HA74: 0 | HB74: 0 | HC74: =GV74*GW74 -> 0 | IK74: 0
A75: 17 | B75: 1 | C75: =ROW(SmtRes!A115) -> 115 | D75: =ROW(EtalonRes!A106) -> 106 | E75: 18 | F75: 15-04-006-03 | G75: Покрытие поверхностей грунтовкой глубокого проникновения за 1 раз стен | H75: 100 м2 | I75: =ROUND(333.2/100,9) -> 3.332 | J75: 0 | O75: =ROUND(CP75,2) -> 1651.34 | P75: =ROUND(CQ75*I75,2) -> 4.02 | Q75: =ROUND(CR75*I75,2) -> 27.28 | R75: =ROUND(CS75*I75,2) -> 7.38 | S75: =ROUND(CT75*I75,2) -> 1620.04 | T75: =ROUND(CU75*I75,2) -> 0 | U75: =CV75*I75 -> 25.09829 | V75: =CW75*I75 -> 0.0833 | W75: =ROUND(CX75*I75,2) -> 0 | X75: =ROUND(CY75,2) -> 1546.05 | Y75: =ROUND(CZ75,2) -> 764.89 | AA75: 16802145 | AB75: =ROUND((AC75+AD75+AF75),2) -> 73.86 | AC75: =ROUND((ES75),2) -> 0.18 | AD75: =ROUND(((((ET75*1.25))-((EU75*1.25)))+AE75),2) -> 1.22 | AE75: =ROUND(((EU75*1.25)),2) -> 0.33 | AF75: =ROUND(((EV75*1.15)),2) -> 72.46 | AG75: =ROUND((AP75),2) -> 0 | AH75: =((EW75*1.15)) -> 7.5325 | AI75: =((EX75*1.25)) -> 0.025 | AJ75: =(AS75) -> 0 | AK75: 64.16 | AL75: 0.18 | AM75: 0.97 | AN75: 0.26 | AO75: 63.01 | AP75: 0 | AQ75: 6.55 | AR75: 0.02 | AS75: 0 | AT75: 95 | AU75: 47 | AV75: 1 | AW75: 1 | AZ75: 6.71 | BA75: 6.71 | BB75: 6.71 | BC75: 6.71 | BH75: 0 | BI75: 1 | BJ75: ФЕР-2001, 15-04-006-03, приказ Минстроя России №1039/пр от 30.12.2016г. | BM75: 15001 | BN75: 0 | BP75: 0 | BQ75: 2 | BR75: 0 | BS75: 6.71 | BT75: 1 | BU75: 1 | BV75: 1 | BW75: 1 | BX75: 1 | BZ75: 105 | CA75: 55 | CE75: 0 | CF75: 0 | CG75: 0 | CM75: 0 | CN75: Поправка: МДС 81-35.2004, п.4.7 Наименование: Работы, выполняемые при реконструкции зданий и сооружений работы, аналогичные технологическим процессам в новом строительстве (в том числе возведение новых конструктивных элементов) стоимость которых определена по соответствующим сборникам ФЕР, кроме сборника № 46 «Работы при реконструкции зданий и сооружений» | CO75: 0 | CP75: =(P75+Q75+S75) -> 1651.34 | CQ75: =AC75*BC75 -> 1.2078 | CR75: =AD75*BB75 -> 8.1862 | CS75: =AE75*BS75 -> 2.2143 | CT75: =AF75*BA75 -> 486.2066 | CU75: =AG75 -> 0 | CV75: =AH75 -> 7.5325 | CW75: =AI75 -> 0.025 | CX75: =AJ75 -> 0 | CY75: =(((S75+R75)*AT75)/100) -> 1546.049 | CZ75: =(((S75+R75)*AU75)/100) -> 764.8874 | DE75: )*1,25 | DF75: )*1,25 | DG75: )*1,15 | DI75: )*1,15 | DJ75: )*1,25 | DN75: 0 | DO75: 0 | DP75: 1 | DQ75: 1 | DU75: 1005 | DV75: 100 м2 | DW75: 100 м2 | DX75: 100 | EE75: 16510513 | EF75: 2 | EG75: Общестроительные работы | EH75: 0 | EJ75: 1 | EK75: 15001 | EL75: Отделочные работы | EM75: ФЕР-15 | EO75: Поправка: МДС 81-35.2004, п.4.7 | EQ75: 0 | ER75: 64.16 | ES75: 0.18 | ET75: 0.97 | EU75: 0.26 | EV75: 63.01 | EW75: 6.55 | EX75: 0.02 | EY75: 0 | FQ75: 0 | FR75: =ROUND(IF(AND(BH75=3,BI75=3),P75,0),2) -> 0 | FS75: 0 | FT75: *0,9 | FU75: *0,85 | FX75: 94.5 | FY75: 46.75 | GD75: 0 | GF75: -2014629731 | GG75: 1 | GH75: 1 | GI75: 4 | GJ75: 0 | GK75: =ROUND(R75*(R12)/100,2) -> 0 | GL75: =ROUND(IF(AND(BH75=3,BI75=3,FS75<>0),P75,0),2) -> 0 | GM75: =ROUND(O75+X75+Y75+GK75,2)+GX75 -> 3962.28 | GN75: =IF(OR(BI75=0,BI75=1),ROUND(O75+X75+Y75+GK75,2),0) -> 3962.28 | GO75: =IF(BI75=2,ROUND(O75+X75+Y75+GK75,2),0) -> 0 | GP75: =IF(BI75=4,ROUND(O75+X75+Y75+GK75,2)+GX75,0) -> 0 | GR75: 0 | GS75: 3 | GT75: 0 | GV75: =ROUND((GT75),2) -> 0 | GW75: 1 | GX75: =ROUND(HC75*I75,2) -> 0 | HA75: 0 | HB75: 0 | HC75: =GV75*GW75 -> 0 | IK75: 0
A76: 18 | B76: 1 | C76: 115 | E76: 18,1 | F76: 14.4.01.21 | G76: Грунтовка | H76: т | I76: =I75*J76 -> 0.043316 | J76: 0.013 | O76: =ROUND(CP76,2) -> 0 | P76: =ROUND(CQ76*I76,2) -> 0 | Q76: =ROUND(CR76*I76,2) -> 0 | R76: =ROUND(CS76*I76,2) -> 0 | S76: =ROUND(CT76*I76,2) -> 0 | T76: =ROUND(CU76*I76,2) -> 0 | U76: =CV76*I76 -> 0 | V76: =CW76*I76 -> 0 | W76: =ROUND(CX76*I76,2) -> 0 | X76: =ROUND(CY76,2) -> 0 | Y76: =ROUND(CZ76,2) -> 0 | AA76: 16802145 | AB76: =ROUND((AC76+AD76+AF76),2) -> 0 | AC76: =ROUND((ES76),2) -> 0 | AD76: =ROUND((((ET76)-(EU76))+AE76),2) -> 0 | AE76: =ROUND((EU76),2) -> 0 | AF76: =ROUND((EV76),2) -> 0 | AG76: =ROUND((AP76),2) -> 0 | AH76: =(EW76) -> 0 | AI76: =(EX76) -> 0 | AJ76: =(AS76) -> 0 | AK76: 0 | AL76: 0 | AM76: 0 | AN76: 0 | AO76: 0 | AP76: 0 | AQ76: 0 | AR76: 0 | AS76: 0 | AT76: 95 | AU76: 47 | AV76: 1 | AW76: 1 | AZ76: 6.71 | BA76: 1 | BB76: 1 | BC76: 6.71 | BH76: 3 | BI76: 1 | BM76: 15001 | BN76: 0 | BP76: 0 | BQ76: 2 | BR76: 0 | BS76: 1 | BT76: 1 | BU76: 1 | BV76: 1 | BW76: 1 | BX76: 1 | BZ76: 105 | CA76: 55 | CE76: 0 | CF76: 0 | CG76: 0 | CM76: 0 | CO76: 0 | CP76: =(P76+Q76+S76) -> 0 | CQ76: =AC76*BC76 -> 0 | CR76: =AD76*BB76 -> 0 | CS76: =AE76*BS76 -> 0 | CT76: =AF76*BA76 -> 0 | CU76: =AG76 -> 0 | CV76: =AH76 -> 0 | CW76: =AI76 -> 0 | CX76: =AJ76 -> 0 | CY76: =(((S76+R76)*AT76)/100) -> 0 | CZ76: =(((S76+R76)*AU76)/100) -> 0 | DN76: 0 | DO76: 0 | DP76: 1 | DQ76: 1 | DU76: 1009 | DV76: т | DW76: т | DX76: 1000 | EE76: 16510513 | EF76: 2 | EG76: Общестроительные работы | EH76: 0 | EJ76: 1 | EK76: 15001 | EL76: Отделочные работы | EM76: ФЕР-15 | EQ76: 0 | ER76: 0 | ES76: 0 | ET76: 0 | EU76: 0 | EV76: 0 | EW76: 0 | EX76: 0 | FQ76: 0 | FR76: =ROUND(IF(AND(BH76=3,BI76=3),P76,0),2) -> 0 | FS76: 0 | FT76: *0,9 | FU76: *0,85 | FX76: 94.5 | FY76: 46.75 | GD76: 0 | GF76: -1212923053 | GG76: 1 | GH76: 1 | GI76: 4 | GJ76: 0 | GK76: =ROUND(R76*(R12)/100,2) -> 0 | GL76: =ROUND(IF(AND(BH76=3,BI76=3,FS76<>0),P76,0),2) -> 0 | GM76: =ROUND(O76+X76+Y76+GK76,2)+GX76 -> 0 | GN76: =IF(OR(BI76=0,BI76=1),ROUND(O76+X76+Y76+GK76,2),0) -> 0 | GO76: =IF(BI76=2,ROUND(O76+X76+Y76+GK76,2),0) -> 0 | GP76: =IF(BI76=4,ROUND(O76+X76+Y76+GK76,2)+GX76,0) -> 0 | GR76: 0 | GS76: 3 | GT76: 0 | GV76: =ROUND((GT76),2) -> 0 | GW76: 1 | GX76: =ROUND(HC76*I76,2) -> 0 | HA76: 0 | HB76: 0 | HC76: =GV76*GW76 -> 0 | IK76: 0
A77: 18 | B77: 1 | C77: 114 | E77: 18,2 | F77: 14.3.01.01-0001 | G77: Грунтовка: «Бетоконтакт», КНАУФ | H77: кг | I77: =I75*J77 -> 43.316 | J77: 13 | O77: =ROUND(CP77,2) -> 4385.91 | P77: =ROUND(CQ77*I77,2) -> 4385.91 | Q77: =ROUND(CR77*I77,2) -> 0 | R77: =ROUND(CS77*I77,2) -> 0 | S77: =ROUND(CT77*I77,2) -> 0 | T77: =ROUND(CU77*I77,2) -> 0 | U77: =CV77*I77 -> 0 | V77: =CW77*I77 -> 0 | W77: =ROUND(CX77*I77,2) -> 0 | X77: =ROUND(CY77,2) -> 0 | Y77: =ROUND(CZ77,2) -> 0 | AA77: 16802145 | AB77: =ROUND((AC77+AD77+AF77),2) -> 15.09 | AC77: =ROUND((ES77),2) -> 15.09 | AD77: =ROUND((((ET77)-(EU77))+AE77),2) -> 0 | AE77: =ROUND((EU77),2) -> 0 | AF77: =ROUND((EV77),2) -> 0 | AG77: =ROUND((AP77),2) -> 0 | AH77: =(EW77) -> 0 | AI77: =(EX77) -> 0 | AJ77: =(AS77) -> 0 | AK77: 15.09 | AL77: 15.09 | AM77: 0 | AN77: 0 | AO77: 0 | AP77: 0 | AQ77: 0 | AR77: 0 | AS77: 0 | AT77: 95 | AU77: 47 | AV77: 1 | AW77: 1 | AZ77: 6.71 | BA77: 1 | BB77: 1 | BC77: 6.71 | BH77: 3 | BI77: 1 | BJ77: ФССЦ-2001, 14.3.01.01-0001, приказ Минстроя России №1039/пр от 30.12.2016г. | BM77: 15001 | BN77: 0 | BP77: 0 | BQ77: 2 | BR77: 0 | BS77: 1 | BT77: 1 | BU77: 1 | BV77: 1 | BW77: 1 | BX77: 1 | BZ77: 105 | CA77: 55 | CE77: 0 | CF77: 0 | CG77: 0 | CM77: 0 | CO77: 0 | CP77: =(P77+Q77+S77) -> 4385.91 | CQ77: =AC77*BC77 -> 101.2539 | CR77: =AD77*BB77 -> 0 | CS77: =AE77*BS77 -> 0 | CT77: =AF77*BA77 -> 0 | CU77: =AG77 -> 0 | CV77: =AH77 -> 0 | CW77: =AI77 -> 0 | CX77: =AJ77 -> 0 | CY77: =(((S77+R77)*AT77)/100) -> 0 | CZ77: =(((S77+R77)*AU77)/100) -> 0 | DN77: 0 | DO77: 0 | DP77: 1 | DQ77: 1 | DU77: 1009 | DV77: кг | DW77: кг | DX77: 1 | EE77: 16510513 | EF77: 2 | EG77: Общестроительные работы | EH77: 0 | EJ77: 1 | EK77: 15001 | EL77: Отделочные работы | EM77: ФЕР-15 | EQ77: 0 | ER77: 15.09 | ES77: 15.09 | ET77: 0 | EU77: 0 | EV77: 0 | EW77: 0 | EX77: 0 | FQ77: 0 | FR77: =ROUND(IF(AND(BH77=3,BI77=3),P77,0),2) -> 0 | FS77: 0 | FT77: *0,9 | FU77: *0,85 | FX77: 94.5 | FY77: 46.75 | GD77: 0 | GF77: 1453462043 | GG77: 1 | GH77: 1 | GI77: 4 | GJ77: 0 | GK77: =ROUND(R77*(R12)/100,2) -> 0 | GL77: =ROUND(IF(AND(BH77=3,BI77=3,FS77<>0),P77,0),2) -> 0 | GM77: =ROUND(O77+X77+Y77+GK77,2)+GX77 -> 4385.91 | GN77: =IF(OR(BI77=0,BI77=1),ROUND(O77+X77+Y77+GK77,2),0) -> 4385.91 | GO77: =IF(BI77=2,ROUND(O77+X77+Y77+GK77,2),0) -> 0 | GP77: =IF(BI77=4,ROUND(O77+X77+Y77+GK77,2)+GX77,0) -> 0 | GR77: 0 | GS77: 3 | GT77: 0 | GV77: =ROUND((GT77),2) -> 0 | GW77: 1 | GX77: =ROUND(HC77*I77,2) -> 0 | HA77: 0 | HB77: 0 | HC77: =GV77*GW77 -> 0 | IK77: 0
A78: 17 | B78: 1 | C78: =ROW(SmtRes!A124) -> 124 | D78: =ROW(EtalonRes!A116) -> 116 | E78: 19 | F78: 15-01-049-04 прим | G78: Демонтаж школьной доски: Облицовка стен по готовому каркасу щитами-картинами из древесностружечных плит фанерованных шпоном | H78: 100 м2 | I78: =ROUND(22.5/100,9) -> 0.225 | J78: 0 | O78: =ROUND(CP78,2) -> 684.75 | P78: =ROUND(CQ78*I78,2) -> 0 | Q78: =ROUND(CR78*I78,2) -> 103.54 | R78: =ROUND(CS78*I78,2) -> 20.4 | S78: =ROUND(CT78*I78,2) -> 581.21 | T78: =ROUND(CU78*I78,2) -> 0 | U78: =CV78*I78 -> 9.108 | V78: =CW78*I78 -> 0.2556 | W78: =ROUND(CX78*I78,2) -> 0 | X78: =ROUND(CY78,2) -> 571.53 | Y78: =ROUND(CZ78,2) -> 282.76 | AA78: 16802145 | AB78: =ROUND((AC78+AD78+AF78),2) -> 453.55 | AC78: =ROUND(((ES78*0)),2) -> 0 | AD78: =ROUND(((((ET78*0.8))-((EU78*0.8)))+AE78),2) -> 68.58 | AE78: =ROUND(((EU78*0.8)),2) -> 13.51 | AF78: =ROUND(((EV78*0.8)),2) -> 384.97 | AG78: =ROUND((AP78),2) -> 0 | AH78: =((EW78*0.8)) -> 40.48 | AI78: =((EX78*0.8)) -> 1.136 | AJ78: =(AS78) -> 0 | AK78: 686.77 | AL78: 119.83 | AM78: 85.73 | AN78: 16.89 | AO78: 481.21 | AP78: 0 | AQ78: 50.6 | AR78: 1.42 | AS78: 0 | AT78: 95 | AU78: 47 | AV78: 1 | AW78: 1 | AZ78: 6.71 | BA78: 6.71 | BB78: 6.71 | BC78: 6.71 | BH78: 0 | BI78: 1 | BJ78: ФЕР-2001, 15-01-049-04, приказ Минстроя России №1039/пр от 30.12.2016г. | BM78: 15001 | BN78: 0 | BP78: 0 | BQ78: 2 | BR78: 0 | BS78: 6.71 | BT78: 1 | BU78: 1 | BV78: 1 | BW78: 1 | BX78: 1 | BZ78: 105 | CA78: 55 | CE78: 0 | CF78: 0 | CG78: 0 | CM78: 0 | CN78: Поправка: Табл.2, п.2 Наименование: При демонтаже (разборке) сборных деревянных конструкций | CO78: 0 | CP78: =(P78+Q78+S78) -> 684.75 | CQ78: =AC78*BC78 -> 0 | CR78: =AD78*BB78 -> 460.1718 | CS78: =AE78*BS78 -> 90.6521 | CT78: =AF78*BA78 -> 2583.1487 | CU78: =AG78 -> 0 | CV78: =AH78 -> 40.48 | CW78: =AI78 -> 1.136 | CX78: =AJ78 -> 0 | CY78: =(((S78+R78)*AT78)/100) -> 571.5295 | CZ78: =(((S78+R78)*AU78)/100) -> 282.7567 | DD78: )*0 | DE78: )*0,8 | DF78: )*0,8 | DG78: )*0,8 | DI78: )*0,8 | DJ78: )*0,8 | DN78: 0 | DO78: 0 | DP78: 1 | DQ78: 1 | DU78: 1005 | DV78: 100 м2 | DW78: 100 м2 | DX78: 100 | EE78: 16510513 | EF78: 2 | EG78: Общестроительные работы | EH78: 0 | EJ78: 1 | EK78: 15001 | EL78: Отделочные работы | EM78: ФЕР-15 | EO78: Поправка: Табл.2, п.2 | EQ78: 131072 | ER78: 686.77 | ES78: 119.83 | ET78: 85.73 | EU78: 16.89 | EV78: 481.21 | EW78: 50.6 | EX78: 1.42 | EY78: 0 | FQ78: 0 | FR78: =ROUND(IF(AND(BH78=3,BI78=3),P78,0),2) -> 0 | FS78: 0 | FT78: *0,9 | FU78: *0,85 | FX78: 94.5 | FY78: 46.75 | GD78: 0 | GF78: -1924098841 | GG78: 1 | GH78: 1 | GI78: 4 | GJ78: 0 | GK78: =ROUND(R78*(R12)/100,2) -> 0 | GL78: =ROUND(IF(AND(BH78=3,BI78=3,FS78<>0),P78,0),2) -> 0 | GM78: =ROUND(O78+X78+Y78+GK78,2)+GX78 -> 1539.04 | GN78: =IF(OR(BI78=0,BI78=1),ROUND(O78+X78+Y78+GK78,2),0) -> 1539.04 | GO78: =IF(BI78=2,ROUND(O78+X78+Y78+GK78,2),0) -> 0 | GP78: =IF(BI78=4,ROUND(O78+X78+Y78+GK78,2)+GX78,0) -> 0 | GR78: 0 | GS78: 3 | GT78: 0 | GV78: =ROUND((GT78),2) -> 0 | GW78: 1 | GX78: =ROUND(HC78*I78,2) -> 0 | HA78: 0 | HB78: 0 | HC78: =GV78*GW78 -> 0 | IK78: 0
A79: 17 | B79: 1 | C79: =ROW(SmtRes!A133) -> 133 | D79: =ROW(EtalonRes!A126) -> 126 | E79: 20 | F79: 15-01-049-04 прим | G79: Установка школьной доски: Облицовка стен по готовому каркасу щитами-картинами из древесностружечных плит фанерованных шпоном (без стоимости материала) | H79: 100 м2 | I79: =ROUND(22.5/100,9) -> 0.225 | J79: 0 | O79: =ROUND(CP79,2) -> 684.75 | P79: =ROUND(CQ79*I79,2) -> 0 | Q79: =ROUND(CR79*I79,2) -> 103.54 | R79: =ROUND(CS79*I79,2) -> 20.4 | S79: =ROUND(CT79*I79,2) -> 581.21 | T79: =ROUND(CU79*I79,2) -> 0 | U79: =CV79*I79 -> 9.108 | V79: =CW79*I79 -> 0.2556 | W79: =ROUND(CX79*I79,2) -> 0 | X79: =ROUND(CY79,2) -> 571.53 | Y79: =ROUND(CZ79,2) -> 282.76 | AA79: 16802145 | AB79: =ROUND((AC79+AD79+AF79),2) -> 453.55 | AC79: =ROUND(((ES79*0)),2) -> 0 | AD79: =ROUND(((((ET79*0.8))-((EU79*0.8)))+AE79),2) -> 68.58 | AE79: =ROUND(((EU79*0.8)),2) -> 13.51 | AF79: =ROUND(((EV79*0.8)),2) -> 384.97 | AG79: =ROUND((AP79),2) -> 0 | AH79: =((EW79*0.8)) -> 40.48 | AI79: =((EX79*0.8)) -> 1.136 | AJ79: =(AS79) -> 0 | AK79: 686.77 | AL79: 119.83 | AM79: 85.73 | AN79: 16.89 | AO79: 481.21 | AP79: 0 | AQ79: 50.6 | AR79: 1.42 | AS79: 0 | AT79: 95 | AU79: 47 | AV79: 1 | AW79: 1 | AZ79: 6.71 | BA79: 6.71 | BB79: 6.71 | BC79: 6.71 | BH79: 0 | BI79: 1 | BJ79: ФЕР-2001, 15-01-049-04, приказ Минстроя России №1039/пр от 30.12.2016г. | BM79: 15001 | BN79: 0 | BP79: 0 | BQ79: 2 | BR79: 0 | BS79: 6.71 | BT79: 1 | BU79: 1 | BV79: 1 | BW79: 1 | BX79: 1 | BZ79: 105 | CA79: 55 | CE79: 0 | CF79: 0 | CG79: 0 | CM79: 0 | CN79: Поправка: Табл.2, п.2 Наименование: При демонтаже (разборке) сборных деревянных конструкций | CO79: 0 | CP79: =(P79+Q79+S79) -> 684.75 | CQ79: =AC79*BC79 -> 0 | CR79: =AD79*BB79 -> 460.1718 | CS79: =AE79*BS79 -> 90.6521 | CT79: =AF79*BA79 -> 2583.1487 | CU79: =AG79 -> 0 | CV79: =AH79 -> 40.48 | CW79: =AI79 -> 1.136 | CX79: =AJ79 -> 0 | CY79: =(((S79+R79)*AT79)/100) -> 571.5295 | CZ79: =(((S79+R79)*AU79)/100) -> 282.7567 | DD79: )*0 | DE79: )*0,8 | DF79: )*0,8 | DG79: )*0,8 | DI79: )*0,8 | DJ79: )*0,8 | DN79: 0 | DO79: 0 | DP79: 1 | DQ79: 1 | DU79: 1005 | DV79: 100 м2 | DW79: 100 м2 | DX79: 100 | EE79: 16510513 | EF79: 2 | EG79: Общестроительные работы | EH79: 0 | EJ79: 1 | EK79: 15001 | EL79: Отделочные работы | EM79: ФЕР-15 | EO79: Поправка: Табл.2, п.2 | EQ79: 131072 | ER79: 686.77 | ES79: 119.83 | ET79: 85.73 | EU79: 16.89 | EV79: 481.21 | EW79: 50.6 | EX79: 1.42 | EY79: 0 | FQ79: 0 | FR79: =ROUND(IF(AND(BH79=3,BI79=3),P79,0),2) -> 0 | FS79: 0 | FT79: *0,9 | FU79: *0,85 | FX79: 94.5 | FY79: 46.75 | GD79: 0 | GF79: -850644404 | GG79: 1 | GH79: 1 | GI79: 4 | GJ79: 0 | GK79: =ROUND(R79*(R12)/100,2) -> 0 | GL79: =ROUND(IF(AND(BH79=3,BI79=3,FS79<>0),P79,0),2) -> 0 | GM79: =ROUND(O79+X79+Y79+GK79,2)+GX79 -> 1539.04 | GN79: =IF(OR(BI79=0,BI79=1),ROUND(O79+X79+Y79+GK79,2),0) -> 1539.04 | GO79: =IF(BI79=2,ROUND(O79+X79+Y79+GK79,2),0) -> 0 | GP79: =IF(BI79=4,ROUND(O79+X79+Y79+GK79,2)+GX79,0) -> 0 | GR79: 0 | GS79: 3 | GT79: 0 | GV79: =ROUND((GT79),2) -> 0 | GW79: 1 | GX79: =ROUND(HC79*I79,2) -> 0 | HA79: 0 | HB79: 0 | HC79: =GV79*GW79 -> 0 | IK79: 0
A80: 17 | B80: 1 | C80: =ROW(SmtRes!A135) -> 135 | D80: =ROW(EtalonRes!A131) -> 131 | E80: 21 | F80: 17-01-002-04 прим. | G80: Демонтаж :Установка гарнитуры туалетной: вешалок, подстаканников, поручней для ванн и т.д. | H80: 10 ШТ | I80: =ROUND(5/10,9) -> 0.5 | J80: 0 | O80: =ROUND(CP80,2) -> 36.17 | P80: =ROUND(CQ80*I80,2) -> 0 | Q80: =ROUND(CR80*I80,2) -> 0 | R80: =ROUND(CS80*I80,2) -> 0 | S80: =ROUND(CT80*I80,2) -> 36.17 | T80: =ROUND(CU80*I80,2) -> 0 | U80: =CV80*I80 -> 0.56 | V80: =CW80*I80 -> 0 | W80: =ROUND(CX80*I80,2) -> 0 | X80: =ROUND(CY80,2) -> 41.6 | Y80: =ROUND(CZ80,2) -> 25.68 | AA80: 16802145 | AB80: =ROUND((AC80+AD80+AF80),2) -> 10.78 | AC80: =ROUND(((ES80*0)),2) -> 0 | AD80: =ROUND(((((ET80*0.4))-((EU80*0.4)))+AE80),2) -> 0 | AE80: =ROUND(((EU80*0.4)),2) -> 0 | AF80: =ROUND(((EV80*0.4)),2) -> 10.78 | AG80: =ROUND((AP80),2) -> 0 | AH80: =((EW80*0.4)) -> 1.12 | AI80: =((EX80*0.4)) -> 0 | AJ80: =(AS80) -> 0 | AK80: 27.54 | AL80: 0.6 | AM80: 0 | AN80: 0 | AO80: 26.94 | AP80: 0 | AQ80: 2.8 | AR80: 0 | AS80: 0 | AT80: 115 | AU80: 71 | AV80: 1 | AW80: 1 | AZ80: 6.71 | BA80: 6.71 | BB80: 6.71 | BC80: 6.71 | BH80: 0 | BI80: 1 | BJ80: ФЕР-2001, 17-01-002-04, приказ Минстроя России №1039/пр от 30.12.2016г. | BM80: 17001 | BN80: 0 | BP80: 0 | BQ80: 2 | BR80: 0 | BS80: 6.71 | BT80: 1 | BU80: 1 | BV80: 1 | BW80: 1 | BX80: 1 | BZ80: 128 | CA80: 83 | CE80: 0 | CF80: 0 | CG80: 0 | CM80: 0 | CN80: Поправка: МДС 81-36.2004, п.3.3.1.в Наименование: При демонтаже внутренних санитарно-технических устройств (водопровода, газопровода, канализации, водостоков, отопления, вентиляции) | CO80: 0 | CP80: =(P80+Q80+S80) -> 36.17 | CQ80: =AC80*BC80 -> 0 | CR80: =AD80*BB80 -> 0 | CS80: =AE80*BS80 -> 0 | CT80: =AF80*BA80 -> 72.3338 | CU80: =AG80 -> 0 | CV80: =AH80 -> 1.12 | CW80: =AI80 -> 0 | CX80: =AJ80 -> 0 | CY80: =(((S80+R80)*AT80)/100) -> 41.5955 | CZ80: =(((S80+R80)*AU80)/100) -> 25.6807 | DD80: )*0 | DE80: )*0,4 | DF80: )*0,4 | DG80: )*0,4 | DI80: )*0,4 | DJ80: )*0,4 | DN80: 0 | DO80: 0 | DP80: 1 | DQ80: 1 | DU80: 1013 | DV80: 10 ШТ | DW80: 10 ШТ | DX80: 1 | EE80: 16510515 | EF80: 2 | EG80: Общестроительные работы | EH80: 0 | EJ80: 1 | EK80: 17001 | EL80: Водопровод и канализация - внутренние устройства | EM80: ФЕР-17 | EO80: Поправка: МДС 81-36.2004, п.3.3.1.в | EQ80: 131072 | ER80: 27.54 | ES80: 0.6 | ET80: 0 | EU80: 0 | EV80: 26.94 | EW80: 2.8 | EX80: 0 | EY80: 0 | FQ80: 0 | FR80: =ROUND(IF(AND(BH80=3,BI80=3),P80,0),2) -> 0 | FS80: 0 | FT80: *0,9 | FU80: *0,85 | FX80: 115.2 | FY80: 70.55 | GD80: 0 | GF80: -1335911278 | GG80: 1 | GH80: 1 | GI80: 4 | GJ80: 0 | GK80: =ROUND(R80*(R12)/100,2) -> 0 | GL80: =ROUND(IF(AND(BH80=3,BI80=3,FS80<>0),P80,0),2) -> 0 | GM80: =ROUND(O80+X80+Y80+GK80,2)+GX80 -> 103.45 | GN80: =IF(OR(BI80=0,BI80=1),ROUND(O80+X80+Y80+GK80,2),0) -> 103.45 | GO80: =IF(BI80=2,ROUND(O80+X80+Y80+GK80,2),0) -> 0 | GP80: =IF(BI80=4,ROUND(O80+X80+Y80+GK80,2)+GX80,0) -> 0 | GR80: 0 | GS80: 3 | GT80: 0 | GV80: =ROUND((GT80),2) -> 0 | GW80: 1 | GX80: =ROUND(HC80*I80,2) -> 0 | HA80: 0 | HB80: 0 | HC80: =GV80*GW80 -> 0 | IK80: 0
A81: 17 | B81: 1 | C81: =ROW(SmtRes!A138) -> 138 | D81: =ROW(EtalonRes!A136) -> 136 | E81: 22 | F81: 17-01-002-04 прим. | G81: Установка гарнитуры туалетной: вешалок, подстаканников, поручней для ванн и т.д. | H81: 10 ШТ | I81: =ROUND(5/10,9) -> 0.5 | J81: 0 | O81: =ROUND(CP81,2) -> 92.39 | P81: =ROUND(CQ81*I81,2) -> 2.01 | Q81: =ROUND(CR81*I81,2) -> 0 | R81: =ROUND(CS81*I81,2) -> 0 | S81: =ROUND(CT81*I81,2) -> 90.38 | T81: =ROUND(CU81*I81,2) -> 0 | U81: =CV81*I81 -> 1.4 | V81: =CW81*I81 -> 0 | W81: =ROUND(CX81*I81,2) -> 0 | X81: =ROUND(CY81,2) -> 103.94 | Y81: =ROUND(CZ81,2) -> 64.17 | AA81: 16802145 | AB81: =ROUND((AC81+AD81+AF81),2) -> 27.54 | AC81: =ROUND((ES81),2) -> 0.6 | AD81: =ROUND((((ET81)-(EU81))+AE81),2) -> 0 | AE81: =ROUND((EU81),2) -> 0 | AF81: =ROUND((EV81),2) -> 26.94 | AG81: =ROUND((AP81),2) -> 0 | AH81: =(EW81) -> 2.8 | AI81: =(EX81) -> 0 | AJ81: =(AS81) -> 0 | AK81: 27.54 | AL81: 0.6 | AM81: 0 | AN81: 0 | AO81: 26.94 | AP81: 0 | AQ81: 2.8 | AR81: 0 | AS81: 0 | AT81: 115 | AU81: 71 | AV81: 1 | AW81: 1 | AZ81: 6.71 | BA81: 6.71 | BB81: 6.71 | BC81: 6.71 | BH81: 0 | BI81: 1 | BJ81: ФЕР-2001, 17-01-002-04, приказ Минстроя России №1039/пр от 30.12.2016г. | BM81: 17001 | BN81: 0 | BP81: 0 | BQ81: 2 | BR81: 0 | BS81: 6.71 | BT81: 1 | BU81: 1 | BV81: 1 | BW81: 1 | BX81: 1 | BZ81: 128 | CA81: 83 | CE81: 0 | CF81: 0 | CG81: 0 | CM81: 0 | CO81: 0 | CP81: =(P81+Q81+S81) -> 92.39 | CQ81: =AC81*BC81 -> 4.026 | CR81: =AD81*BB81 -> 0 | CS81: =AE81*BS81 -> 0 | CT81: =AF81*BA81 -> 180.7674 | CU81: =AG81 -> 0 | CV81: =AH81 -> 2.8 | CW81: =AI81 -> 0 | CX81: =AJ81 -> 0 | CY81: =(((S81+R81)*AT81)/100) -> 103.937 | CZ81: =(((S81+R81)*AU81)/100) -> 64.1698 | DN81: 0 | DO81: 0 | DP81: 1 | DQ81: 1 | DU81: 1013 | DV81: 10 ШТ | DW81: 10 ШТ | DX81: 1 | EE81: 16510515 | EF81: 2 | EG81: Общестроительные работы | EH81: 0 | EJ81: 1 | EK81: 17001 | EL81: Водопровод и канализация - внутренние устройства | EM81: ФЕР-17 | EQ81: 131072 | ER81: 27.54 | ES81: 0.6 | ET81: 0 | EU81: 0 | EV81: 26.94 | EW81: 2.8 | EX81: 0 | EY81: 0 | FQ81: 0 | FR81: =ROUND(IF(AND(BH81=3,BI81=3),P81,0),2) -> 0 | FS81: 0 | FT81: *0,9 | FU81: *0,85 | FX81: 115.2 | FY81: 70.55 | GD81: 0 | GF81: -201499009 | GG81: 1 | GH81: 1 | GI81: 4 | GJ81: 0 | GK81: =ROUND(R81*(R12)/100,2) -> 0 | GL81: =ROUND(IF(AND(BH81=3,BI81=3,FS81<>0),P81,0),2) -> 0 | GM81: =ROUND(O81+X81+Y81+GK81,2)+GX81 -> 260.5 | GN81: =IF(OR(BI81=0,BI81=1),ROUND(O81+X81+Y81+GK81,2),0) -> 260.5 | GO81: =IF(BI81=2,ROUND(O81+X81+Y81+GK81,2),0) -> 0 | GP81: =IF(BI81=4,ROUND(O81+X81+Y81+GK81,2)+GX81,0) -> 0 | GR81: 0 | GS81: 3 | GT81: 0 | GV81: =ROUND((GT81),2) -> 0 | GW81: 1 | GX81: =ROUND(HC81*I81,2) -> 0 | HA81: 0 | HB81: 0 | HC81: =GV81*GW81 -> 0 | IK81: 0
A82: 18 | B82: 1 | C82: 138 | E82: 22,1 | F82: 18.2.06.03-0001 | G82: Вешалки-крючки однорожковые В-К стальные с гальванопокрытием 20 крючков прим. | H82: шт. | I82: =I81*J82 -> 5 | J82: 10 | O82: =ROUND(CP82,2) -> 125.48 | P82: =ROUND(CQ82*I82,2) -> 125.48 | Q82: =ROUND(CR82*I82,2) -> 0 | R82: =ROUND(CS82*I82,2) -> 0 | S82: =ROUND(CT82*I82,2) -> 0 | T82: =ROUND(CU82*I82,2) -> 0 | U82: =CV82*I82 -> 0 | V82: =CW82*I82 -> 0 | W82: =ROUND(CX82*I82,2) -> 0 | X82: =ROUND(CY82,2) -> 0 | Y82: =ROUND(CZ82,2) -> 0 | AA82: 16802145 | AB82: =ROUND((AC82+AD82+AF82),2) -> 3.74 | AC82: =ROUND((ES82),2) -> 3.74 | AD82: =ROUND((((ET82)-(EU82))+AE82),2) -> 0 | AE82: =ROUND((EU82),2) -> 0 | AF82: =ROUND((EV82),2) -> 0 | AG82: =ROUND((AP82),2) -> 0 | AH82: =(EW82) -> 0 | AI82: =(EX82) -> 0 | AJ82: =(AS82) -> 0 | AK82: 3.74 | AL82: 3.74 | AM82: 0 | AN82: 0 | AO82: 0 | AP82: 0 | AQ82: 0 | AR82: 0 | AS82: 0 | AT82: 115 | AU82: 71 | AV82: 1 | AW82: 1 | AZ82: 6.71 | BA82: 1 | BB82: 1 | BC82: 6.71 | BH82: 3 | BI82: 1 | BJ82: ФССЦ-2001, 18.2.06.03-0001, приказ Минстроя России №1039/пр от 30.12.2016г. | BM82: 17001 | BN82: 0 | BP82: 0 | BQ82: 2 | BR82: 0 | BS82: 1 | BT82: 1 | BU82: 1 | BV82: 1 | BW82: 1 | BX82: 1 | BZ82: 128 | CA82: 83 | CE82: 0 | CF82: 0 | CG82: 0 | CM82: 0 | CO82: 0 | CP82: =(P82+Q82+S82) -> 125.48 | CQ82: =AC82*BC82 -> 25.0954 | CR82: =AD82*BB82 -> 0 | CS82: =AE82*BS82 -> 0 | CT82: =AF82*BA82 -> 0 | CU82: =AG82 -> 0 | CV82: =AH82 -> 0 | CW82: =AI82 -> 0 | CX82: =AJ82 -> 0 | CY82: =(((S82+R82)*AT82)/100) -> 0 | CZ82: =(((S82+R82)*AU82)/100) -> 0 | DN82: 0 | DO82: 0 | DP82: 1 | DQ82: 1 | DU82: 1010 | DV82: шт. | DW82: шт. | DX82: 1 | EE82: 16510515 | EF82: 2 | EG82: Общестроительные работы | EH82: 0 | EJ82: 1 | EK82: 17001 | EL82: Водопровод и канализация - внутренние устройства | EM82: ФЕР-17 | EQ82: 0 | ER82: 3.74 | ES82: 3.74 | ET82: 0 | EU82: 0 | EV82: 0 | EW82: 0 | EX82: 0 | FQ82: 0 | FR82: =ROUND(IF(AND(BH82=3,BI82=3),P82,0),2) -> 0 | FS82: 0 | FT82: *0,9 | FU82: *0,85 | FX82: 115.2 | FY82: 70.55 | GD82: 0 | GF82: 2053814225 | GG82: 1 | GH82: 1 | GI82: 4 | GJ82: 0 | GK82: =ROUND(R82*(R12)/100,2) -> 0 | GL82: =ROUND(IF(AND(BH82=3,BI82=3,FS82<>0),P82,0),2) -> 0 | GM82: =ROUND(O82+X82+Y82+GK82,2)+GX82 -> 125.48 | GN82: =IF(OR(BI82=0,BI82=1),ROUND(O82+X82+Y82+GK82,2),0) -> 125.48 | GO82: =IF(BI82=2,ROUND(O82+X82+Y82+GK82,2),0) -> 0 | GP82: =IF(BI82=4,ROUND(O82+X82+Y82+GK82,2)+GX82,0) -> 0 | GR82: 0 | GS82: 0 | GT82: 0 | GV82: =ROUND((GT82),2) -> 0 | GW82: 1 | GX82: =ROUND(HC82*I82,2) -> 0 | HA82: 0 | HB82: 0 | HC82: =GV82*GW82 -> 0 | IK82: 0
A83: 17 | B83: 1 | C83: =ROW(SmtRes!A151) -> 151 | D83: =ROW(EtalonRes!A149) -> 149 | E83: 23 | F83: 56-4-1 | G83: Ремонт оконных блоков | H83: 100 ШТ | I83: =ROUND(7/100,9) -> 0.07 | J83: 0 | O83: =ROUND(CP83,2) -> 3011.25 | P83: =ROUND(CQ83*I83,2) -> 855.85 | Q83: =ROUND(CR83*I83,2) -> 4.01 | R83: =ROUND(CS83*I83,2) -> 0.71 | S83: =ROUND(CT83*I83,2) -> 2151.39 | T83: =ROUND(CU83*I83,2) -> 0 | U83: =CV83*I83 -> 35.35 | V83: =CW83*I83 -> 0.0091 | W83: =ROUND(CX83*I83,2) -> 0 | X83: =ROUND(CY83,2) -> 1764.72 | Y83: =ROUND(CZ83,2) -> 1334.3 | AA83: 16802145 | AB83: =ROUND((AC83+AD83+AF83),2) -> 6411.01 | AC83: =ROUND((ES83),2) -> 1822.12 | AD83: =ROUND((((ET83)-(EU83))+AE83),2) -> 8.54 | AE83: =ROUND((EU83),2) -> 1.51 | AF83: =ROUND((EV83),2) -> 4580.35 | AG83: =ROUND((AP83),2) -> 0 | AH83: =(EW83) -> 505 | AI83: =(EX83) -> 0.13 | AJ83: =(AS83) -> 0 | AK83: 6411.01 | AL83: 1822.12 | AM83: 8.54 | AN83: 1.51 | AO83: 4580.35 | AP83: 0 | AQ83: 505 | AR83: 0.13 | AS83: 0 | AT83: 82 | AU83: 62 | AV83: 1 | AW83: 1 | AZ83: 6.71 | BA83: 6.71 | BB83: 6.71 | BC83: 6.71 | BH83: 0 | BI83: 1 | BJ83: ФЕР-2001, 56-4-1, приказ Минстроя России №1039/пр от 30.12.2016г. | BM83: 56001 | BN83: 0 | BP83: 0 | BQ83: 6 | BR83: 0 | BS83: 6.71 | BT83: 1 | BU83: 1 | BV83: 1 | BW83: 1 | BX83: 1 | BZ83: 82 | CA83: 62 | CE83: 0 | CF83: 0 | CG83: 0 | CM83: 0 | CO83: 0 | CP83: =(P83+Q83+S83) -> 3011.25 | CQ83: =AC83*BC83 -> 12226.425 | CR83: =AD83*BB83 -> 57.3034 | CS83: =AE83*BS83 -> 10.1321 | CT83: =AF83*BA83 -> 30734.149 | CU83: =AG83 -> 0 | CV83: =AH83 -> 505 | CW83: =AI83 -> 0.13 | CX83: =AJ83 -> 0 | CY83: =(((S83+R83)*AT83)/100) -> 1764.722 | CZ83: =(((S83+R83)*AU83)/100) -> 1334.302 | DN83: 0 | DO83: 0 | DP83: 1 | DQ83: 1 | DU83: 1013 | DV83: 100 ШТ | DW83: 100 ШТ | DX83: 1 | EE83: 16510565 | EF83: 6 | EG83: Ремонтно-строительные работы | EH83: 0 | EJ83: 1 | EK83: 56001 | EL83: Проемы | EM83: рФЕР-56 | EQ83: 131072 | ER83: 6411.01 | ES83: 1822.12 | ET83: 8.54 | EU83: 1.51 | EV83: 4580.35 | EW83: 505 | EX83: 0.13 | EY83: 0 | FQ83: 0 | FR83: =ROUND(IF(AND(BH83=3,BI83=3),P83,0),2) -> 0 | FS83: 0 | FX83: 82 | FY83: 62 | GD83: 0 | GF83: -717202646 | GG83: 1 | GH83: 1 | GI83: 4 | GJ83: 0 | GK83: =ROUND(R83*(R12)/100,2) -> 0 | GL83: =ROUND(IF(AND(BH83=3,BI83=3,FS83<>0),P83,0),2) -> 0 | GM83: =ROUND(O83+X83+Y83+GK83,2)+GX83 -> 6110.27 | GN83: =IF(OR(BI83=0,BI83=1),ROUND(O83+X83+Y83+GK83,2),0) -> 6110.27 | GO83: =IF(BI83=2,ROUND(O83+X83+Y83+GK83,2),0) -> 0 | GP83: =IF(BI83=4,ROUND(O83+X83+Y83+GK83,2)+GX83,0) -> 0 | GR83: 0 | GS83: 0 | GT83: 0 | GV83: =ROUND((GT83),2) -> 0 | GW83: 1 | GX83: =ROUND(HC83*I83,2) -> 0 | HA83: 0 | HB83: 0 | HC83: =GV83*GW83 -> 0 | IK83: 0
A84: 18 | B84: 1 | C84: 146 | E84: 23,1 | F84: 01.7.19.06-0005 | G84: Прокладки уплотнительные, Д=40 мм | H84: м | I84: =I83*J84 -> 7 | J84: 100 | O84: =ROUND(CP84,2) -> 723.81 | P84: =ROUND(CQ84*I84,2) -> 723.81 | Q84: =ROUND(CR84*I84,2) -> 0 | R84: =ROUND(CS84*I84,2) -> 0 | S84: =ROUND(CT84*I84,2) -> 0 | T84: =ROUND(CU84*I84,2) -> 0 | U84: =CV84*I84 -> 0 | V84: =CW84*I84 -> 0 | W84: =ROUND(CX84*I84,2) -> 0 | X84: =ROUND(CY84,2) -> 0 | Y84: =ROUND(CZ84,2) -> 0 | AA84: 16802145 | AB84: =ROUND((AC84+AD84+AF84),2) -> 15.41 | AC84: =ROUND((ES84),2) -> 15.41 | AD84: =ROUND((((ET84)-(EU84))+AE84),2) -> 0 | AE84: =ROUND((EU84),2) -> 0 | AF84: =ROUND((EV84),2) -> 0 | AG84: =ROUND((AP84),2) -> 0 | AH84: =(EW84) -> 0 | AI84: =(EX84) -> 0 | AJ84: =(AS84) -> 0 | AK84: 15.41 | AL84: 15.41 | AM84: 0 | AN84: 0 | AO84: 0 | AP84: 0 | AQ84: 0 | AR84: 0 | AS84: 0 | AT84: 82 | AU84: 62 | AV84: 1 | AW84: 1 | AZ84: 6.71 | BA84: 1 | BB84: 1 | BC84: 6.71 | BH84: 3 | BI84: 1 | BJ84: ФССЦ-2001, 01.7.19.06-0005, приказ Минстроя России №1039/пр от 30.12.2016г. | BM84: 56001 | BN84: 0 | BP84: 0 | BQ84: 6 | BR84: 0 | BS84: 1 | BT84: 1 | BU84: 1 | BV84: 1 | BW84: 1 | BX84: 1 | BZ84: 82 | CA84: 62 | CE84: 0 | CF84: 0 | CG84: 0 | CM84: 0 | CO84: 0 | CP84: =(P84+Q84+S84) -> 723.81 | CQ84: =AC84*BC84 -> 103.4011 | CR84: =AD84*BB84 -> 0 | CS84: =AE84*BS84 -> 0 | CT84: =AF84*BA84 -> 0 | CU84: =AG84 -> 0 | CV84: =AH84 -> 0 | CW84: =AI84 -> 0 | CX84: =AJ84 -> 0 | CY84: =(((S84+R84)*AT84)/100) -> 0 | CZ84: =(((S84+R84)*AU84)/100) -> 0 | DN84: 0 | DO84: 0 | DP84: 1 | DQ84: 1 | DU84: 1003 | DV84: м | DW84: м | DX84: 1 | EE84: 16510565 | EF84: 6 | EG84: Ремонтно-строительные работы | EH84: 0 | EJ84: 1 | EK84: 56001 | EL84: Проемы | EM84: рФЕР-56 | EQ84: 0 | ER84: 15.41 | ES84: 15.41 | ET84: 0 | EU84: 0 | EV84: 0 | EW84: 0 | EX84: 0 | FQ84: 0 | FR84: =ROUND(IF(AND(BH84=3,BI84=3),P84,0),2) -> 0 | FS84: 0 | FX84: 82 | FY84: 62 | GD84: 0 | GF84: 2008626522 | GG84: 1 | GH84: 1 | GI84: 4 | GJ84: 0 | GK84: =ROUND(R84*(R12)/100,2) -> 0 | GL84: =ROUND(IF(AND(BH84=3,BI84=3,FS84<>0),P84,0),2) -> 0 | GM84: =ROUND(O84+X84+Y84+GK84,2)+GX84 -> 723.81 | GN84: =IF(OR(BI84=0,BI84=1),ROUND(O84+X84+Y84+GK84,2),0) -> 723.81 | GO84: =IF(BI84=2,ROUND(O84+X84+Y84+GK84,2),0) -> 0 | GP84: =IF(BI84=4,ROUND(O84+X84+Y84+GK84,2)+GX84,0) -> 0 | GR84: 0 | GS84: 3 | GT84: 0 | GV84: =ROUND((GT84),2) -> 0 | GW84: 1 | GX84: =ROUND(HC84*I84,2) -> 0 | HA84: 0 | HB84: 0 | HC84: =GV84*GW84 -> 0 | IK84: 0
A85: 17 | B85: 1 | C85: =ROW(SmtRes!A153) -> 153 | D85: =ROW(EtalonRes!A151) -> 151 | E85: 24 | F85: 69-15-1 | G85: Затаривание строительного мусора в мешки | H85: т | I85: 24 | J85: 0 | O85: =ROUND(CP85,2) -> 3834.37 | P85: =ROUND(CQ85*I85,2) -> 2641.06 | Q85: =ROUND(CR85*I85,2) -> 0 | R85: =ROUND(CS85*I85,2) -> 0 | S85: =ROUND(CT85*I85,2) -> 1193.31 | T85: =ROUND(CU85*I85,2) -> 0 | U85: =CV85*I85 -> 24.72 | V85: =CW85*I85 -> 0 | W85: =ROUND(CX85*I85,2) -> 0 | X85: =ROUND(CY85,2) -> 930.78 | Y85: =ROUND(CZ85,2) -> 596.66 | AA85: 16802145 | AB85: =ROUND((AC85+AD85+AF85),2) -> 23.81 | AC85: =ROUND((ES85),2) -> 16.4 | AD85: =ROUND((((ET85)-(EU85))+AE85),2) -> 0 | AE85: =ROUND((EU85),2) -> 0 | AF85: =ROUND((EV85),2) -> 7.41 | AG85: =ROUND((AP85),2) -> 0 | AH85: =(EW85) -> 1.03 | AI85: =(EX85) -> 0 | AJ85: =(AS85) -> 0 | AK85: 23.81 | AL85: 16.4 | AM85: 0 | AN85: 0 | AO85: 7.41 | AP85: 0 | AQ85: 1.03 | AR85: 0 | AS85: 0 | AT85: 78 | AU85: 50 | AV85: 1 | AW85: 1 | AZ85: 6.71 | BA85: 6.71 | BB85: 6.71 | BC85: 6.71 | BH85: 0 | BI85: 1 | BJ85: ФЕР-2001, 69-15-1, приказ Минстроя России №1039/пр от 30.12.2016г. | BM85: 69001 | BN85: 0 | BP85: 0 | BQ85: 6 | BR85: 0 | BS85: 6.71 | BT85: 1 | BU85: 1 | BV85: 1 | BW85: 1 | BX85: 1 | BZ85: 78 | CA85: 50 | CE85: 0 | CF85: 0 | CG85: 0 | CM85: 0 | CO85: 0 | CP85: =(P85+Q85+S85) -> 3834.37 | CQ85: =AC85*BC85 -> 110.044 | CR85: =AD85*BB85 -> 0 | CS85: =AE85*BS85 -> 0 | CT85: =AF85*BA85 -> 49.7211 | CU85: =AG85 -> 0 | CV85: =AH85 -> 1.03 | CW85: =AI85 -> 0 | CX85: =AJ85 -> 0 | CY85: =(((S85+R85)*AT85)/100) -> 930.7818 | CZ85: =(((S85+R85)*AU85)/100) -> 596.655 | DN85: 0 | DO85: 0 | DP85: 1 | DQ85: 1 | DU85: 1009 | DV85: т | DW85: т | DX85: 1000 | EE85: 16510614 | EF85: 6 | EG85: Ремонтно-строительные работы | EH85: 0 | EJ85: 1 | EK85: 69001 | EL85: Прочие ремонтно-строительные работы | EM85: рФЕР-69 | EQ85: 131072 | ER85: 23.81 | ES85: 16.4 | ET85: 0 | EU85: 0 | EV85: 7.41 | EW85: 1.03 | EX85: 0 | EY85: 0 | FQ85: 0 | FR85: =ROUND(IF(AND(BH85=3,BI85=3),P85,0),2) -> 0 | FS85: 0 | FX85: 78 | FY85: 50 | GD85: 0 | GF85: -1073482640 | GG85: 1 | GH85: 1 | GI85: 4 | GJ85: 0 | GK85: =ROUND(R85*(R12)/100,2) -> 0 | GL85: =ROUND(IF(AND(BH85=3,BI85=3,FS85<>0),P85,0),2) -> 0 | GM85: =ROUND(O85+X85+Y85+GK85,2)+GX85 -> 5361.81 | GN85: =IF(OR(BI85=0,BI85=1),ROUND(O85+X85+Y85+GK85,2),0) -> 5361.81 | GO85: =IF(BI85=2,ROUND(O85+X85+Y85+GK85,2),0) -> 0 | GP85: =IF(BI85=4,ROUND(O85+X85+Y85+GK85,2)+GX85,0) -> 0 | GR85: 0 | GS85: 3 | GT85: 0 | GV85: =ROUND((GT85),2) -> 0 | GW85: 1 | GX85: =ROUND(HC85*I85,2) -> 0 | HA85: 0 | HB85: 0 | HC85: =GV85*GW85 -> 0 | IK85: 0
A86: 17 | B86: 1 | E86: 25 | F86: т01-01-01-041 | G86: Погрузочные работы при автомобильных перевозках мусора строительного с погрузкой вручную | H86: 1 Т ГРУЗА | I86: 24 | J86: 0 | O86: =0 -> 0 | P86: =0 -> 0 | Q86: =0 -> 0 | R86: =0 -> 0 | S86: =0 -> 0 | T86: =0 -> 0 | U86: =0 -> 0 | V86: =0 -> 0 | ... Y86: =0 -> 0 | AA86: 16802145 | AB86: =ROUND((AK86),2) -> 42.98 | AC86: =0 -> 0 | AD86: =0 -> 0 | AE86: =0 -> 0 | AF86: =0 -> 0 | AG86: =0 -> 0 | AH86: =0 -> 0 | AI86: =0 -> 0 | AJ86: =0 -> 0 | AK86: 42.98 | AL86: 0 | AM86: 0 | AN86: 0 | AO86: 0 | AP86: 0 | AQ86: 0 | AR86: 0 | AS86: 0 | AT86: 0 | AU86: 0 | AV86: 1 | AW86: 1 | AZ86: 6.71 | BA86: 1 | BB86: 1 | BC86: 1 | BH86: 0 | BI86: 1 | BJ86: ФССЦпг-2001, т01-01-01-041, приказ Минстроя России №1039/пр от 30.12.2016г. | BM86: 700004 | BN86: 0 | BP86: 0 | BQ86: 19 | BR86: 0 | BS86: 1 | BT86: 1 | BU86: 1 | BV86: 1 | BW86: 1 | BX86: 1 | BZ86: 0 | CA86: 0 | CE86: 0 | CF86: 0 | CG86: 0 | CM86: 0 | CO86: 0 | CP86: =AB86*AZ86 -> 288.3958 | CQ86: 0 | CR86: 0 | CS86: 0 | CT86: 0 | CU86: 0 | CV86: 0 | CW86: 0 | CX86: 0 | CY86: 0 | CZ86: 0 | DN86: 0 | DO86: 0 | DP86: 1 | DQ86: 1 | DU86: 1013 | DV86: 1 Т ГРУЗА | DW86: 1 Т ГРУЗА | DX86: 1 | EE86: 16510675 | EF86: 19 | EG86: Погрузочно-разгрузочные работы | EH86: 0 | EJ86: 1 | EK86: 700004 | EL86: Перевозка грузов , (ФССЦпр 2011-изм. № 4-6, раздел 1): погрузочно-разгрузочные работы (НР и СП в прям. затратах ) | EM86: ФССЦпр пог. а/п (2011,изм. 4-6) | EQ86: 131072 | ER86: 0 | ES86: 0 | ET86: 0 | EU86: 0 | EV86: 0 | EW86: 0 | EX86: 0 | EY86: 0 | FQ86: 0 | FR86: =ROUND(IF(AND(BH86=3,BI86=3),P86,0),2) -> 0 | FS86: 0 | FX86: 0 | FY86: 0 | GD86: 0 | GF86: 811861299 | GG86: 1 | GH86: 1 | GI86: 4 | GJ86: 2 | GK86: =ROUND(R86*(R12)/100,2) -> 0 | GL86: =ROUND(IF(AND(BH86=3,BI86=3,FS86<>0),P86,0),2) -> 0 | GM86: =ROUND(CP86*I86,2) -> 6921.5 | GN86: =IF(OR(BI86=0,BI86=1),ROUND(CP86*I86,2),0) -> 6921.5 | GO86: =IF(BI86=2,ROUND(CP86*I86,2),0) -> 0 | GP86: =IF(BI86=4,ROUND(CP86*I86,2)+GX86,0) -> 0 | GR86: 0 | GS86: 3 | GT86: 0 | GV86: =0 -> 0 | GW86: 1 | GX86: =0 -> 0 | HA86: 0 | HB86: 0 | HC86: 0 | IK86: 0
A87: 17 | B87: 1 | E87: 26 | F87: т03-01-01-035 | G87: Перевозка грузов I класса автомобилями бортовыми грузоподъемностью до 15 т на расстояние до 35 км | H87: 1 Т ГРУЗА | I87: 24 | J87: 0 | O87: =0 -> 0 | P87: =0 -> 0 | Q87: =0 -> 0 | R87: =0 -> 0 | S87: =0 -> 0 | T87: =0 -> 0 | U87: =0 -> 0 | V87: =0 -> 0 | ... Y87: =0 -> 0 | AA87: 16802145 | AB87: =ROUND((AK87),2) -> 19.54 | AC87: =0 -> 0 | AD87: =0 -> 0 | AE87: =0 -> 0 | AF87: =0 -> 0 | AG87: =0 -> 0 | AH87: =0 -> 0 | AI87: =0 -> 0 | AJ87: =0 -> 0 | AK87: 19.54 | AL87: 0 | AM87: 0 | AN87: 0 | AO87: 0 | AP87: 0 | AQ87: 0 | AR87: 0 | AS87: 0 | AT87: 0 | AU87: 0 | AV87: 1 | AW87: 1 | AZ87: 6.71 | BA87: 1 | BB87: 1 | BC87: 1 | BH87: 0 | BI87: 1 | BJ87: ФССЦпг-2001, т03-01-01-035, приказ Минстроя России №1039/пр от 30.12.2016г. | BM87: 700005 | BN87: 0 | BP87: 0 | BQ87: 10 | BR87: 0 | BS87: 1 | BT87: 1 | BU87: 1 | BV87: 1 | BW87: 1 | BX87: 1 | BZ87: 0 | CA87: 0 | CE87: 0 | CF87: 0 | CG87: 0 | CM87: 0 | CO87: 0 | CP87: =AB87*AZ87 -> 131.1134 | CQ87: 0 | CR87: 0 | CS87: 0 | CT87: 0 | CU87: 0 | CV87: 0 | CW87: 0 | CX87: 0 | CY87: 0 | CZ87: 0 | DN87: 0 | DO87: 0 | DP87: 1 | DQ87: 1 | DU87: 1013 | DV87: 1 Т ГРУЗА | DW87: 1 Т ГРУЗА | DX87: 1 | EE87: 16510679 | EF87: 10 | EG87: Перевозка грузов авто/транспортом | EH87: 0 | EJ87: 1 | EK87: 700005 | EL87: Перевозкуа грузов (ФССЦпр-2011 - изм. 7, разделы 1-4) - по сметной стоимости | EM87: ФССЦпр , изм. 7 | EQ87: 131072 | ER87: 0 | ES87: 0 | ET87: 0 | EU87: 0 | EV87: 0 | EW87: 0 | EX87: 0 | EY87: 0 | FQ87: 0 | FR87: =ROUND(IF(AND(BH87=3,BI87=3),P87,0),2) -> 0 | FS87: 0 | FX87: 0 | FY87: 0 | GD87: 0 | GF87: -587392605 | GG87: 1 | GH87: 1 | GI87: 4 | GJ87: 2 | GK87: =ROUND(R87*(R12)/100,2) -> 0 | GL87: =ROUND(IF(AND(BH87=3,BI87=3,FS87<>0),P87,0),2) -> 0 | GM87: =ROUND(CP87*I87,2) -> 3146.72 | GN87: =IF(OR(BI87=0,BI87=1),ROUND(CP87*I87,2),0) -> 3146.72 | GO87: =IF(BI87=2,ROUND(CP87*I87,2),0) -> 0 | GP87: =IF(BI87=4,ROUND(CP87*I87,2)+GX87,0) -> 0 | GR87: 0 | GS87: 3 | GT87: 0 | GV87: =0 -> 0 | GW87: 1 | GX87: =0 -> 0 | HA87: 0 | HB87: 0 | HC87: 0 | IK87: 0
A89: 51 | B89: =B24 -> 1 | C89: =A24 -> 4 | D89: =ROW(A24) -> 24 | F89: =IF(F24<>"",F24,"") -> Новый раздел | G89: =IF(G24<>"",G24,"") -> 1 Общестроительные работы | H89: 0 | O89: =ROUND(AB89,2) -> 877709.7 | P89: =ROUND(AC89,2) -> 807203.22 | Q89: =ROUND(AD89,2) -> 8227.81 | R89: =ROUND(AE89,2) -> 1776.73 | S89: =ROUND(AF89,2) -> 62278.67 | T89: =ROUND(AG89,2) -> 0 | U89: =AH89 -> 1058.9987 | V89: =AI89 -> 22.235388 | W89: =ROUND(AJ89,2) -> 0 | X89: =ROUND(AK89,2) -> 60701.74 | Y89: =ROUND(AL89,2) -> 33937.53 | AB89: =ROUND(SUMIF(AA28:AA87,"=16802145",O28:O87),2) -> 877709.7 | AC89: =ROUND(SUMIF(AA28:AA87,"=16802145",P28:P87),2) -> 807203.22 | AD89: =ROUND(SUMIF(AA28:AA87,"=16802145",Q28:Q87),2) -> 8227.81 | AE89: =ROUND(SUMIF(AA28:AA87,"=16802145",R28:R87),2) -> 1776.73 | AF89: =ROUND(SUMIF(AA28:AA87,"=16802145",S28:S87),2) -> 62278.67 | AG89: =ROUND(SUMIF(AA28:AA87,"=16802145",T28:T87),2) -> 0 | AH89: =SUMIF(AA28:AA87,"=16802145",U28:U87) -> 1058.9987 | AI89: =SUMIF(AA28:AA87,"=16802145",V28:V87) -> 22.235388 | AJ89: =ROUND(SUMIF(AA28:AA87,"=16802145",W28:W87),2) -> 0 | AK89: =ROUND(SUMIF(AA28:AA87,"=16802145",X28:X87),2) -> 60701.74 | AL89: =ROUND(SUMIF(AA28:AA87,"=16802145",Y28:Y87),2) -> 33937.53 | AO89: =ROUND(BX89,2) -> 0 | AP89: =ROUND(BY89,2) -> 0 | AQ89: =ROUND(BZ89,2) -> 0 | AR89: =ROUND(CA89,2) -> 982417.19 | AS89: =ROUND(CB89,2) -> 982417.19 | AT89: =ROUND(CC89,2) -> 0 | AU89: =ROUND(CD89,2) -> 0 | AV89: =ROUND(CE89,2) -> 807203.22 | ... BC89: =ROUND(CL89,2) -> 0 | BX89: =ROUND(SUMIF(AA28:AA87,"=16802145",FQ28:FQ87),2) -> 0 | BY89: =ROUND(SUMIF(AA28:AA87,"=16802145",FR28:FR87),2) -> 0 | BZ89: =ROUND(SUMIF(AA28:AA87,"=16802145",GL28:GL87),2) -> 0 | CA89: =ROUND(SUMIF(AA28:AA87,"=16802145",GM28:GM87),2) -> 982417.19 | CB89: =ROUND(SUMIF(AA28:AA87,"=16802145",GN28:GN87),2) -> 982417.19 | CC89: =ROUND(SUMIF(AA28:AA87,"=16802145",GO28:GO87),2) -> 0 | CD89: =ROUND(SUMIF(AA28:AA87,"=16802145",GP28:GP87),2) -> 0 | CE89: =AC89-BX89 -> 807203.22 | CF89: =AC89-BY89 -> 807203.22 | CG89: =BX89-BZ89 -> 0 | CH89: =AC89-BX89-BY89+BZ89 -> 807203.22 | CI89: =BY89-BZ89 -> 0 | CJ89: =ROUND(SUMIF(AA28:AA87,"=16802145",GX28:GX87),2) -> 0 | CK89: =ROUND(SUMIF(AA28:AA87,"=16802145",GY28:GY87),2) -> 0 | CL89: =ROUND(SUMIF(AA28:AA87,"=16802145",GZ28:GZ87),2) -> 0 | GX89: 0
A91: 50 | B91: 0 | C91: 0 | D91: 1 | E91: 201 | F91: =ROUND(Source!O89,O91) -> 877709.7 | G91: ПЗ | H91: Прямые затраты | K91: 201 | L91: 1 | M91: 3 | O91: 2
A92: 50 | B92: 0 | C92: 0 | D92: 1 | E92: 202 | F92: =ROUND(Source!P89,O92) -> 807203.22 | G92: СтМатОб | H92: Стоимость материальных ресурсов (всего) | K92: 202 | L92: 2 | M92: 3 | O92: 2
A93: 50 | B93: 0 | C93: 0 | D93: 1 | E93: 222 | F93: =ROUND(Source!AO89,O93) -> 0 | G93: СтМатОбЗак | H93: Стоимость материалов и оборудования заказчика | K93: 222 | L93: 3 | M93: 3 | O93: 2
A94: 50 | B94: 0 | C94: 0 | D94: 1 | E94: 225 | F94: =ROUND(Source!AV89,O94) -> 807203.22 | G94: СтМатОбПод | H94: Стоимость материалов и оборудования подрядчика | K94: 225 | L94: 4 | M94: 3 | O94: 2
A95: 50 | B95: 0 | C95: 0 | D95: 1 | E95: 226 | F95: =ROUND(Source!AW89,O95) -> 807203.22 | G95: СтМат | H95: Стоимость материалов (всего) | K95: 226 | L95: 5 | M95: 3 | O95: 2
A96: 50 | B96: 0 | C96: 0 | D96: 1 | E96: 227 | F96: =ROUND(Source!AX89,O96) -> 0 | G96: СтМатЗак | H96: Стоимость материалов заказчика | K96: 227 | L96: 6 | M96: 3 | O96: 2
A97: 50 | B97: 0 | C97: 0 | D97: 1 | E97: 228 | F97: =ROUND(Source!AY89,O97) -> 807203.22 | G97: СтМатПод | H97: Стоимость материалов подрядчика | K97: 228 | L97: 7 | M97: 3 | O97: 2
A98: 50 | B98: 0 | C98: 0 | D98: 1 | E98: 216 | F98: =ROUND(Source!AP89,O98) -> 0 | G98: Оборуд | H98: Стоимость оборудования (всего) | K98: 216 | L98: 8 | M98: 3 | O98: 2
A99: 50 | B99: 0 | C99: 0 | D99: 1 | E99: 223 | F99: =ROUND(Source!AQ89,O99) -> 0 | G99: ОборудЗак | H99: Стоимость оборудования заказчика | K99: 223 | L99: 9 | M99: 3 | O99: 2
A100: 50 | B100: 0 | C100: 0 | D100: 1 | E100: 229 | F100: =ROUND(Source!AZ89,O100) -> 0 | G100: ОборудПод | H100: Стоимость оборудования подрядчика | K100: 229 | L100: 10 | M100: 3 | O100: 2
A101: 50 | B101: 0 | C101: 0 | D101: 1 | E101: 203 | F101: =ROUND(Source!Q89,O101) -> 8227.81 | G101: ЭММ | H101: Эксплуатация машин | K101: 203 | L101: 11 | M101: 3 | O101: 2
A102: 50 | B102: 0 | C102: 0 | D102: 1 | E102: 231 | F102: =ROUND(Source!BB89,O102) -> 0 | G102: ЭММсНРиСП | H102: Эксплуатация машин по ТСН-2001.16 | K102: 231 | L102: 12 | M102: 3 | O102: 2
A103: 50 | B103: 0 | C103: 0 | D103: 1 | E103: 204 | F103: =ROUND(Source!R89,O103) -> 1776.73 | G103: ЗПМ | H103: ЗП машинистов | K103: 204 | L103: 13 | M103: 3 | O103: 2
A104: 50 | B104: 0 | C104: 0 | D104: 1 | E104: 205 | F104: =ROUND(Source!S89,O104) -> 62278.67 | G104: ОЗП | H104: Основная ЗП рабочих | K104: 205 | L104: 14 | M104: 3 | O104: 2
A105: 50 | B105: 0 | C105: 0 | D105: 1 | E105: 232 | F105: =ROUND(Source!BC89,O105) -> 0 | G105: ОЗПсНРиСП | H105: Основная ЗП рабочих по ТСН-2001.16 | K105: 232 | L105: 15 | M105: 3 | O105: 2
A106: 50 | B106: 0 | C106: 0 | D106: 1 | E106: 214 | F106: =ROUND(Source!AS89,O106) -> 982417.19 | G106: Строит | H106: Строительные работы с НР и СП | K106: 214 | L106: 16 | M106: 3 | O106: 2
A107: 50 | B107: 0 | C107: 0 | D107: 1 | E107: 215 | F107: =ROUND(Source!AT89,O107) -> 0 | G107: Монтаж | H107: Монтажные работы с НР и СП | K107: 215 | L107: 17 | M107: 3 | O107: 2
A108: 50 | B108: 0 | C108: 0 | D108: 1 | E108: 217 | F108: =ROUND(Source!AU89,O108) -> 0 | G108: Прочие | H108: Прочие работы с НР и СП | K108: 217 | L108: 18 | M108: 3 | O108: 2
A109: 50 | B109: 0 | C109: 0 | D109: 1 | E109: 230 | F109: =ROUND(Source!BA89,O109) -> 0 | G109: ПрочиеЗатр | H109: Прочие затраты по ТСН-2001.16 | K109: 230 | L109: 19 | M109: 3 | O109: 2
A110: 50 | B110: 0 | C110: 0 | D110: 1 | E110: 206 | F110: =ROUND(Source!T89,O110) -> 0 | G110: ВозврМат | H110: Возврат материалов | K110: 206 | L110: 20 | M110: 3 | O110: 2
A111: 50 | B111: 0 | C111: 0 | D111: 1 | E111: 207 | F111: =Source!U89 -> 1058.9987 | G111: ТрудСтр | H111: Трудозатраты строителей | K111: 207 | L111: 21 | M111: 3 | O111: -1
A112: 50 | B112: 0 | C112: 0 | D112: 1 | E112: 208 | F112: =Source!V89 -> 22.235388 | G112: ТрудМаш | H112: Трудозатраты машинистов | K112: 208 | L112: 22 | M112: 3 | O112: -1
A113: 50 | B113: 0 | C113: 0 | D113: 1 | E113: 209 | F113: =ROUND(Source!W89,O113) -> 0 | G113: ТранспМат | H113: Транспорт материалов | K113: 209 | L113: 23 | M113: 3 | O113: 2
A114: 50 | B114: 0 | C114: 0 | D114: 1 | E114: 210 | F114: =ROUND(Source!X89,O114) -> 60701.74 | G114: НР | H114: Накладные расходы | K114: 210 | L114: 24 | M114: 3 | O114: 2
A115: 50 | B115: 0 | C115: 0 | D115: 1 | E115: 211 | F115: =ROUND(Source!Y89,O115) -> 33937.53 | G115: СмПриб | H115: Сметная прибыль | K115: 211 | L115: 25 | M115: 3 | O115: 2
A116: 50 | B116: 0 | C116: 0 | D116: 1 | E116: 224 | F116: =ROUND(Source!AR89,O116) -> 982417.19 | G116: Всего | H116: Всего с НР и СП | K116: 224 | L116: 26 | M116: 3 | O116: 2
A118: 4 | B118: 1 | D118: =ROW(A133) -> 133 | F118: Новый раздел | G118: 2 Сантехнические работы | I118: 0 | K118: 0 | V118: 0 | BX118: 0 | CJ118: 0
A120: 52 | B120: =B133 -> 1 | C120: =C133 -> 4 | D120: =D133 -> 118 | E120: =E133 -> 0 | F120: =F133 -> Новый раздел | G120: =G133 -> 2 Сантехнические работы | O120: =O133 -> 186991.75 | P120: =P133 -> 180798.06 | Q120: =Q133 -> 1125.23 | R120: =R133 -> 118.32 | S120: =S133 -> 5068.46 | T120: =T133 -> 0 | U120: =U133 -> 86.023008 | V120: =V133 -> 1.401664 | ... GX120: =GX133 -> 0
A122: 17 | B122: 1 | C122: =ROW(SmtRes!A156) -> 156 | D122: =ROW(EtalonRes!A154) -> 154 | E122: 27 | F122: 65-19-1 | G122: Демонтаж радиаторов весом до 80 кг | H122: 100 ШТ | I122: =ROUND(16/100,9) -> 0.16 | J122: 0 | O122: =ROUND(CP122,2) -> 1004.59 | P122: =ROUND(CQ122*I122,2) -> 0 | Q122: =ROUND(CR122*I122,2) -> 75.17 | R122: =ROUND(CS122*I122,2) -> 32.47 | S122: =ROUND(CT122*I122,2) -> 929.42 | T122: =ROUND(CU122*I122,2) -> 0 | U122: =CV122*I122 -> 17.6 | V122: =CW122*I122 -> 0.3584 | W122: =ROUND(CX122*I122,2) -> 0 | X122: =ROUND(CY122,2) -> 711.8 | Y122: =ROUND(CZ122,2) -> 480.95 | AA122: 16802145 | AB122: =ROUND((AC122+AD122+AF122),2) -> 935.72 | AC122: =ROUND((ES122),2) -> 0 | AD122: =ROUND((((ET122)-(EU122))+AE122),2) -> 70.02 | AE122: =ROUND((EU122),2) -> 30.24 | AF122: =ROUND((EV122),2) -> 865.7 | AG122: =ROUND((AP122),2) -> 0 | AH122: =(EW122) -> 110 | AI122: =(EX122) -> 2.24 | AJ122: =(AS122) -> 0 | AK122: 935.72 | AL122: 0 | AM122: 70.02 | AN122: 30.24 | AO122: 865.7 | AP122: 0 | AQ122: 110 | AR122: 2.24 | AS122: 0 | AT122: 74 | AU122: 50 | AV122: 1 | AW122: 1 | AZ122: 6.71 | BA122: 6.71 | BB122: 6.71 | BC122: 6.71 | BH122: 0 | BI122: 1 | BJ122: ФЕР-2001, 65-19-1, приказ Минстроя России №1039/пр от 30.12.2016г. | BM122: 65003 | BN122: 0 | BP122: 0 | BQ122: 6 | BR122: 0 | BS122: 6.71 | BT122: 1 | BU122: 1 | BV122: 1 | BW122: 1 | BX122: 1 | BZ122: 74 | CA122: 50 | CE122: 0 | CF122: 0 | CG122: 0 | CM122: 0 | CO122: 0 | CP122: =(P122+Q122+S122) -> 1004.59 | CQ122: =AC122*BC122 -> 0 | CR122: =AD122*BB122 -> 469.8342 | CS122: =AE122*BS122 -> 202.9104 | CT122: =AF122*BA122 -> 5808.847 | CU122: =AG122 -> 0 | CV122: =AH122 -> 110 | CW122: =AI122 -> 2.24 | CX122: =AJ122 -> 0 | CY122: =(((S122+R122)*AT122)/100) -> 711.7986 | CZ122: =(((S122+R122)*AU122)/100) -> 480.945 | DN122: 0 | DO122: 0 | DP122: 1 | DQ122: 1 | DU122: 1013 | DV122: 100 ШТ | DW122: 100 ШТ | DX122: 1 | EE122: 16510578 | EF122: 6 | EG122: Ремонтно-строительные работы | EH122: 0 | EJ122: 1 | EK122: 65003 | EL122: Внтуренниие с/техработы: демонтаж, разборка, промывка | EM122: рФЕР-65 | EQ122: 131072 | ER122: 935.72 | ES122: 0 | ET122: 70.02 | EU122: 30.24 | EV122: 865.7 | EW122: 110 | EX122: 2.24 | EY122: 0 | FQ122: 0 | FR122: =ROUND(IF(AND(BH122=3,BI122=3),P122,0),2) -> 0 | FS122: 0 | FX122: 74 | FY122: 50 | GD122: 0 | GF122: -741186539 | GG122: 1 | GH122: 1 | GI122: 4 | GJ122: 0 | GK122: =ROUND(R122*(R12)/100,2) -> 0 | GL122: =ROUND(IF(AND(BH122=3,BI122=3,FS122<>0),P122,0),2) -> 0 | GM122: =ROUND(O122+X122+Y122+GK122,2)+GX122 -> 2197.34 | GN122: =IF(OR(BI122=0,BI122=1),ROUND(O122+X122+Y122+GK122,2),0) -> 2197.34 | GO122: =IF(BI122=2,ROUND(O122+X122+Y122+GK122,2),0) -> 0 | GP122: =IF(BI122=4,ROUND(O122+X122+Y122+GK122,2)+GX122,0) -> 0 | GR122: 0 | GS122: 0 | GT122: 0 | GV122: =ROUND((GT122),2) -> 0 | GW122: 1 | GX122: =ROUND(HC122*I122,2) -> 0 | HA122: 0 | HB122: 0 | HC122: =GV122*GW122 -> 0 | IK122: 0
